Workbook

Sheet Equity
A1: Dashboard as on 31/5/2025
A2: Scheme Name | B2: LIC MF Flexi Cap Fund | H2: LIC MF Large Cap Fund | N2: LIC MF Large & Mid Cap Fund | T2: LIC MF Banking & Financial Services Fund | Z2: LIC MF Infrastructure Fund | AF2: LIC MF Manufacturing Fund | AL2: LIC MF ELSS Tax Saver | AR2: LIC MF Multi Cap Fund | AX2: LIC MF Dividend Yield Fund | BD2: LIC MF Focused Fund | BJ2: LIC MF Midcap Fund | BP2: LIC MF Healthcare Fund | BV2: LIC MF Small Cap Fund | CB2: LIC MF Value Fund | CH2: LIC MF Unit Linked Insurance Scheme
A3: SEBI Code | B3: LICM/O/E/FCF/93/01/0002 | H3: LICM/O/E/LCF/94/07/0003 | N3: LICM/O/E/LMF/14/12/0016 | T3: LICM/O/E/SEC/15/01/0017 | Z3: LICM/O/E/THE/07/11/0014 | AF3: LICM/O/E/THE/24/09/0029 | AL3: LICM/O/E/ELS/97/01/0004 | AR3: LICM/O/E/MCF/22/07/0027 | AX3: LICM/O/E/DYF/18/09/0021 | BD3: LICM/O/E/FOC/17/09/0018 | BJ3: LICM/O/E/MIF/16/12/0016 | BP3: LICM/O/E/SEC/18/09/0022 | BV3: LICM/O/E/SCF/17/05/0017 | CB3: LICM/O/E/VAF/18/06/0020 | CH3: -
A4: Date of Allotment - Regular | B4: 15.04.1993 | H4: 01.09.1994 | N4: 25.02.2015 | T4: 27.03.2015 | Z4: 24.03.2008 | AF4: 11.10.2024 | AL4: 31.03.1997 | AR4: 31.10.2022 | AX4: 21.12.2018 | BD4: 17.11.2017 | BJ4: 25.01.2017 | BP4: 28.02.2019 | BV4: 21.06.2017 | CB4: 20.08.2018 | CH4: 19.06.1989
A5: Date of Allotment - Direct | B5: 01.01.2013 | H5: 01.01.2013 | N5: 25.02.2015 | T5: 27.03.2015 | Z5: 01.01.2013 | AF5: 11.10.2024 | AL5: 01.01.2013 | AR5: 31.10.2022 | AX5: 21.12.2018 | BD5: 17.11.2017 | BJ5: 25.01.2017 | BP5: 28.02.2019 | BV5: 21.06.2017 | CB5: 20.08.2018 | CH5: 01.01.2013
A7: AUM (in Rs. crore) | B7: 979.6 | H7: 1468.58 | N7: 3055.2 | T7: 273.27 | Z7: 1004.78 | AF7: 873.54 | AL7: 1113.04 | AR7: 1568.53 | AX7: 559.85 | BD7: 140.33 | BJ7: 334.51 | BP7: 84.19 | BV7: 575.56 | CB7: 164.56 | CH7: 493.17
A10: Investment Objective | B10: The main investment objective of the scheme is to provide capital growth by investing across Large, Mid & Small Cap stocks. The investment portfolio of the scheme will be constantly monitored and reviewed to optimise capital growth. There is no assurance that the investment objective of the Scheme will be achieved. | H10: To achieve long term capital appreciation by investing in diversified portfolio predominantly consisting of equity and equity related securities of Large Cap companies including derivatives. There is no assurance that the investment objective of the Scheme will be achieved. | N10: To generate long term capital appreciation by investing substantially in a portfolio of equity and equity linked instruments of large cap and midcap companies. There is no assurance that the investment objective of the Scheme will be achieved. | T10: The investment objective of the scheme is to generate long-term capital appreciation for unit holders from a portfolio that is invested substantially in equity and equity related securities of companies engaged in banking and financial services sector. There is no assurance that the investment objective of the Scheme will be achieved. | Z10: The investment objective of the scheme is to generate longterm growth from a portfolio of equity / equity related instruments of companies engaged either directly or indirectly in the infrastructure sector. There is no assurance that the investment objective of the Scheme will be achieved. | AF10: The investment objective of the scheme is to achieve long term capital appreciation by predominantly investing in equity and equity related instruments of companies following manufacturing theme. There is no assurance that the investment objective of the scheme will be achieved. | AL10: To provide capital growth along with tax rebate and tax relief to our investors through prudent investments in the stock markets. An open-ended equity linked tax saving Scheme which offers investors the opportunity to seek Tax rebate u/s 80C of the Income Tax Act 1961. There is no assurance that the investment objective of the Scheme will be achieved. | AR10: The investment objective of the scheme is to generate longterm capital appreciation by investing in a diversified portfolio of equity & equity related instruments across large cap, mid cap and small cap stocks. There is no assurance that the investment objective of the Scheme will be achieved. | AX10: The Investment objective of the Scheme is to provide long term capital appreciation and/or Income Distribution cum Capital Withdrawal (IDCW) distribution by investing predominantly in dividend yielding equity and equity related instruments. There is no assurance that the investment objective of the Scheme will be achieved. | BD10: The investment objective of the Scheme is to generate long term capital appreciation by investing in a concentrated portfolio of equity and equity related instruments of up to 30 companies across market capitalisation. There is no assurance or guarantee that the objective of the Scheme would be achieved. | BJ10: To provide investors with the opportunities for long-term capital appreciation by investing predominantly in Equity and Equity related instruments of Midcap Companies. There is no assurance that the investment objective of the Scheme will be achieved. | BP10: The objective of the Scheme is to achieve long term capital appreciation by predominantly investing in equity and equity related instruments of companies engaged in Healthcare and Allied sectors. There is no assurance that the investment objective of the Scheme will be achieved. | BV10: The Investment objective of the scheme is to provide investors with the opportunities for long-term capital appreciation by investing predominantly in Equity and Equity related instruments of Small Cap Companies. There is no assurance that the investment objective of the Scheme will be achieved. | CB10: The Investment Objective of the Scheme is to generate longterm capital appreciation along with regular income by investing predominantly in equity and equity related instruments by following value investing strategy. There is no assurance that the investment objective of the Scheme will be achieved. | CH10: An open ended scheme which seeks to generate long term capital appreciation and offer Tax benefits u/s 80C of the Income Tax Act as well as additional benefit of a life cover. There is no assurance that the investment objective of the Scheme will be achieved.
A12: Fund Manager | B12: Mr. Nikhil Rungta (Equity - managing since 01/07/24) & Mr. Jaiprakash Toshniwal (Equity - managing since 31/07/23) | H12: Mr. Nikhil Rungta (Equity - managing since 01/07/24) & Mr. Sumit Bhatnagar (Equity - managing since 03/10/23) | N12: Mr. Yogesh Patil (Equity - managing since 18/09/20) & Mr. Dikshit Mittal (Equity - managing since 01/06/23) | T12: Mr. Jaiprakash Toshniwal (Equity - managing since 06/09/21) | Z12: Mr. Yogesh Patil (Equity - managing since 18/09/20) & Mr. Mahesh Bendre (Equity - managing since 01/07/24) | AF12: Mr. Yogesh Patil (Equity - managing since 11/10/24) & Mr. Mahesh Bendre (Equity - managing since 11/10/24) | AL12: Mr. Yogesh Patil (Equity - managing since 01/07/24) & Mr. Dikshit Mittal (Equity - managing since 31/07/23) | AR12: Mr. Dikshit Mittal (Equity - managing since 01/12/22 ) & Mr. Yogesh Patil (Equity - managing since 31/10/22) | AX12: Mr. Dikshit Mittal (Equity - managing since 31/07/23) & Mr. Karan Doshi (Equity - managing since 01/07/24) | BD12: Mr. Jaiprakash Toshniwal (Equity - managing since 31/07/23) & Mr. Sumit Bhatnagar (Equity -, managing since 01/07/24) | BJ12: Mr. Karan Doshi (Equity - managing since 31/07/23) & Mr. Dikshit Mittal (Equity - managing since 31/07/23) | BP12: Mr. Karan Doshi (Equity - managing since 31/07/23) | BV12: Mr. Nikhil Rungta (Equity - managing since 01/07/24) & Mr. Mahesh Bendre (Equity - managing since 01/07/24) | CB12: Mr. Nikhil Rungta (Equity - managing since 01/07/24) & Mr. Mahesh Bendre (Equity - managing since 01/07/24) | CH12: Mr. Dikshit Mittal (Equity - managing since 06/09/21) / Mr. Karan Doshi (Equity - managing since 01/07/24) & Mr. Pratik Harish Shroff (Debt - managing since 26/09/23)
A14: Annual Portfolio Turnover Ratio (in times) | B14: 1.056706 | H14: 0.921983 | N14: 0.433329 | T14: 0.511103 | Z14: 0.445981 | AF14: NA | AL14: 0.139766 | AR14: 0.314558 | AX14: 0.614485 | BD14: 1.255612 | BJ14: 0.57278 | BP14: 0.443966 | BV14: 0.884332 | CB14: 1.418626 | CH14: 0.103301
A16: Total Expense Ratio
B17: Regular | E17: Direct | H17: Regular | K17: Direct | N17: Regular | Q17: Direct | T17: Regular | W17: Direct | Z17: Regular | AC17: Direct | AF17: Regular | AI17: Direct | AL17: Regular | AO17: Direct | AR17: Regular | AU17: Direct | AX17: Regular | BA17: Direct | BD17: Regular | BG17: Direct | BJ17: Regular | BM17: Direct | BP17: Regular | BS17: Direct | BV17: Regular | BY17: Direct | CB17: Regular | CE17: Direct | CH17: Regular | CK17: Direct
A18: Base TER (%)@ | B18: 2.07 | E18: 1.05 | H18: 1.96 | K18: 0.85 | N18: 1.8 | Q18: 0.49 | T18: 2.25 | W18: 0.88 | Z18: 2.06 | AC18: 0.43 | AF18: 2.11 | AI18: 0.35 | AL18: 2.03 | AO18: 0.86 | AR18: 1.95 | AU18: 0.44 | AX18: 2.22 | BA18: 0.54 | BD18: 2.25 | BG18: 1.35 | BJ18: 2.25 | BM18: 1.1 | BP18: 2.25 | BS18: 1.02 | BV18: 2.22 | BY18: 0.76 | CB18: 2.25 | CE18: 0.8 | CH18: 2.25 | CK18: 1.18
A19: Additional expense as per Regulation 52(6A)(b) (%)# | B19: 0 | E19: 0 | H19: 0 | K19: 0 | N19: 0 | Q19: 0 | T19: 0 | W19: 0 | Z19: 0 | AC19: 0 | AF19: 0 | AI19: 0 | AL19: 0 | AO19: 0 | AR19: 0 | AU19: 0 | AX19: 0 | BA19: 0 | BD19: 0 | BG19: 0 | BJ19: 0 | BM19: 0 | BP19: 0 | BS19: 0 | BV19: 0 | BY19: 0 | CB19: 0 | CE19: 0 | CH19: 0 | CK19: 0
A20: Additional expense as per Regulation 52(6A)(c) (%)$ | B20: 0.05 | E20: 0.05 | H20: 0.05 | K20: 0.05 | N20: 0.05 | Q20: 0.05 | T20: 0.05 | W20: 0.05 | Z20: 0.05 | AC20: 0.05 | AF20: 0.05 | AI20: 0.05 | AL20: 0 | AO20: 0 | AR20: 0.05 | AU20: 0.05 | AX20: 0.05 | BA20: 0.05 | BD20: 0.05 | BG20: 0.05 | BJ20: 0.05 | BM20: 0.05 | BP20: 0.05 | BS20: 0.05 | BV20: 0.05 | BY20: 0.05 | CB20: 0.05 | CE20: 0.05 | CH20: 0 | CK20: 0
A21: GST (%)^ | B21: 0.16 | E21: 0.16 | H21: 0.11 | K21: 0.11 | N21: 0.06 | Q21: 0.06 | T21: 0.12 | W21: 0.12 | Z21: 0.05 | AC21: 0.05 | AF21: 0.05 | AI21: 0.05 | AL21: 0.12 | AO21: 0.11 | AR21: 0.04 | AU21: 0.04 | AX21: 0.08 | BA21: 0.07 | BD21: 0.22 | BG21: 0.21 | BJ21: 0.18 | BM21: 0.18 | BP21: 0.15 | BS21: 0.15 | BV21: 0.11 | BY21: 0.11 | CB21: 0.11 | CE21: 0.11 | CH21: 0.12 | CK21: 0.11
A22: Total TER (%) | B22: =SUM(B18:D21) -> 2.28 | E22: =SUM(E18:G21) -> 1.26 | H22: =SUM(H18:J21) -> 2.12 | K22: =SUM(K18:M21) -> 1.01 | N22: =SUM(N18:P21) -> 1.91 | Q22: =SUM(Q18:S21) -> 0.6 | T22: =SUM(T18:V21) -> 2.42 | W22: =SUM(W18:Y21) -> 1.05 | Z22: =SUM(Z18:AB21) -> 2.16 | AC22: =SUM(AC18:AE21) -> 0.53 | AF22: =SUM(AF18:AH21) -> 2.21 | AI22: =SUM(AI18:AK21) -> 0.45 | AL22: =SUM(AL18:AN21) -> 2.15 | AO22: =SUM(AO18:AQ21) -> 0.97 | AR22: =SUM(AR18:AT21) -> 2.04 | AU22: =SUM(AU18:AW21) -> 0.53 | AX22: =SUM(AX18:AZ21) -> 2.35 | BA22: =SUM(BA18:BC21) -> 0.66 | BD22: =SUM(BD18:BF21) -> 2.52 | BG22: =SUM(BG18:BI21) -> 1.61 | BJ22: =SUM(BJ18:BL21) -> 2.48 | BM22: =SUM(BM18:BO21) -> 1.33 | BP22: =SUM(BP18:BR21) -> 2.45 | BS22: =SUM(BS18:BU21) -> 1.22 | BV22: =SUM(BV18:BX21) -> 2.38 | BY22: =SUM(BY18:CA21) -> 0.92 | CB22: =SUM(CB18:CD21) -> 2.41 | CE22: =SUM(CE18:CG21) -> 0.96 | CH22: =SUM(CH18:CJ21) -> 2.37 | CK22: =SUM(CK18:CM21) -> 1.29
A24: Portfolio (Top 10 Holdings) | B24: Name of the issuer | E24: % of Net Assets | H24: Name of the issuer | K24: % of Net Assets | N24: Name of the issuer | Q24: % of Net Assets | T24: Name of the issuer | W24: % of Net Assets | Z24: Name of the issuer | AC24: % of Net Assets | AF24: Name of the issuer | AI24: % of Net Assets | AL24: Name of the issuer | AO24: % of Net Assets | AR24: Name of the issuer | AU24: % of Net Assets | AX24: Name of the issuer | BA24: % of Net Assets | BD24: Name of the issuer | BG24: % of Net Assets | BJ24: Name of the issuer | BM24: % of Net Assets | BP24: Name of the issuer | BS24: % of Net Assets | BV24: Name of the issuer | BY24: % of Net Assets | CB24: Name of the issuer | CE24: % of Net Assets | CH24: Name of the issuer | CK24: % of Net Assets
B25: HDFC Bank Ltd. | E25: 4.7778 | H25: HDFC Bank Ltd. | K25: 9.6013 | N25: ICICI Bank Ltd. | Q25: 5.2256 | T25: HDFC Bank Ltd. | W25: 19.9469 | Z25: Garware Hi-Tech Films Ltd. | AC25: 4.4071 | AF25: Garware Hi-Tech Films Ltd. | AI25: 4.4232 | AL25: HDFC Bank Ltd. | AO25: 8.0066 | AR25: Garware Hi-Tech Films Ltd. | AU25: 3.6765 | AX25: HDFC Bank Ltd. | BA25: 4.8786 | BD25: Kotak Mahindra Bank Ltd. | BG25: 7.2222 | BJ25: Shakti Pumps (India) Ltd. | BM25: 3.6859 | BP25: Sun Pharmaceutical Industries Ltd. | BS25: 10.7301 | BV25: Sanathan Textiles Ltd. | BY25: 3.1565 | CB25: Axis Bank Ltd. | CE25: 4.1 | CH25: ICICI Bank Ltd. | CK25: 8.3416
B26: JTL Industries Ltd. | E26: 3.2804 | H26: ICICI Bank Ltd. | K26: 7.3857 | N26: HDFC Bank Ltd. | Q26: 5.1862 | T26: ICICI Bank Ltd. | W26: 12.7974 | Z26: Shakti Pumps (India) Ltd. | AC26: 3.858 | AF26: Manorama Industries Ltd. | AI26: 3.7977 | AL26: ICICI Bank Ltd. | AO26: 7.85 | AR26: HDFC Bank Ltd. | AU26: 3.4976 | AX26: Garware Hi-Tech Films Ltd. | BA26: 3.8893 | BD26: Tata Consultancy Services Ltd. | BG26: 7.0923 | BJ26: The Federal Bank Ltd. | BM26: 3.2201 | BP26: Cipla Ltd. | BS26: 5.4346 | BV26: JTL Industries Ltd. | BY26: 2.9396 | CB26: Enviro Infra Engineers Ltd | CE26: 3.7506 | CH26: Government Bond | CK26: 7.7899
B27: VA Tech Wabag Ltd. | E27: 3.1103 | H27: Reliance Industries Ltd. | K27: 6.3597 | N27: Shakti Pumps (India) Ltd. | Q27: 3.2215 | T27: Axis Bank Ltd. | W27: 6.7098 | Z27: Tata Power Company Ltd. | AC27: 2.8339 | AF27: Cummins India Ltd. | AI27: 3.6808 | AL27: Shakti Pumps (India) Ltd. | AO27: 5.3131 | AR27: Shakti Pumps (India) Ltd. | AU27: 2.778 | AX27: Kotak Mahindra Bank Ltd. | BA27: 3.591 | BD27: Tata Consumer Products Ltd. | BG27: 5.8815 | BJ27: UNO Minda Ltd. | BM27: 3.183 | BP27: Torrent Pharmaceuticals Ltd. | BS27: 4.9509 | BV27: Housing & Urban Development Corp Ltd. | BY27: 2.8029 | CB27: HDFC Bank Ltd. | CE27: 3.6402 | CH27: State Government Bond | CK27: 5.151
B28: Tech Mahindra Ltd. | E28: 3.0072 | H28: Infosys Ltd. | K28: 4.2978 | N28: Garware Hi-Tech Films Ltd. | Q28: 2.9681 | T28: Kotak Mahindra Bank Ltd. | W28: 6.3936 | Z28: Afcons Infrastructure Ltd. | AC28: 2.6291 | AF28: Mahindra & Mahindra Ltd. | AI28: 3.471 | AL28: Axis Bank Ltd. | AO28: 3.6687 | AR28: ICICI Bank Ltd. | AU28: 2.7676 | AX28: Tata Consultancy Services Ltd. | BA28: 3.3883 | BD28: Techno Electric & Engineering Co. Ltd. | BG28: 5.0298 | BJ28: Trent Ltd. | BM28: 2.7341 | BP28: Divi's Laboratories Ltd. | BS28: 4.836 | BV28: Manorama Industries Ltd. | BY28: 2.7689 | CB28: Tata Power Company Ltd. | CE28: 3.0828 | CH28: HDFC Bank Ltd. | CK28: 5.0421
B29: Page Industries Ltd. | E29: 2.9027 | H29: Larsen & Toubro Ltd. | K29: 3.8254 | N29: Kotak Mahindra Bank Ltd. | Q29: 2.4135 | T29: State Bank of India | W29: 5.7812 | Z29: Bharat Heavy Electricals Ltd. | AC29: 2.3612 | AF29: Shakti Pumps (India) Ltd. | AI29: 3.337 | AL29: Cholamandalam Investment & Fin Co Ltd. | AO29: 3.0329 | AR29: Tata Consultancy Services Ltd. | AU29: 2.2692 | AX29: ICICI Bank Ltd. | BA29: 2.7898 | BD29: Artemis Medicare Services Ltd. | BG29: 4.4342 | BJ29: Bharat Electronics Ltd. | BM29: 2.3813 | BP29: Aurobindo Pharma Ltd. | BS29: 4.2672 | BV29: Concord Enviro Systems Ltd. | BY29: 2.7595 | CB29: JTL Industries Ltd. | CE29: 2.9245 | CH29: Trent Ltd. | CK29: 4.1044
B30: Allied Blenders And Distillers Ltd. | E30: 2.8107 | H30: Bharti Airtel Ltd. | K30: 3.4971 | N30: Tata Consultancy Services Ltd. | Q30: 2.328 | T30: MAS Financial Services Ltd. | W30: 4.8091 | Z30: Schneider Electric Infrastructure Ltd. | AC30: 2.29 | AF30: Hero MotoCorp Ltd. | AI30: 2.545 | AL30: State Bank of India | AO30: 2.3397 | AR30: Axis Bank Ltd. | AU30: 2.1762 | AX30: Axis Bank Ltd. | BA30: 2.558 | BD30: MAS Financial Services Ltd. | BG30: 4.2385 | BJ30: The Indian Hotels Company Ltd. | BM30: 2.2432 | BP30: Piramal Pharma Ltd. | BS30: 4.2172 | BV30: Enviro Infra Engineers Ltd | BY30: 2.2883 | CB30: International Gemmological Inst Ind Ltd. | CE30: 2.767 | CH30: Infosys Ltd. | CK30: 3.7099
B31: Tata Power Company Ltd. | E31: 2.7285 | H31: State Bank of India | K31: 2.9688 | N31: REC Ltd. | Q31: 2.1178 | T31: Power Finance Corporation Ltd. | W31: 3.7111 | Z31: REC Ltd. | AC31: 2.2875 | AF31: Carraro India Ltd. | AI31: 2.4358 | AL31: Trent Ltd. | AO31: 2.2889 | AR31: Kotak Mahindra Bank Ltd. | AU31: 1.9902 | AX31: Bharat Electronics Ltd. | BA31: 2.3655 | BD31: Allied Blenders And Distillers Ltd. | BG31: 4.1198 | BJ31: Garware Hi-Tech Films Ltd. | BM31: 2.1912 | BP31: Neuland Laboratories Ltd. | BS31: 4.1138 | BV31: International Gemmological Inst Ind Ltd. | BY31: 2.2826 | CB31: Exide Industries Ltd. | CE31: 2.7401 | CH31: Power Finance Corporation Ltd. | CK31: 3.1928
B32: Kotak Mahindra Bank Ltd. | E32: 2.6642 | H32: Kotak Mahindra Bank Ltd. | K32: 2.768 | N32: Bharat Electronics Ltd. | Q32: 2.034 | T32: Creditaccess Grameen Ltd. | W32: 2.8319 | Z32: Cummins India Ltd. | AC32: 2.1924 | AF32: TD Power Systems Ltd. | AI32: 2.3515 | AL32: Larsen & Toubro Ltd. | AO32: 2.2763 | AR32: Power Finance Corporation Ltd. | AU32: 1.8168 | AX32: Power Finance Corporation Ltd. | BA32: 2.2284 | BD32: Tech Mahindra Ltd. | BG32: 4.0605 | BJ32: Container Corporation Of India Ltd. | BM32: 2.0756 | BP32: Fortis Healthcare Ltd. | BS32: 4.0027 | BV32: Allied Blenders And Distillers Ltd. | BY32: 2.2648 | CB32: Allied Blenders And Distillers Ltd. | CE32: 2.4424 | CH32: Divi's Laboratories Ltd. | CK32: 2.5807
B33: Transrail Lighting Ltd. | E33: 2.3413 | H33: Tata Power Company Ltd. | K33: 2.4147 | N33: Trent Ltd. | Q33: 2.0283 | T33: DCB Bank Ltd. | W33: 2.6456 | Z33: GE Vernova T&D India Limited | AC33: 2.1428 | AF33: Bharat Forge Ltd. | AI33: 2.2886 | AL33: Infosys Ltd. | AO33: 2.1286 | AR33: GE Vernova T&D India Limited | AU33: 1.8083 | AX33: LTIMindtree Ltd. | BA33: 2.1712 | BD33: EIH Ltd. | BG33: 3.8693 | BJ33: Coromandel International Ltd. | BM33: 2.0578 | BP33: Alkem Laboratories Ltd. | BS33: 3.7617 | BV33: Hindustan Foods Ltd. | BY33: 2.2469 | CB33: KSB Ltd. | CE33: 2.3609 | CH33: Bharat Electronics Ltd. | CK33: 2.5141
B34: Hindustan Unilever Ltd. | E34: 2.3401 | H34: Bharat Electronics Ltd. | K34: 2.3982 | N34: Reliance Industries Ltd. | Q34: 1.972 | T34: The South Indian Bank Ltd. | W34: 2.5722 | Z34: TD Power Systems Ltd. | AC34: 2.0583 | AF34: Tata Power Company Ltd. | AI34: 2.1589 | AL34: Reliance Industries Ltd. | AO34: 1.9705 | AR34: Bharti Hexacom Ltd. | AU34: 1.7886 | AX34: Bank of Baroda | BA34: 1.9641 | BD34: Shriram Finance Ltd. | BG34: 3.8692 | BJ34: Schaeffler India Ltd. | BM34: 2.0251 | BP34: Artemis Medicare Services Ltd. | BS34: 3.6122 | BV34: Navkar Corporation Ltd. | BY34: 2.2273 | CB34: CESC Ltd. | CE34: 2.3578 | CH34: KSB Ltd. | CK34: 2.504
B37: Grand Total | E37: =SUM(E25:G36) -> 29.9632 | H37: Grand Total | K37: =SUM(K25:M36) -> 45.5167 | N37: Grand Total | Q37: =SUM(Q25:S36) -> 29.495 | T37: Grand Total | W37: =SUM(W25:Y36) -> 68.1988 | Z37: Grand Total | AC37: =SUM(AC25:AE36) -> 27.0603 | AF37: Grand Total | AI37: =SUM(AI25:AK36) -> 30.4895 | AL37: Grand Total | AO37: =SUM(AO25:AQ36) -> 38.8753 | AR37: Grand Total | AU37: =SUM(AU25:AW36) -> 24.569 | AX37: Grand Total | BA37: =SUM(BA25:BC36) -> 29.8242 | BD37: Grand Total | BG37: =SUM(BG25:BI36) -> 49.8173 | BJ37: Grand Total | BM37: =SUM(BM25:BO36) -> 25.7973 | BP37: Grand Total | BS37: =SUM(BS25:BU36) -> 49.9264 | BV37: Grand Total | BY37: =SUM(BY25:CA36) -> 25.7373 | CB37: Grand Total | CE37: =SUM(CE25:CG36) -> 30.1663 | CH37: Grand Total | CK37: =SUM(CK25:CM36) -> 44.9305
A39: Asset Allocation | B39: Asset Allocation | E39: % of Net Assets | H39: Asset Allocation | K39: % of Net Assets | N39: Asset Allocation | Q39: % of Net Assets | T39: Asset Allocation | W39: % of Net Assets | Z39: Asset Allocation | AC39: % of Net Assets | AF39: Asset Allocation | AI39: % of Net Assets | AL39: Asset Allocation | AO39: % of Net Assets | AR39: Asset Allocation | AU39: % of Net Assets | AX39: Asset Allocation | BA39: % of Net Assets | BD39: Asset Allocation | BG39: % of Net Assets | BJ39: Asset Allocation | BM39: % of Net Assets | BP39: Asset Allocation | BS39: % of Net Assets | BV39: Asset Allocation | BY39: % of Net Assets | CB39: Asset Allocation | CE39: % of Net Assets | CH39: Asset Allocation | CK39: % of Net Assets
B40: Equity Holdings | C40: 0.95970929 | D40: Equity Holdings | E40: 94.71355 | H40: Equity Holdings | I40: 0.96083851 | J40: Equity Holdings | K40: 98.189374 | N40: Equity Holdings | O40: 0.95947917 | P40: Equity Holdings | Q40: 95.879921 | T40: Equity Holdings | U40: 0.95062595 | V40: Equity Holdings | W40: 98.295414 | Z40: Equity Holdings | AA40: 0.97458926 | AB40: Equity Holdings | AC40: 89.141612 | AF40: Equity Holdings | AG40: 0.97458926 | AH40: Equity Holdings | AI40: 92.081725 | AL40: Equity Holdings | AM40: 0.96417311 | AN40: Equity Holdings | AO40: 96.168526 | AR40: Equity Holdings | AU40: 94.715077 | AX40: Equity Holdings | BA40: 97.084838 | BD40: Equity Holdings | BG40: 96.977227 | BJ40: Equity Holdings | BM40: 97.036724 | BP40: Equity Holdings | BS40: 96.620987 | BV40: Equity Holdings | BY40: 96.48555 | CB40: Equity Holdings | CE40: 98.129121 | CH40: Equity Holdings | CI40: 0.78733932 | CJ40: Equity Holdings | CK40: 75.17479
B41: Cash & Other Receivables | C41: 0.040290706 | D41: Cash & Other Receivables | E41: 5.2864501 | H41: Cash & Other Receivables | I41: 0.039161485 | J41: Cash & Other Receivables | K41: 1.8106257 | N41: Cash & Other Receivables | O41: 0.04052083 | P41: Cash & Other Receivables | Q41: 4.1200787 | T41: Cash & Other Receivables | U41: 0.049374047 | V41: Cash & Other Receivables | W41: 1.704586 | Z41: Cash & Other Receivables | AA41: 0.025410745 | AB41: Cash & Other Receivables | AC41: 10.858388 | AF41: Cash & Other Receivables | AG41: 0.025410745 | AH41: Cash & Other Receivables | AI41: 7.9182748 | AL41: Cash & Other Receivables | AM41: 0.035826888 | AN41: Cash & Other Receivables | AO41: 3.8314743 | AR41: Cash & Other Receivables | AU41: 5.2849233 | AX41: Cash & Other Receivables | BA41: 2.9151615 | BD41: Cash & Other Receivables | BG41: 3.0227726 | BJ41: Cash & Other Receivables | BM41: 2.9632757 | BP41: Cash & Other Receivables | BS41: 3.3790134 | BV41: Cash & Other Receivables | BY41: 3.5144503 | CB41: Cash & Other Receivables | CE41: 1.870879 | CH41: GOVERNMENT BOND AND TREASURY BILL | CI41: 0.11435791 | CJ41: GOVERNMENT BOND AND TREASURY BILL | CK41: 12.941107
CH42: CORPORATE DEBT | CK42: 8.7379421
CH43: Cash & Other Receivables | CK43: 3.1461602
B46: Grand Total | E46: =SUM(E40:G44) -> 100 | H46: Grand Total | K46: =SUM(K40:M44) -> 100 | N46: Grand Total | Q46: =SUM(Q40:S44) -> 100 | T46: Grand Total | W46: =SUM(W40:Y44) -> 100 | Z46: Grand Total | AC46: =SUM(AC40:AE44) -> 100 | AF46: Grand Total | AI46: =SUM(AI40:AK45) -> 100 | AL46: Grand Total | AO46: =SUM(AO40:AQ44) -> 100 | AR46: Grand Total | AU46: =SUM(AU40:AW44) -> 100 | AX46: Grand Total | BA46: =SUM(BA40:BC44) -> 100 | BD46: Grand Total | BG46: =SUM(BG40:BI44) -> 100 | BJ46: Grand Total | BM46: =SUM(BM40:BO44) -> 100 | BP46: Grand Total | BS46: =SUM(BS40:BU44) -> 100 | BV46: Grand Total | BY46: =SUM(BY40:CA44) -> 100 | CB46: Grand Total | CE46: =SUM(CE40:CG44) -> 100 | CH46: Grand Total | CK46: =SUM(CK40:CM44) -> 100
A48: Sectoral Allocation | B48: Sector/Industry | E48: % of Net Assets | H48: Sector/Industry | K48: % of Net Assets | N48: Sector/Industry | Q48: % of Net Assets | T48: Sector/Industry | W48: % of Net Assets | Z48: Sector/Industry | AC48: % of Net Assets | AF48: Sector/Industry | AI48: % of Net Assets | AL48: Sector/Industry | AO48: % of Net Assets | AR48: Sector/Industry | AU48: % of Net Assets | AX48: Sector/Industry | BA48: % of Net Assets | BD48: Sector/Industry | BG48: % of Net Assets | BJ48: Sector/Industry | BM48: % of Net Assets | BP48: Sector/Industry | BS48: % of Net Assets | BV48: Sector/Industry | BY48: % of Net Assets | CB48: Sector/Industry | CE48: % of Net Assets | CH48: Sector/Industry | CK48: % of Net Assets
B49: Banks | E49: 14.2276 | H49: Banks | K49: 25.345 | N49: Banks | Q49: 15.7345 | T49: Finance | W49: 52.8196 | Z49: Industrial Products | AC49: 21.3349 | AF49: Industrial Products | AI49: 24.0027 | AL49: Banks | AO49: 22.673 | AR49: Banks | AU49: 14.3473 | AX49: Banks | BA49: 18.1315 | BD49: Finance | BG49: 17.9019 | BJ49: Industrial Products | BM49: 11.1202 | BP49: Pharmaceuticals & Biotechnology | BS49: 65.1435 | BV49: Industrial Products | BY49: 11.3087 | CB49: Banks | CE49: 12.2401 | CH49: Banks | CK49: 18.6388
B50: Finance | E50: 7.4004 | H50: IT - Software | K50: 7.2551 | N50: Industrial Products | Q50: 9.8538 | T50: Government of India | W50: 15.7175 | Z50: Electrical Equipment | AC50: 16.9293 | AF50: Electrical Equipment | AI50: 13.2451 | AL50: Finance | AO50: 7.388 | AR50: Industrial Products | AU50: 8.8717 | AX50: Industrial Products | BA50: 10.1685 | BD50: IT - Software | BG50: 11.1528 | BJ50: Auto Components | BM50: 9.4248 | BP50: Healthcare Services | BS50: 23.1778 | BV50: Other Utilities | BY50: 7.7366 | CB50: Industrial Products | CE50: 9.1694 | CH50: Government of India | CK50: 12.9409
B51: Textiles & Apparels | E51: 6.2479 | H51: Petroleum Products | K51: 6.3597 | N51: Finance | Q51: 7.2211 | T51: Power | W51: 15.64 | Z51: Construction | AC51: 7.6608 | AF51: Automobiles | AI51: 8.7982 | AL51: IT - Software | AO51: 7.1266 | AR51: Electrical Equipment | AU51: 8.1682 | AX51: Finance | BA51: 7.4504 | BD51: Construction | BG51: 9.6328 | BJ51: Finance | BM51: 8.9698 | BP51: Chemicals & Petrochemicals | BS51: 8.2983 | BV51: Textiles & Apparels | BY51: 7.2793 | CB51: Auto Components | CE51: 7.4775 | CH51: Finance | CK51: 12.0216
B52: IT - Software | E52: 6.092 | H52: Finance | K52: 4.9642 | N52: Electrical Equipment | Q52: 5.1686 | T52: Banks | W52: 10.3683 | Z52: Auto Components | AC52: 7.0724 | AF52: Auto Components | AI52: 8.1136 | AL52: Industrial Products | AO52: 6.7443 | AR52: Auto Components | AU52: 6.2478 | AX52: IT - Software | BA52: 5.5595 | BD52: Chemicals & Petrochemicals | BG52: 7.4626 | BJ52: IT - Software | BM52: 5.6549 | BV52: Auto Components | BY52: 6.5829 | CB52: Transport Services | CE52: 5.7867 | CH52: IT - Software | CK52: 7.1412
B53: Electrical Equipment | E53: 6.0467 | H53: Pharmaceuticals & Biotechnology | K53: 4.8588 | N53: IT - Software | Q53: 4.9982 | T53: Petroleum Products | W53: 2.1775 | Z53: Industrial Manufacturing | AC53: 6.6148 | AF53: Industrial Manufacturing | AI53: 4.9545 | AL53: Automobiles | AO53: 5.6104 | AR53: IT - Software | AU53: 4.8363 | AX53: Electrical Equipment | BA53: 4.9367 | BD53: Banks | BG53: 7.2222 | BJ53: Retailing | BM53: 5.3564 | BV53: Industrial Manufacturing | BY53: 6.4464 | CB53: Other Utilities | CE53: 5.7188 | CH53: Retailing | CK53: 6.7463
B54: Other Utilities | E54: 5.4059 | H54: Construction | K54: 4.852 | N54: Pharmaceuticals & Biotechnology | Q54: 4.2562 | T54: Construction | W54: 1.389 | Z54: Finance | AC54: 5.4417 | AF54: Pharmaceuticals & Biotechnology | AI54: 4.4019 | AL54: Pharmaceuticals & Biotechnology | AO54: 5.2707 | AR54: Food Products | AU54: 3.938 | AX54: Construction | BA54: 4.7328 | BD54: Agricultural Food & other Products | BG54: 5.8815 | BJ54: Consumer Durables | BM54: 5.0886 | BV54: Food Products | BY54: 5.8269 | CB54: Power | CE54: 5.4406 | CH54: Industrial Products | CK54: 6.4963
B55: Pharmaceuticals & Biotechnology | E55: 5.0545 | H55: Industrial Products | K55: 4.3486 | N55: Auto Components | Q55: 4.1466 | T55: Mutual Fund Units | W55: 0.2524 | Z55: Power | AC55: 5.0923 | AF55: Food Products | AI55: 4.0003 | AL55: Retailing | AO55: 4.6785 | AR55: Pharmaceuticals & Biotechnology | AU55: 3.8786 | AX55: Automobiles | BA55: 4.3685 | BD55: Industrial Products | BG55: 5.2673 | BJ55: Banks | BM55: 4.6157 | BV55: Electrical Equipment | BY55: 4.5448 | CB55: Textiles & Apparels | CE55: 5.0017 | CH55: Chemicals & Petrochemicals | CK55: 6.4379
B56: Power | E56: 4.1672 | H56: Diversified FMCG | K56: 4.2806 | N56: Retailing | Q56: 2.9454 | Z56: Transport Services | AC56: 3.3123 | AF56: Chemicals & Petrochemicals | AI56: 3.9883 | AL56: Consumer Durables | AO56: 4.5896 | AR56: Finance | AU56: 3.8066 | AX56: Pharmaceuticals & Biotechnology | BA56: 3.607 | BD56: Healthcare Services | BG56: 4.4342 | BJ56: Fertilizers & Agrochemicals | BM56: 3.5872 | BV56: Chemicals & Petrochemicals | BY56: 4.5408 | CB56: Commercial Services & Supplies | CE56: 3.6795 | CH56: Pharmaceuticals & Biotechnology | CK56: 4.2606
B57: Industrial Products | E57: 3.9061 | H57: Power | K57: 4.1685 | N57: Industrial Manufacturing | Q57: 2.9339 | Z57: Aerospace & Defense | AC57: 3.2368 | AF57: Aerospace & Defense | AI57: 3.911 | AL57: Auto Components | AO57: 4.1723 | AR57: Automobiles | AU57: 3.6906 | AX57: Chemicals & Petrochemicals | BA57: 3.4701 | BD57: Beverages | BG57: 4.1198 | BJ57: Pharmaceuticals & Biotechnology | BM57: 3.5208 | BV57: Transport Services | BY57: 4.1421 | CB57: Finance | CE57: 3.6316 | CH57: Food Products | CK57: 2.8087
B58: Automobiles | E58: 3.4338 | H58: Aerospace & Defense | K58: 3.5014 | N58: Leisure Services | Q58: 2.6294 | Z58: Realty | AC58: 3.0343 | AF58: Construction | AI58: 3.6088 | AL58: Fertilizers & Agrochemicals | AO58: 3.2248 | AR58: Chemicals & Petrochemicals | AU58: 3.544 | AX58: Beverages | BA58: 3.4148 | BD58: Pharmaceuticals & Biotechnology | BG58: 3.9603 | BJ58: Leisure Services | BM58: 3.263 | BV58: Consumer Durables | BY58: 3.8553 | CB58: IT - Software | CE58: 3.3491 | CH58: Consumer Durables | CK58: 2.5736
B59: Transport Services | E59: 3.1588 | H59: Telecom - Services | K59: 3.4971 | N59: Healthcare Services | Q59: 2.525 | Z59: Cement & Cement Products | AC59: 2.5992 | AF59: Power | AI59: 2.1589 | AL59: Diversified FMCG | AO59: 2.8351 | AR59: Construction | AU59: 2.903 | AX59: Power | BA59: 3.0661 | BD59: Aerospace & Defense | BG59: 3.9148 | BJ59: Chemicals & Petrochemicals | BM59: 2.9757 | BV59: Finance | BY59: 3.6067 | CB59: Electrical Equipment | CE59: 3.3331 | CH59: Aerospace & Defense | CK59: 2.5141
B60: Auto Components | E60: 3.0316 | H60: Automobiles | K60: 3.4047 | N60: Automobiles | Q60: 2.4665 | Z60: Telecom - Services | AC60: 2.3161 | AF60: Textiles & Apparels | AI60: 2.0819 | AL60: Chemicals & Petrochemicals | AO60: 2.7307 | AR60: Textiles & Apparels | AU60: 2.3909 | AX60: Auto Components | BA60: 2.6653 | BD60: Leisure Services | BG60: 3.8693 | BJ60: Healthcare Services | BM60: 2.9391 | BV60: Power | BY60: 3.1439 | CB60: Aerospace & Defense | CE60: 3.1746 | CH60: Power | CK60: 2.3622
B61: Beverages | E61: 2.8107 | H61: Consumer Durables | K61: 2.7813 | N61: Telecom - Services | Q61: 2.3213 | Z61: Other Utilities | AC61: 0.8881 | AF61: Diversified FMCG | AI61: 1.9508 | AL61: Electrical Equipment | AO61: 2.4976 | AR61: Retailing | AU61: 2.3049 | AX61: Aerospace & Defense | BA61: 2.3655 | BD61: Realty | BG61: 3.7095 | BJ61: Textiles & Apparels | BM61: 2.6538 | BV61: Retailing | BY61: 2.3757 | CB61: Chemicals & Petrochemicals | CE61: 2.8224 | CH61: Telecom - Services | CK61: 1.9682
B62: Agricultural Food & other Products | E62: 2.5743 | H62: Beverages | K62: 2.5681 | N62: Transport Services | Q62: 2.2347 | Z62: Consumer Durables | AC62: 0.8261 | AF62: Personal Products | AI62: 1.6002 | AL62: Cement & Cement Products | AO62: 2.423 | AR62: Petroleum Products | AU62: 2.1506 | AX62: Cigarettes & Tobacco Products | BA62: 1.8364 | BD62: Auto Components | BG62: 3.4314 | BJ62: Realty | BM62: 2.4764 | BV62: Commercial Services & Supplies | BY62: 2.2826 | CB62: Retailing | CE62: 2.6062 | CH62: Construction | CK62: 1.5212
B63: Diversified FMCG | E63: 2.3401 | H63: Cement & Cement Products | K63: 2.4325 | N63: Aerospace & Defense | Q63: 2.034 | Z63: Chemicals & Petrochemicals | AC63: 0.7632 | AF63: Diversified | AI63: 1.0439 | AL63: Construction | AO63: 2.2763 | AR63: Beverages | AU63: 2.1281 | AX63: Entertainment | BA63: 1.8006 | BD63: Electrical Equipment | BG63: 2.0585 | BJ63: Aerospace & Defense | BM63: 2.3813 | BV63: Pharmaceuticals & Biotechnology | BY63: 2.2729 | CB63: Consumer Durables | CE63: 2.5087 | CH63: Petroleum Products | CK63: 1.4513
B64: Consumer Durables | E64: 2.2359 | H64: Insurance | K64: 1.6526 | N64: Food Products | Q64: 1.992 | Z64: Petroleum Products | AC64: 0.6424 | AF64: Realty | AI64: 1.0365 | AL64: Food Products | AO64: 2.2151 | AR64: Fertilizers & Agrochemicals | AU64: 2.1036 | AX64: Retailing | BA64: 1.7433 | BD64: Personal Products | BG64: 1.5114 | BJ64: Industrial Manufacturing | BM64: 2.1674 | BV64: Beverages | BY64: 2.2648 | CB64: Beverages | CE64: 2.4424 | CH64: Agricultural Food & other Products | CK64: 1.3146
B65: Leisure Services | E65: 2.1905 | H65: Electrical Equipment | K65: 1.5131 | N65: Petroleum Products | Q65: 1.972 | Z65: Non - Ferrous Metals | AC65: 0.6197 | AF65: Healthcare Services | AI65: 0.8938 | AL65: Petroleum Products | AO65: 1.9705 | AR65: Industrial Manufacturing | AU65: 2.0062 | AX65: Cement & Cement Products | BA65: 1.7373 | BD65: Paper, Forest & Jute Products | BG65: 1.4456 | BJ65: Transport Services | BM65: 2.0756 | BV65: Diversified FMCG | BY65: 2.2469 | CB65: Healthcare Services | CE65: 2.1154 | CH65: Automobiles | CK65: 1.2669
B66: IT - Services | E66: 1.8168 | H66: Gas | K66: 1.3803 | N66: Construction | Q66: 1.9284 | Z66: Healthcare Services | AC66: 0.4163 | AF66: Consumer Durables | AI66: 0.8735 | AL66: Agricultural Food & other Products | AO66: 1.5561 | AR66: Telecom - Services | AU66: 1.7886 | AX66: Industrial Manufacturing | BA66: 1.5909 | BJ66: Food Products | BM66: 1.8706 | BV66: Cement & Cement Products | BY66: 2.2127 | CB66: Petroleum Products | CE66: 1.939 | CH66: Cigarettes & Tobacco Products | CK66: 1.2052
B67: Retailing | E67: 1.5646 | H67: Agricultural Food & other Products | K67: 1.0849 | N67: Consumer Durables | Q67: 1.8101 | Z67: IT - Services | AC67: 0.1727 | AF67: Gas | AI67: 0.8671 | AL67: Beverages | AO67: 1.3854 | AR67: Healthcare Services | AU67: 1.6946 | AX67: Leisure Services | BA67: 1.466 | BJ67: Capital Markets | BM67: 1.8533 | BV67: Leisure Services | BY67: 2.1144 | CB67: Food Products | CE67: 1.9244 | CH67: Transport Services | CK67: 1.1232
B68: Chemicals & Petrochemicals | E68: 1.5642 | H68: Other Utilities | K68: 1.0486 | N68: Fertilizers & Agrochemicals | Q68: 1.4226 | Z68: Gas | AC68: 0.1646 | AF68: Petroleum Products | AI68: 0.3308 | AL68: Leisure Services | AO68: 1.3572 | AR68: Consumer Durables | AU68: 1.6015 | AX68: Consumer Durables | BA68: 1.4234 | BJ68: IT - Services | BM68: 1.8386 | BV68: IT - Software | BY68: 1.6863 | CB68: Entertainment | CE68: 1.823 | CH68: Diversified FMCG | CK68: 1.0405
B69: Realty | E69: 1.4308 | H69: Auto Components | K69: 0.8724 | N69: Insurance | Q69: 1.3875 | AF69: IT - Services | AI69: 0.2162 | AL69: IT - Services | AO69: 1.2469 | AR69: Personal Products | AU69: 1.4956 | AX69: Non - Ferrous Metals | BA69: 1.4076 | BJ69: Telecom - Services | BM69: 1.7546 | BV69: Healthcare Services | BY69: 1.5769 | CB69: Industrial Manufacturing | CE69: 1.7945 | CH69: Healthcare Services | CK69: 0.5116
B70: Gas | E70: 1.3063 | H70: IT - Services | K70: 0.6919 | N70: Cement & Cement Products | Q70: 1.343 | AL70: Personal Products | AO70: 0.9581 | AR70: Cement & Cement Products | AU70: 1.4742 | AX70: Healthcare Services | BA70: 1.3448 | BJ70: Electrical Equipment | BM70: 1.5963 | BV70: Banks | BY70: 1.5423 | CB70: Pharmaceuticals & Biotechnology | CE70: 1.7616 | CH70: Electrical Equipment | CK70: 0.5061
B71: Industrial Manufacturing | E71: 1.1199 | H71: Transport Services | K71: 0.6846 | N71: Realty | Q71: 1.3168 | AL71: Healthcare Services | AO71: 0.5941 | AR71: Entertainment | AU71: 1.4271 | AX71: Transport Services | BA71: 1.2973 | BJ71: Power | BM71: 1.5118 | BV71: Capital Markets | BY71: 1.3173 | CB71: Cement & Cement Products | CE71: 1.4805
B72: Non - Ferrous Metals | E72: 0.8999 | H72: Healthcare Services | K72: 0.5937 | N72: Textiles & Apparels | Q72: 1.2886 | AL72: Transport Services | AO72: 0.4134 | AR72: Realty | AU72: 1.2867 | AX72: Gas | BA72: 1.2837 | BJ72: Beverages | BM72: 1.3724 | BV72: Agricultural Food & other Products | BY72: 1.0531 | CB72: IT - Services | CE72: 1.2435
B73: Construction | E73: 0.8975 | H73: Commercial Services & Supplies | K73: 0.593 | N73: Chemicals & Petrochemicals | Q73: 1.2825 | AL73: Realty | AO73: 0.2279 | AR73: Gas | AU73: 1.2308 | AX73: Diversified FMCG | BA73: 1.2581 | BJ73: Oil | BM73: 1.34 | BV73: Fertilizers & Agrochemicals | BY73: 0.844 | CB73: Agricultural Food & other Products | CE73: 1.1107
B74: Healthcare Services | E74: 0.8608 | H74: Industrial Manufacturing | K74: 0.5736 | N74: Diversified FMCG | Q74: 1.1103 | AR74: Leisure Services | AU74: 1.1114 | AX74: Food Products | BA74: 1.2168 | BJ74: Cigarettes & Tobacco Products | BM74: 1.2583 | BV74: Entertainment | BY74: 0.715 | CB74: Automobiles | CE74: 1.0435
B75: Household Products | E75: 0.8545 | H75: Leisure Services | K75: 0.5228 | N75: Power | Q75: 1.0934 | AR75: Agricultural Food & other Products | AU75: 1.0369 | AX75: Telecom - Services | BA75: 1.0656 | BJ75: Diversified | BM75: 1.2576 | BV75: Gas | BY75: 0.6856 | CB75: Fertilizers & Agrochemicals | CE75: 1.0019
B76: Personal Products | E76: 0.8511 | H76: Non - Ferrous Metals | K76: 0.5164 | N76: Gas | Q76: 1.0798 | AR76: Non - Ferrous Metals | AU76: 0.9356 | AX76: Oil | BA76: 0.9805 | BJ76: Entertainment | BM76: 1.1755 | BV76: Construction | BY76: 0.6331 | CB76: Construction | CE76: 0.8805
B77: Insurance | E77: 0.6695 | H77: Chemicals & Petrochemicals | K77: 0.4913 | N77: Transport Infrastructure | Q77: 1.0551 | AR77: IT - Services | AU77: 0.8901 | AX77: Realty | BA77: 0.8854 | BJ77: Automobiles | BM77: 0.9831 | BV77: IT - Services | BY77: 0.6327 | CB77: Personal Products | CE77: 0.8239
B78: Commercial Services & Supplies | E78: 0.5504 | H78: Textiles & Apparels | K78: 0.4753 | N78: Agricultural Food & other Products | Q78: 1.0325 | AR78: Agricultural, Commercial & Construction Vehicles | AU78: 0.8016 | AX78: IT - Services | BA78: 0.8073 | BJ78: Agricultural, Commercial & Construction Vehicles | BM78: 0.9508 | BV78: Personal Products | BY78: 0.6042 | CB78: Ferrous Metals | CE78: 0.8008
H79: Food Products | K79: 0.4512 | N79: Personal Products | Q79: 1.0094 | AR79: Oil | AU79: 0.62 | BV79: Realty | BY79: 0.4068
H80: Retailing | K80: 0.4232 | N80: Diversified | Q80: 0.887
N81: IT - Services | Q81: 0.7293
N82: Other Utilities | Q82: 0.352
N83: Oil | Q83: 0.3143
B90: Grand Total | E90: =SUM(E49:G89) -> 94.7103 | H90: Grand Total | K90: =SUM(K49:M89) -> 98.1865 | N90: Grand Total | Q90: =SUM(Q49:S89) -> 95.8758 | T90: Grand Total | W90: =SUM(W49:Y89) -> 98.3643 | Z90: Grand Total | AC90: =SUM(AC49:AE89) -> 89.138 | AF90: Grand Total | AI90: =SUM(AI49:AK89) -> 92.078 | AL90: Grand Total | AO90: =SUM(AO49:AQ89) -> 96.1656 | AR90: Grand Total | AU90: =SUM(AU49:AW89) -> 94.7111 | AX90: Grand Total | BA90: =SUM(BA49:BC89) -> 97.0817 | BD90: Grand Total | BG90: =SUM(BG49:BI89) -> 96.9759 | BJ90: Grand Total | BM90: =SUM(BM49:BO89) -> 97.0336 | BP90: Grand Total | BS90: =SUM(BS49:BU89) -> 96.6196 | BV90: Grand Total | BY90: =SUM(BY49:CA89) -> 96.4817 | CB90: Grand Total | CE90: =SUM(CE49:CG89) -> 98.1256 | CH90: Grand Total | CK90: =SUM(CK49:CM89) -> 96.851
B92: Regular (Growth) | E92: Direct (Growth) | H92: Regular (Growth) | K92: Direct (Growth) | N92: Regular (Growth) | Q92: Direct (Growth) | T92: Regular (Growth) | W92: Direct (Growth) | Z92: Regular (Growth) | AC92: Direct (Growth) | AF92: Regular (Growth) | AI92: Direct (Growth) | AL92: Regular (Growth) | AO92: Direct (Growth) | AR92: Regular (Growth) | AU92: Direct (Growth) | AX92: Regular (Growth) | BA92: Direct (Growth) | BD92: Regular (Growth) | BG92: Direct (Growth) | BJ92: Regular (Growth) | BM92: Direct (Growth) | BP92: Regular (Growth) | BS92: Direct (Growth) | BV92: Regular (Growth) | BY92: Direct (Growth) | CB92: Regular (Growth) | CE92: Direct (Growth) | CH92: Regular (IDCW Option) | CK92: Direct (IDCW Option)
B93: Scheme | C93: Scheme Benchmark | D93: Additional Benchmark ** | E93: Scheme | F93: Scheme Benchmark | G93: Additional Benchmark ** | H93: Scheme | I93: Scheme Benchmark | J93: Additional Benchmark^ | K93: Scheme | L93: Scheme Benchmark | M93: Additional Benchmark^ | N93: Scheme | O93: Scheme Benchmark | P93: Additional Benchmark | Q93: Scheme | R93: Scheme Benchmark | S93: Additional Benchmark | T93: Scheme | U93: Scheme Benchmark | V93: Additional Benchmark | W93: Scheme | X93: Scheme Benchmark | Y93: Additional Benchmark | Z93: Scheme | AA93: Scheme Benchmark | AB93: Additional Benchmark | AC93: Scheme | AD93: Scheme Benchmark | AE93: Additional Benchmark | AF93: Scheme | AG93: Scheme Benchmark | AH93: Additional Benchmark | AI93: Scheme | AJ93: Scheme Benchmark | AK93: Additional Benchmark | AL93: Scheme | AM93: Scheme Benchmark | AN93: Additional Benchmark# | AO93: Scheme | AP93: Scheme Benchmark | AQ93: Additional Benchmark# | AR93: Scheme | AS93: Scheme Benchmark | AT93: Additional Benchmark | AU93: Scheme | AV93: Scheme Benchmark | AW93: Additional Benchmark | AX93: Scheme | AY93: Scheme Benchmark | AZ93: Additional Benchmark | BA93: Scheme | BB93: Scheme Benchmark | BC93: Additional Benchmark | BD93: Scheme | BE93: Scheme Benchmark | BF93: Additional Benchmark | BG93: Scheme | BH93: Scheme Benchmark | BI93: Additional Benchmark | BJ93: Scheme | BK93: Scheme Benchmark | BL93: Additional Benchmark | BM93: Scheme | BN93: Scheme Benchmark | BO93: Additional Benchmark | BP93: Scheme | BQ93: Scheme Benchmark | BR93: Additional Benchmark | BS93: Scheme | BT93: Scheme Benchmark | BU93: Additional Benchmark | BV93: Scheme | BW93: Scheme Benchmark | BX93: Additional Benchmark | BY93: Scheme | BZ93: Scheme Benchmark | CA93: Additional Benchmark | CB93: Scheme | CC93: Scheme Benchmark | CD93: Additional Benchmark | CE93: Scheme | CF93: Scheme Benchmark | CG93: Additional Benchmark | CH93: Scheme | CI93: Scheme Benchmark | CJ93: Additional Benchmark | CK93: Scheme | CL93: Scheme Benchmark | CM93: Additional Benchmark
A94: 6 Months CAGR (%) | AF94: -1.0315436 | AG94: 0.61892388 | AH94: 3.0482608 | AI94: -0.16259506 | AJ94: 0.61892388 | AK94: 3.0482608
A95: 1 Year CAGR (%) | B95: 2.7863626 | C95: 9.0467407 | D95: 11.107619 | E95: 3.8063976 | F95: 9.0467407 | G95: 11.107619 | H95: 9.29764 | I95: 8.8983256 | J95: 11.107619 | K95: 10.566576 | L95: 8.8983256 | M95: 11.107619 | N95: 10.941018 | O95: 9.6297207 | P95: 11.107619 | Q95: 12.439986 | R95: 9.6297207 | S95: 11.107619 | T95: 10.239084 | U95: 22.826917 | V95: 11.107619 | W95: 12.03335 | X95: 22.826917 | Y95: 11.107619 | Z95: 8.6873905 | AA95: 4.3490931 | AB95: 11.107619 | AC95: 10.167025 | AD95: 4.3490931 | AE95: 11.107619 | AF95: NA | AG95: NA | AH95: NA | AI95: NA | AJ95: NA | AK95: NA | AL95: 11.392232 | AM95: 9.0467407 | AN95: 11.107619 | AO95: 12.772577 | AP95: 9.0467407 | AQ95: 11.107619 | AR95: 13.274378 | AS95: 9.3237871 | AT95: 11.107619 | AU95: 15.077518 | AV95: 9.3237871 | AW95: 11.107619 | AX95: 11.476564 | AY95: 9.0467407 | AZ95: 11.107619 | BA95: 13.028384 | BB95: 9.0467407 | BC95: 11.107619 | BD95: 13.611237 | BE95: 9.0467407 | BF95: 11.107619 | BG95: 14.669919 | BH95: 9.0467407 | BI95: 11.107619 | BJ95: 9.4207516 | BK95: 10.041489 | BL95: 11.107619 | BM95: 10.567122 | BN95: 10.041489 | BO95: 11.107619 | BP95: 18.682524 | BQ95: 22.847325 | BR95: 11.107619 | BS95: 20.152008 | BT95: 22.847325 | BU95: 11.107619 | BV95: 4.664588 | BW95: 8.385614 | BX95: 11.107619 | BY95: 5.9564895 | BZ95: 8.385614 | CA95: 11.107619 | CB95: 5.3308433 | CC95: 9.0467407 | CD95: 11.360006 | CE95: 6.549651 | CF95: 9.0467407 | CG95: 11.360006 | CH95: 12.359732 | CI95: 9.6906724 | CJ95: 11.107619 | CK95: 13.531832 | CL95: 9.6906724 | CM95: 11.107619
A96: 3 Years CAGR (%) | B96: 13.937329 | C96: 18.436483 | D96: 15.560341 | E96: 15.021034 | F96: 18.436483 | G96: 15.560341 | H96: 14.400915 | I96: 15.960471 | J96: 15.560341 | K96: 15.311861 | L96: 15.960471 | M96: 15.560341 | N96: 18.572145 | O96: 21.339842 | P96: 15.560341 | Q96: 20.156069 | R96: 21.339842 | S96: 15.560341 | T96: 15.311679 | U96: 18.118869 | V96: 15.560341 | W96: 17.30174 | X96: 18.118869 | Y96: 15.560341 | Z96: 30.946287 | AA96: 23.557631 | AB96: 15.560341 | AC96: 32.483227 | AD96: 23.557631 | AE96: 15.560341 | AF96: NA | AG96: NA | AH96: NA | AI96: NA | AJ96: NA | AK96: NA | AL96: 17.624943 | AM96: 18.436483 | AN96: 15.560341 | AO96: 18.964302 | AP96: 18.436483 | AQ96: 15.560341 | AR96: NA | AS96: NA | AT96: NA | AU96: NA | AV96: NA | AW96: NA | AX96: 24.292838 | AY96: 18.436483 | AZ96: 15.560341 | BA96: 25.731522 | BB96: 18.436483 | BC96: 15.560341 | BD96: 14.492501 | BE96: 18.436483 | BF96: 15.560341 | BG96: 15.566281 | BH96: 18.436483 | BI96: 15.560341 | BJ96: 22.651753 | BK96: 26.614952 | BL96: 15.560341 | BM96: 23.81114 | BN96: 26.614952 | BO96: 15.560341 | BP96: 18.985684 | BQ96: 24.576411 | BR96: 15.560341 | BS96: 20.478824 | BT96: 24.576411 | BU96: 15.560341 | BV96: 21.374726 | BW96: 25.64668 | BX96: 15.560341 | BY96: 22.648544 | BZ96: 25.64668 | CA96: 15.560341 | CB96: 16.562968 | CC96: 18.436483 | CD96: 14.950621 | CE96: 17.681454 | CF96: 18.436483 | CG96: 14.950621 | CH96: 12.992781 | CI96: 14.600063 | CJ96: 15.560341 | CK96: 14.091503 | CL96: 14.600063 | CM96: 15.560341
A97: 5 Years CAGR (%) | B97: 19.195374 | C97: 25.086665 | D97: 22.290028 | E97: 20.099742 | F97: 25.086665 | G97: 22.290028 | H97: 20.158005 | I97: 22.334839 | J97: 22.290028 | K97: 20.711792 | L97: 22.334839 | M97: 22.290028 | N97: 24.585344 | O97: 28.21548 | P97: 22.290028 | Q97: 26.377922 | R97: 28.21548 | S97: 22.290028 | T97: 19.918036 | U97: 23.614217 | V97: 22.290028 | W97: 21.461508 | X97: 23.614217 | Y97: 22.290028 | Z97: 34.517615 | AA97: 27.231364 | AB97: 22.290028 | AC97: 36.138083 | AD97: 27.231364 | AE97: 22.290028 | AF97: NA | AG97: NA | AH97: NA | AI97: NA | AJ97: NA | AK97: NA | AL97: 21.138719 | AM97: 25.086665 | AN97: 22.290028 | AO97: 22.656327 | AP97: 25.086665 | AQ97: 22.290028 | AR97: NA | AS97: NA | AT97: NA | AU97: NA | AV97: NA | AW97: NA | AX97: 25.940172 | AY97: 25.086665 | AZ97: 22.290028 | BA97: 27.296692 | BB97: 25.086665 | BC97: 22.290028 | BD97: 20.342541 | BE97: 25.086665 | BF97: 22.290028 | BG97: 21.420901 | BH97: 25.086665 | BI97: 22.290028 | BJ97: 27.191136 | BK97: 34.073959 | BL97: 22.290028 | BM97: 28.340942 | BN97: 34.073959 | BO97: 22.290028 | BP97: 17.037019 | BQ97: 22.898865 | BR97: 22.290028 | BS97: 18.495404 | BT97: 22.898865 | BU97: 22.290028 | BV97: 33.213673 | BW97: 37.603274 | BX97: 22.290028 | BY97: 34.556656 | BZ97: 37.603274 | CA97: 22.290028 | CB97: 22.579507 | CC97: 25.086665 | CD97: 21.664114 | CE97: 23.708233 | CF97: 25.086665 | CG97: 21.664114 | CH97: 18.527312 | CI97: 17.993459 | CJ97: 22.290028 | CK97: 19.648185 | CL97: 17.993459 | CM97: 22.290028
A98: Since Inception CAGR (%) | B98: 7.7152569 | C98: NA | D98: NA | E98: 12.889935 | F98: 14.651949 | G98: 13.527747 | H98: 5.9404577 | I98: NA | J98: NA | K98: 13.64476 | L98: 13.835624 | M98: 13.527747 | N98: 13.990956 | O98: 15.05217 | P98: 12.004683 | Q98: 15.539751 | R98: 15.05217 | S98: 12.004683 | T98: 7.1458022 | U98: 14.21141 | V98: 12.637152 | W98: 8.4334742 | X98: 14.21141 | Y98: 12.637152 | Z98: 9.7030484 | AA98: 6.0508122 | AB98: 11.588978 | AC98: 16.486122 | AD98: 11.96593 | AE98: 13.527747 | AF98: -2.235 | AG98: -7.5051185 | AH98: -0.2320386 | AI98: -1.142 | AJ98: -7.5051185 | AK98: -0.2320386 | AL98: 10.497312 | AM98: 15.280884 | AN98: NA | AO98: 16.055984 | AP98: 14.651949 | AQ98: 13.527747 | AR98: 21.943489 | AS98: 20.441314 | AT98: 14.306429 | AU98: 23.992637 | AV98: 20.441314 | AW98: 14.306429 | AX98: 18.86525 | AY98: 16.565453 | AZ98: 15.15331 | BA98: 20.318766 | BB98: 16.565453 | BC98: 15.15331 | BD98: 10.725217 | BE98: 14.10283 | BF98: 13.703899 | BG98: 12.095731 | BH98: 14.10283 | BI98: 13.703899 | BJ98: 13.492642 | BK98: 19.51327 | BL98: 14.891109 | BM98: 14.999279 | BN98: 19.51327 | BO98: 14.891109 | BP98: 17.98234 | BQ98: 20.600528 | BR98: 15.540283 | BS98: 19.614157 | BT98: 20.600528 | BU98: 15.540283 | BV98: 14.666351 | BW98: 14.56783 | BX98: 13.97971 | BY98: 16.274698 | BZ98: 14.56783 | CA98: 13.97971 | CB98: 13.464378 | CC98: 14.366359 | CD98: 13.087639 | CE98: 14.665997 | CF98: 14.366359 | CG98: 13.087639 | CH98: 3.708848 | CI98: NA | CJ98: NA | CK98: 12.229133 | CL98: 13.065333 | CM98: 14.079947
A99: Current Value of Investment of Rs. 10,000 (6 Months ago) | AF99: 9896.8456 | AG99: 10061.892 | AH99: 10304.826 | AI99: 9983.7405 | AJ99: 10061.892 | AK99: 10304.826
A100: Current Value of Investment of Rs. 10,000 (1 Year ago) | B100: 10277.862 | C100: 10902.087 | D100: 11107.556 | E100: 10379.577 | F100: 10902.087 | G100: 11107.556 | H100: 10927.102 | I100: 10887.29 | J100: 11107.556 | K100: 11053.615 | L100: 10887.29 | M100: 11107.556 | N100: 11090.946 | O100: 10960.211 | P100: 11107.556 | Q100: 11240.387 | R100: 10960.211 | S100: 11107.556 | T100: 11020.965 | U100: 12275.775 | V100: 11107.556 | W100: 11199.848 | X100: 12275.775 | Y100: 11107.556 | Z100: 10866.259 | AA100: 10433.692 | AB100: 11107.556 | AC100: 11013.78 | AD100: 10433.692 | AE100: 11107.556 | AF100: NA | AG100: NA | AH100: NA | AI100: NA | AJ100: NA | AK100: NA | AL100: 11135.931 | AM100: 10902.087 | AN100: 11107.556 | AO100: 11273.544 | AP100: 10902.087 | AQ100: 11107.556 | AR100: 11323.57 | AS100: 10929.709 | AT100: 11107.556 | AU100: 11503.325 | AV100: 10929.709 | AW100: 11107.556 | AX100: 11144.339 | AY100: 10902.087 | AZ100: 11107.556 | BA100: 11299.047 | BB100: 10902.087 | BC100: 11107.556 | BD100: 11357.152 | BE100: 10902.087 | BF100: 11107.556 | BG100: 11462.692 | BH100: 10902.087 | BI100: 11107.556 | BJ100: 10939.377 | BK100: 11001.264 | BL100: 11107.556 | BM100: 11053.67 | BN100: 11001.264 | BO100: 11107.556 | BP100: 11862.684 | BQ100: 12277.809 | BR100: 11107.556 | BS100: 12009.159 | BT100: 12277.809 | BU100: 11107.556 | BV100: 10465.152 | BW100: 10836.17 | BX100: 11107.556 | BY100: 10593.97 | BZ100: 10836.17 | CA100: 11107.556 | CB100: 10531.586 | CC100: 10902.087 | CD100: 11132.718 | CE100: 10653.113 | CF100: 10902.087 | CG100: 11132.718 | CH100: 11232.386 | CI100: 10966.288 | CJ100: 11107.556 | CK100: 11349.236 | CL100: 10966.288 | CM100: 11107.556
A101: Current Value of Investment of Rs. 10,000 (3 Year ago) | B101: 14791.019 | C101: 16613.323 | D101: 15432.15 | E101: 15217.097 | F101: 16613.323 | G101: 15432.15 | H101: 14972.299 | I101: 15593.008 | J101: 15432.15 | K101: 15332.817 | L101: 15593.008 | M101: 15432.15 | N101: 16670.477 | O101: 17865.298 | P101: 15432.15 | Q101: 17347.509 | R101: 17865.298 | S101: 15432.15 | T101: 15332.744 | U101: 16480.024 | V101: 15432.15 | W101: 16140.365 | X101: 16480.024 | Y101: 15432.15 | Z101: 22453.268 | AA101: 18862.911 | AB101: 15432.15 | AC101: 23253.198 | AD101: 18862.911 | AE101: 15432.15 | AF101: NA | AG101: NA | AH101: NA | AI101: NA | AJ101: NA | AK101: NA | AL101: 16274.149 | AM101: 16613.323 | AN101: 15432.15 | AO101: 16836.429 | AP101: 16613.323 | AQ101: 15432.15 | AR101: NA | AS101: NA | AT101: NA | AU101: NA | AV101: NA | AW101: NA | AX101: 19201.639 | AY101: 16613.323 | AZ101: 15432.15 | BA101: 19876.162 | BB101: 16613.323 | BC101: 15432.15 | BD101: 15008.287 | BE101: 16613.323 | BF101: 15432.15 | BG101: 15434.53 | BH101: 16613.323 | BI101: 15432.15 | BJ101: 18451.058 | BK101: 20298.081 | BL101: 15432.15 | BM101: 18979.255 | BN101: 20298.081 | BO101: 15432.15 | BP101: 16845.509 | BQ101: 19333.365 | BR101: 15432.15 | BS101: 17487.678 | BT101: 19333.365 | BU101: 15432.15 | BV101: 17880.711 | BW101: 19835.952 | BX101: 15432.15 | BY101: 18449.61 | BZ101: 19835.952 | CA101: 15432.15 | CB101: 15837.323 | CC101: 16613.323 | CD101: 15189.167 | CE101: 16297.616 | CF101: 16613.323 | CG101: 15189.167 | CH101: 14426.205 | CI101: 15050.626 | CJ101: 15432.15 | CK101: 14851.144 | CL101: 15050.626 | CM101: 15432.15
A102: Current Value of Investment of Rs. 10,000 (5 Year ago) | B102: 24083.237 | C102: 30661.1 | D102: 27380.04 | E102: 25011.873 | F102: 30661.1 | G102: 27380.04 | H102: 25072.668 | I102: 27430.297 | J102: 27380.04 | K102: 25656.442 | L102: 27430.297 | M102: 27380.04 | N102: 30050.928 | O102: 34697.147 | P102: 27380.04 | Q102: 32278.486 | R102: 34697.147 | S102: 27380.04 | T102: 24823.03 | U102: 28896.59 | V102: 27380.04 | W102: 26464.033 | X102: 28896.59 | Y102: 27380.04 | Z102: 44116.538 | AA102: 33384.436 | AB102: 27380.04 | AC102: 46841.661 | AD102: 33384.436 | AE102: 27380.04 | AF102: NA | AG102: NA | AH102: NA | AI102: NA | AJ102: NA | AK102: NA | AL102: 26113.87 | AM102: 30661.1 | AN102: 27380.04 | AO102: 27793.021 | AP102: 30661.1 | AQ102: 27380.04 | AR102: NA | AS102: NA | AT102: NA | AU102: NA | AV102: NA | AW102: NA | AX102: 31722.708 | AY102: 30661.1 | AZ102: 27380.04 | BA102: 33470.325 | BB102: 30661.1 | BC102: 27380.04 | BD102: 25266.002 | BE102: 30661.1 | BF102: 27380.04 | BG102: 26419.777 | BH102: 30661.1 | BI102: 27380.04 | BJ102: 33331.634 | BK102: 43393.027 | BL102: 27380.04 | BM102: 34867.427 | BN102: 43393.027 | BO102: 27380.04 | BP102: 21978.125 | BQ102: 28069.2 | BR102: 27380.04 | BS102: 23383.6 | BT102: 28069.2 | BU102: 27380.04 | BV102: 42017.139 | BW102: 49420.08 | BX102: 27380.04 | BY102: 44180.667 | BZ102: 49420.08 | CA102: 27380.04 | CB102: 27706 | CC102: 30661.1 | CD102: 26685.733 | CE102: 29006.766 | CF102: 30661.1 | CG102: 26685.733 | CH102: 23415.135 | CI102: 22891.983 | CJ102: 27380.04 | CK102: 24544.684 | CL102: 22891.983 | CM102: 27380.04
A103: Current Value of Investment of Rs. 10,000 (since inception) | B103: 109032.99 | C103: NA | D103: NA | E103: 45059.912 | F103: 54614.252 | G103: 48324.885 | H103: 59021.768 | I103: NA | J103: NA | K103: 48946.978 | L103: 49977.519 | M103: 48324.885 | N103: 38354.6 | O103: 42182.388 | P103: 32021.857 | Q103: 44054 | R103: 42182.388 | S103: 32021.857 | T103: 20195.467 | U103: 38697.97 | V103: 33597.222 | W103: 22808.061 | X103: 38697.97 | Y103: 33597.222 | Z103: 49152 | AA103: 27460.028 | AB103: 65890.893 | AC103: 66510.367 | AD103: 40688.523 | AE103: 48324.885 | AF103: 9776.5 | AG103: 9249.4881 | AH103: 9976.7961 | AI103: 9885.8 | AJ103: 9249.4881 | AK103: 9976.7961 | AL103: 166650.13 | AM103: 550225.35 | AN103: NA | AO103: 63524.393 | AP103: 54614.252 | AQ103: 48324.885 | AR103: 16686.3 | AS103: 16160.96 | AT103: 14121.149 | AU103: 17419.6 | AV103: 16160.96 | AW103: 14121.149 | AX103: 30453.8 | AY103: 26851.293 | AZ103: 24823.055 | BA103: 32934.8 | BB103: 26851.293 | BC103: 24823.055 | BD103: 21551.9 | BE103: 27029.767 | BF103: 26325.589 | BG103: 23645.7 | BH103: 27029.767 | BI103: 26325.589 | BJ103: 28765.2 | BK103: 44285.913 | BL103: 31861.611 | BM103: 32112.9 | BN103: 44285.913 | BO103: 31861.611 | BP103: 28132 | BQ103: 32271.755 | BR103: 24682.247 | BS103: 30655.9 | BT103: 32271.755 | BU103: 24682.247 | BV103: 29664.1 | BW103: 29462.202 | BX103: 28281.767 | BY103: 33135.5 | BZ103: 29462.202 | CA103: 28281.767 | CB103: 23550.1 | CC103: 24849.082 | CD103: 23024.941 | CE103: 25293.9 | CF103: 24849.082 | CG103: 23024.941 | CH103: 37058.9 | CI103: NA | CJ103: NA | CK103: 41118.184 | CL103: 45034.115 | CM103: 50244.479
A105: First Tier Benchmark Index | C105: Nifty 500 TRI | D105: Nifty 50 TRI | F105: Nifty 500 TRI | G105: Nifty 50 TRI | I105: Nifty 100 TRI | J105: Nifty 50 TRI | L105: Nifty 100 TRI | M105: Nifty 50 TRI | O105: Nifty Large Midcap 250 TRI | P105: Nifty 50 TRI | R105: Nifty Large Midcap 250 TRI | S105: Nifty 50 TRI | U105: Nifty Financial Services TRI | V105: Nifty 50 TRI | X105: Nifty Financial Services TRI | Y105: Nifty 50 TRI | AA105: Nifty Infrastructure TRI | AB105: Nifty 50 TRI | AD105: Nifty Infrastructure TRI | AE105: Nifty 50 TRI | AG105: Nifty India Manufacturing Index (TRI) | AH105: Nifty 50 TRI | AJ105: Nifty India Manufacturing Index (TRI) | AK105: Nifty 50 TRI | AM105: Nifty 500 TRI | AN105: Nifty 50 TRI | AP105: Nifty 500 TRI | AQ105: Nifty 50 TRI | AS105: NIFTY 500 Multicap 50:25:25 TRI | AT105: Nifty 50 TRI | AV105: NIFTY 500 Multicap 50:25:25 TRI | AW105: Nifty 50 TRI | AY105: NIFTY 500 TRI | AZ105: Nifty 50 TRI | BB105: NIFTY 500 TRI | BC105: Nifty 50 TRI | BE105: NIFTY 500 TRI | BF105: Nifty 50 TRI | BH105: NIFTY 500 TRI | BI105: Nifty 50 TRI | BK105: NIFTY Midcap 150 TRI | BL105: Nifty 50 TRI | BN105: NIFTY Midcap 150 TRI | BO105: Nifty 50 TRI | BQ105: BSE Health Care TRI | BR105: Nifty 50 TRI | BT105: BSE Health Care TRI | BU105: Nifty 50 TRI | BW105: NIFTY Smallcap 250 TRI | BX105: Nifty 50 TRI | BZ105: NIFTY Smallcap 250 TRI | CA105: Nifty 50 TRI | CC105: NIFTY 500 TRI | CD105: BSE Sensex TRI | CF105: NIFTY 500 TRI | CG105: BSE Sensex TRI | CI105: CRISIL Hybrid 35+65 - Aggressive Index | CJ105: Nifty 50 TRI | CL105: CRISIL Hybrid 35+65 - Aggressive Index | CM105: Nifty 50 TRI
A106: NAV/ Index Value | B106: 93.1569 | C106: 36160.26 | D106: 36972.5 | E106: 102.4894 | F106: =C106 -> 36160.26 | G106: =D106 -> 36972.5 | H106: 55.5005 | I106: 34591.14 | J106: =D106 -> 36972.5 | K106: 62.9877 | L106: =I106 -> 34591.14 | M106: =J106 -> 36972.5 | N106: 38.3546 | O106: 20636.51 | P106: =M106 -> 36972.5 | Q106: 44.054 | R106: =O106 -> 20636.51 | S106: =P106 -> 36972.5 | T106: 20.6545 | U106: 33369.84 | V106: =P106 -> 36972.5 | W106: 23.2697 | X106: =U106 -> 33369.84 | Y106: =V106 -> 36972.5 | Z106: 49.152 | AA106: 11687.29 | AB106: =V106 -> 36972.5 | AC106: 56.0423 | AD106: =AA106 -> 11687.29 | AE106: =AB106 -> 36972.5 | AF106: 9.7765 | AG106: 18346.11 | AH106: =AB106 -> 36972.5 | AI106: 9.8858 | AJ106: =AG106 -> 18346.11 | AK106: =AH106 -> 36972.5 | AL106: 150.4628 | AM106: =F106 -> 36160.26 | AN106: =V106 -> 36972.5 | AO106: 171.4953 | AP106: =AM106 -> 36160.26 | AQ106: =AN106 -> 36972.5 | AR106: 16.6863 | AS106: 20614.71 | AT106: =+Hybrid!Y104 -> 36972.5 | AU106: 17.4196 | AV106: =AS106 -> 20614.71 | AW106: =AT106 -> 36972.5 | AX106: 30.4538 | AY106: =AP106 -> 36160.26 | AZ106: =AW106 -> 36972.5 | BA106: 32.9348 | BB106: =AY106 -> 36160.26 | BC106: =AZ106 -> 36972.5 | BD106: 21.5519 | BE106: =AY106 -> 36160.26 | BF106: =AZ106 -> 36972.5 | BG106: 23.6457 | BH106: =BE106 -> 36160.26 | BI106: =BF106 -> 36972.5 | BJ106: 28.7652 | BK106: 26763.04 | BL106: =BI106 -> 36972.5 | BM106: 32.1129 | BN106: =BK106 -> 26763.04 | BO106: =BL106 -> 36972.5 | BP106: 28.132 | BQ106: 49243.762 | BR106: =BO106 -> 36972.5 | BS106: 30.6559 | BT106: =BQ106 -> 49243.762 | BU106: =BR106 -> 36972.5 | BV106: 29.6641 | BW106: 21308.95 | BX106: =BU106 -> 36972.5 | BY106: 33.1355 | BZ106: =BW106 -> 21308.95 | CA106: =BX106 -> 36972.5 | CB106: 23.5501 | CC106: =BH106 -> 36160.26 | CD106: 126803.74 | CE106: 25.2939 | CF106: =CC106 -> 36160.26 | CG106: =CD106 -> 126803.74 | CH106: 37.1146 | CI106: 20559.92 | CJ106: =BI106 -> 36972.5 | CK106: 41.1445 | CL106: =CI106 -> 20559.92 | CM106: =CJ106 -> 36972.5
A107: Scheme Riskometer | B107: The Product is suitable for investors who are seeking*
B108: :) Long term capital appreciation | H108: :) Long Term Capital Appreciation | N108: :) Long Term Capital Appreciation. | T108: :) Capital appreciation over long term | Z108: :) Long Term Capital Growth | AF108: :) Capital appreciation over long term | AL108: :) Long Term Capital Growth | AR108: :) Long term capital appreciation | AX108: :) Long term capital appreciation | BD108: :) Long term capital appreciation | BJ108: :) Long term capital appreciation | BP108: :) Long term capital appreciation | BV108: :) Long term capital appreciation | CB108: :) Long term capital appreciation | CH108: :) Long term capital appreciation and current income
B109: :) Investing across Large, Mid & Small Cap stocks. | H109: :) A Fund that primarily invest in large-cap stock. | N109: :) A fund that primarily invests in Large and Mid-cap stocks | T109: :) Investing predominantly in portfolio of equity and equity related securities of companies engaged in banking and financial services. | Z109: :) Investment in equity and equity related instruments of companies engaged either directly or indirectly in infrastructure sector. | AF109: :)Investment predominantly in equity and equity related instruments of companies following manufacturing theme. | AL109: :) Investment in equity and equity related securities | AR109: :) Investing in equity and equity related intruments across Large, Mid & Small Cap stocks. | AX109: :) Investment predominantly in dividend yielding equity and equity related instruments. | BD109: :) Investment in equity & equity related instruments of up to 30 companies across market capitalization. | BJ109: :) Investment predominantly in equity and equity related instruments of Midcap companies. | BP109: :) Investment predominantly in equity and equity related instruments of companies engaged in Healthcare & Allied Sectors. | BV109: :) Investment predominantly in equity and equity related instruments of Smallcap companies. | CB109: :) Investment in equity and equity related instruments by following value investment strategy. | CH109: :) Investment in Equity and equity related securities, fixed income securities (debt and money market securities).
A123: Benchmark Riskometer | B123: First Tier Benchmark - Nifty 500 TRI | H123: First Tier Benchmark - Nifty 100 TRI | N123: First Tier Benchmark - Nifty LargeMidcap 250 TRI | T123: First Tier Benchmark - Nifty Financial Services TRI | Z123: First Tier Benchmark - Nifty Infrastructure TRI | AF123: First Tier Benchmark - Nifty India Manufacturing Index (TRI) | AL123: First Tier Benchmark - Nifty 500 TRI | AR123: First Tier Benchmark - Nifty 500 Multicap 50:25:25 | AX123: First Tier Benchmark - Nifty 500 TRI | BD123: First Tier Benchmark - Nifty 500 TRI | BJ123: First Tier Benchmark - Nifty Midcap 150 TRI | BP123: First Tier Benchmark - BSE Health Care TRI | BV123: First Tier Benchmark - Nifty Smallcap 250 TRI | CB123: First Tier Benchmark - Nifty 500 TRI | CH123: First Tier Benchmark - CRISIL Hybrid 35+65 - Aggressive Index
I138: `
A139: Disclaimer :
A140: Mutual Fund Investments are subject to market risks, read all scheme related documents carefully.
A141: *Investors should consult their financial advisers if in doubt about whether the product is suitable for them.
A143: Notes:
A144: 1) All scheme returns are for growth option
A145: 2) All above data is as on 31/5/2025.
A146: 3)The performance of the scheme is benchmarked to the Total Return variant of the Index
A147: 4) The scheme performance IDBI MF schemes merged with LIC MF schemes herewith is a blended performance on weighted average, as per applicable guidelines of SEBI.
A148: "@ Base TER excludes additional expenses provided in Regulation 52(6A)(b) and 52(6A)(c) of SEBI (Mutual Funds) Regulations, 1996 and Goods and Services Tax (GST) on investment and advisory fees as per applicable RATE.
A149: LIC MF Manufacturing Fund - Since the scheme has not complpeted 1 year, the annual portfolio turnover ratio has not been provided.
...

Sheet Debt-Excl.Over,Liq,MM
A1: =Equity!A1 -> Dashboard as on 31/5/2025
A2: Scheme Name | B2: LIC MF Banking & PSU Fund | H2: LIC MF Gilt Fund | N2: LIC MF Medium to Long Duration Fund | T2: LIC MF Short Duration Fund | Z2: **LIC MF Low Duration Fund | AF2: LIC MF Ultra Short Duration Fund
A3: SEBI Code | B3: LICM/O/D/BPF/07/05/0013 | H3: LICM/O/D/GIL/99/09/0007 | N3: LICM/O/D/MLD/99/02/0006 | T3: LICM/O/D/SDF/18/07/0021 | Z3: LICM/O/D/LOW/03/02/0012 | AF3: LICM/O/D/USD/19/11/0024
A4: Date of Allotment - Regular | B4: 31.05.2007 | H4: 10.12.1999 | N4: 23.06.1999 | T4: 01.02.2019 | Z4: 09.06.2003 | AF4: 27.11.2019
A5: Date of Allotment - Direct | B5: 01.01.2013 | H5: 01.01.2013 | N5: 01.01.2013 | T5: 01.02.2019 | Z5: 01.01.2013 | AF5: 27.11.2019
A7: AUM (in Rs. crore) | B7: 1931.59 | H7: 92.25 | N7: 201.51 | T7: 262.44 | Z7: 2100.35 | AF7: 267.38
A9: Investment Objective | B9: The primary investment objective of the Scheme is to seek to generate income and capital appreciation by primarily investing in a portfolio of high quality debt and money market securities that are issued by banks, public sector undertakings, public financial institutions and Municipal Bonds. There is no assurance that the investment objective of the Scheme will be achieved. | H9: The primary objective of the scheme is to generate credit risk free and reasonable returns for its investors through investments in sovereign securities issued by the central and /or state Government and/or any security unconditionally guaranteed by the central/ state government for repayment of Principal and interest and/or reverse repos in such securities as and when permitted by RBI. There is no assurance that the investment objective of the Scheme will be achieved. | N9: LIC MF Medium to Long Duration Fund is an open-ended debt scheme which will endeavor to generate an attractive return for its investors by investing in a portfolio is between 4 years and 7 years. There is no assurance that the investment objective of the Scheme will be achieved. | T9: The primary investment objective of the scheme is to generate returns commensurate with risk from a portfolio constituted of Debt securities and/or Money Market instruments. There is no assurance that the investment objective of the Scheme will be achieved. | Z9: The investment objective of the Scheme is to generate income by investing in a portfolio of quality short term debt securities. There is no assurance that the investment objective of the Scheme will be achieved. | AF9: The investment objective of the scheme is to generate returns through investment in Debt & Money Market instruments such that the Macaulay duration of the portfolio is between 3 months - 6 months. There is no assurance that the investment objective of the Scheme will be achieved.
A11: Fund Manager | B11: Mr. Marzban Irani (Debt - managing since 10/08/16) / Mr. Pratik Harish Shroff Debt - managing since 26/09/23) | H11: Mr. Marzban Irani Debt - managing since 10/08/16) & Mr. Pratik Harish Shroff Debt - managing since 26/09/23) | N11: Mr. Marzban Irani Debt - managing since 10/08/16) & Mr. Pratik Harish Shroff (Debt - managing since 26/09/23) | T11: Mr. Marzban Irani (Debt - managing since 01/02/19) & Mr. Pratik Harish Shroff (Debt - managing since 26/09/23) | Z11: Mr. Rahul Singh (Debt - managing since 07/09/15) | AF11: Mr. Rahul Singh (Debt - managing since 27/11/19)
A13: Total Expense Ratio
B14: Regular | E14: Direct | H14: Regular | K14: Direct | N14: Regular | Q14: Direct | T14: Regular | W14: Direct | Z14: Regular | AC14: Direct | AF14: Regular | AI14: Direct
A15: Base TER (%)@ | B15: 0.75 | E15: 0.25 | H15: 1.35 | K15: 0.62 | N15: 1.21 | Q15: 0.2 | T15: 1.29 | W15: 0.33 | Z15: 0.93 | AC15: 0.24 | AF15: 0.93 | AI15: 0.23
A16: Additional expense as per Regulation 52(6A)(b) (%)# | B16: 0 | E16: 0 | H16: 0 | K16: 0 | N16: 0 | Q16: 0 | T16: 0 | W16: 0 | Z16: 0 | AC16: 0 | AF16: 0 | AI16: 0
A17: Additional expense as per Regulation 52(6A)(c) (%)$ | B17: 0 | E17: 0 | H17: 0.05 | K17: 0.05 | N17: 0 | Q17: 0 | T17: 0 | W17: 0 | Z17: 0 | AC17: 0 | AF17: 0 | AI17: 0
A18: GST (%)^ | B18: 0.03 | E18: 0.03 | H18: 0.08 | K18: 0.08 | N18: 0.01 | Q18: 0.01 | T18: 0.03 | W18: 0.03 | Z18: 0.03 | AC18: 0.02 | AF18: 0.02 | AI18: 0.02
A19: Total TER (%) | B19: =SUM(B15:D18) -> 0.78 | E19: =SUM(E15:G18) -> 0.28 | H19: =SUM(H15:J18) -> 1.48 | K19: =SUM(K15:M18) -> 0.75 | N19: =SUM(N15:P18) -> 1.22 | Q19: =SUM(Q15:S18) -> 0.21 | T19: =SUM(T15:V18) -> 1.32 | W19: =SUM(W15:Y18) -> 0.36 | Z19: =SUM(Z15:AB18) -> 0.96 | AC19: =SUM(AC15:AE18) -> 0.26 | AF19: =SUM(AF15:AH18) -> 0.95 | AI19: =SUM(AI15:AK18) -> 0.25
A21: Portfolio (Top 10 Holdings) | B21: Name of the issuer | E21: % of Net Assets | H21: Name of the issuer | K21: % of Net Assets | N21: Name of the issuer | Q21: % of Net Assets | T21: Name of the issuer | W21: % of Net Assets | Z21: Name of the issuer | AC21: % of Net Assets | AF21: Name of the issuer | AI21: % of Net Assets
B22: Government Bond | E22: 9.1453 | H22: Government Bond | K22: 86.5262 | N22: State Government Bond | Q22: 55.3653 | T22: National Bk for Agriculture & Rural Dev. | W22: 9.78 | Z22: REC Ltd. | AC22: 7.3715 | AF22: National Bk for Agriculture & Rural Dev. | AI22: 9.78
B23: Small Industries Development Bk of India | E23: 8.3141 | H23: State Government Bond | K23: 5.2471 | N23: Government Bond | Q23: 32.4805 | T23: Angel One Ltd. | W23: 9.3259 | Z23: National Bk for Agriculture & Rural Dev. | AC23: 7.303 | AF23: Angel One Ltd. | AI23: 9.3259
B24: REC Ltd. | E24: 7.1259 | N24: HDFC Bank Ltd. | Q24: 5.5688 | T24: Government Treasury Bill | W24: 9.2644 | Z24: Small Industries Development Bk of India | AC24: 7.1896 | AF24: Government Treasury Bill | AI24: 9.2644
B25: Export Import Bank of India | E25: 7.0881 | N25: Jamnagar Utilities & Power Pvt. Ltd. | Q25: 5.2552 | T25: Axis Bank Ltd. | W25: 9.2229 | Z25: HDFC Bank Ltd. | AC25: 6.0113 | AF25: Axis Bank Ltd. | AI25: 9.2229
B26: Power Finance Corporation Ltd. | E26: 6.8187 | N26: SBI Funds Management Ltd. | Q26: 0.2527 | T26: Export Import Bank of India | W26: 9.0802 | Z26: Time Technoplast Ltd. | AC26: 5.6531 | AF26: Export Import Bank of India | AI26: 9.0802
B27: State Government Bond | E27: 6.5722 | T27: HDFC Bank Ltd. | W27: 9.0521 | Z27: Government Bond | AC27: 5.6441 | AF27: HDFC Bank Ltd. | AI27: 9.0521
B28: Indian Railway Finance Corporation Ltd. | E28: 6.5031 | T28: Canara Bank | W28: 9.04 | Z28: Canara Bank | AC28: 5.511 | AF28: Canara Bank | AI28: 9.04
B29: National Housing Bank | E29: 5.4743 | T29: Time Technoplast Ltd. | W29: 7.3225 | Z29: Power Finance Corporation Ltd. | AC29: 5.4967 | AF29: Time Technoplast Ltd. | AI29: 7.3225
B30: National Bk for Agriculture & Rural Dev. | E30: 4.8723 | T30: IndusInd Bank Ltd. | W30: 7.168 | Z30: Aditya Birla Finance Ltd. | AC30: 4.8595 | AF30: IndusInd Bank Ltd. | AI30: 7.168
B31: Power Grid Corporation of India Ltd. | E31: 4.6335 | T31: Small Industries Development Bk of India | W31: 3.6553 | Z31: Axis Bank Ltd. | AC31: 4.6884 | AF31: Small Industries Development Bk of India | AI31: 3.6553
B34: Grand Total | E34: =SUM(E22:G33) -> 66.5475 | H34: Grand Total | K34: =SUM(K22:M33) -> 91.7733 | N34: Grand Total | Q34: =SUM(Q22:S33) -> 98.9225 | T34: Grand Total | W34: =SUM(W22:Y33) -> 82.9113 | Z34: Total | AC34: =SUM(AC22:AE33) -> 59.7282 | AF34: Total | AI34: =SUM(AI22:AK33) -> 82.9113
A36: Asset Allocation | B36: Asset Allocation | E36: % of Net Assets | H36: Asset Allocation | K36: % of Net Assets | N36: Asset Allocation | Q36: % of Net Assets | T36: Asset Allocation | W36: % of Net Assets | Z36: Asset Allocation | AC36: % of Net Assets | AF36: Asset Allocation | AI36: % of Net Assets
B37: CORPORATE DEBT | E37: 75.087356 | H37: GOVERNMENT BOND AND TREASURY BILL | K37: 91.773706 | N37: GOVERNMENT BOND AND TREASURY BILL | Q37: 87.846193 | T37: CORPORATE DEBT | W37: 39.821554 | Z37: Money Market Instruments | AC37: 55.091356 | AF37: Money Market Instruments | AI37: 67.501482
B38: GOVERNMENT BOND AND TREASURY BILL | E38: 15.717887 | H38: Cash & Other Receivables | K38: 8.2262942 | N38: CORPORATE DEBT | Q38: 10.824098 | T38: GOVERNMENT BOND AND TREASURY BILL | W38: 30.984817 | Z38: CORPORATE DEBT | AC38: 30.387514 | AF38: Cash & Other Receivables | AI38: 13.160628
B39: Money Market Instruments | E39: 7.3097963 | N39: Cash & Other Receivables | Q39: 1.0769636 | T39: Money Market Instruments | W39: 24.208699 | Z39: GOVERNMENT BOND AND TREASURY BILL | AC39: 10.836844 | AF39: CORPORATE DEBT | AI39: 9.7800761
B40: Cash & Other Receivables | C40: Cash & Other Receivables | D40: Cash & Other Receivables | E40: 1.6324751 | N40: Mutual Fund Units | Q40: 0.25274512 | T40: Cash & Other Receivables | W40: 4.8312993 | Z40: Cash & Other Receivables | AC40: 3.4886823 | AF40: GOVERNMENT BOND AND TREASURY BILL | AI40: 9.264463
B41: Mutual Fund Units | E41: 0.2524854 | T41: Mutual Fund Units | W41: 0.15363035 | Z41: Mutual Fund Units | AC41: 0.19560507 | AF41: Mutual Fund Units | AI41: 0.29335148
B42: Grand Total | E42: =SUM(E37:G41) -> 100 | H42: Grand Total | K42: =SUM(K37:M41) -> 100 | N42: Grand Total | Q42: =SUM(Q37:S41) -> 100 | T42: Grand Total | W42: =SUM(W37:Y41) -> 100 | Z42: Grand Total | AC42: =SUM(AC37:AE41) -> 100 | AF42: Grand Total | AI42: =SUM(AI37:AK41) -> 100
A44: Scheme Past Performance | B44: Regular (Growth) | E44: Direct (Growth) | H44: Regular (Growth) | K44: Direct (Growth) | N44: Regular (Growth) | Q44: Direct (Growth) | T44: Regular (Growth) | W44: Direct (Growth) | Z44: Regular (Growth) | AC44: Direct (Growth) | AF44: Regular (Growth) | AI44: Direct (Growth)
B45: Scheme | C45: Scheme Benchmark | D45: Additional Benchmark | E45: Scheme | F45: Scheme Benchmark | G45: Additional Benchmark | H45: Scheme | I45: Scheme Benchmark | J45: Additional Benchmark | K45: Scheme | L45: Scheme Benchmark | M45: Additional Benchmark | N45: Scheme | O45: Scheme Benchmark | P45: Additional Benchmark | Q45: Scheme | R45: Scheme Benchmark | S45: Additional Benchmark | T45: Scheme | U45: Scheme Benchmark | V45: Additional Benchmark | W45: Scheme | X45: Scheme Benchmark | Y45: Additional Benchmark | Z45: Scheme | AA45: Scheme Benchmark | AB45: Additional Benchmark | AC45: Scheme | AD45: Scheme Benchmark | AE45: Additional Benchmark | AF45: Scheme | AG45: Scheme Benchmark | AH45: Additional Benchmark | AI45: Scheme | AJ45: Scheme Benchmark | AK45: Additional Benchmark
A46: 1 Year CAGR (%) | B46: 9.9326693 | C46: 8.8806455 | D46: 11.745761 | E46: 10.484049 | F46: 8.8806455 | G46: 11.745761 | H46: 9.8995652 | I46: 11.646545 | J46: 11.745761 | K46: 10.704491 | L46: 11.646545 | M46: 11.745761 | N46: 10.97404 | O46: 10.936201 | P46: 11.745761 | Q46: 12.101858 | R46: 10.936201 | S46: 11.745761 | T46: 9.169718 | U46: 9.184701 | V46: 11.745761 | W46: 10.228164 | X46: 9.184701 | Y46: 11.745761 | Z46: 7.7124435 | AA46: 8.0203751 | AB46: 8.0091695 | AC46: 8.4649671 | AD46: 8.0203751 | AE46: 8.0091695 | AF46: 7.088344 | AG46: 7.6622237 | AH46: 8.0091695 | AI46: 7.8595087 | AJ46: 7.6622237 | AK46: 8.0091695
A47: 3 Years CAGR (%) | B47: 7.385893 | C47: 7.3865719 | D47: 9.4343801 | E47: 7.9437272 | F47: 7.3865719 | G47: 9.4343801 | H47: 7.3878438 | I47: 9.7451179 | J47: 9.4343801 | K47: 8.1677439 | L47: 9.7451179 | M47: 9.4343801 | N47: 8.5426336 | O47: 8.6889132 | P47: 9.4343801 | Q47: 9.4354144 | R47: 8.6889132 | S47: 9.4343801 | T47: 6.9433538 | U47: 7.6536946 | V47: 9.4343801 | W47: 7.9977106 | X47: 7.6536946 | Y47: 9.4343801 | Z47: 6.6760062 | AA47: 7.3540748 | AB47: 7.1105679 | AC47: 7.3612867 | AD47: 7.3540748 | AE47: 7.1105679 | AF47: 6.5043507 | AG47: 7.2926638 | AH47: 7.1105679 | AI47: 7.0112792 | AJ47: 7.2926638 | AK47: 7.1105679
A48: 5 Years CAGR (%) | B48: 5.8483591 | C48: 5.966035 | D48: 5.5037694 | E48: 6.4103824 | F48: 5.966035 | G48: 5.5037694 | H48: 5.4108012 | I48: 6.5905835 | J48: 5.5037694 | K48: 6.1781948 | L48: 6.5905835 | M48: 5.5037694 | N48: 5.662386 | O48: 6.572014 | P48: 5.5037694 | Q48: 6.3759437 | R48: 6.572014 | S48: 5.5037694 | T48: 5.4169552 | U48: 6.3008787 | V48: 5.5037694 | W48: 6.4932842 | X48: 6.3008787 | Y48: 5.5037694 | Z48: 5.806724 | AA48: 6.0864163 | AB48: 5.520525 | AC48: 6.44357 | AD48: 6.0864163 | AE48: 5.520525 | AF48: 5.4983928 | AG48: 5.9636586 | AH48: 5.520525 | AI48: 5.8737281 | AJ48: 5.9636586 | AK48: 5.520525
A49: Since Inception CAGR (%) | B49: 7.1985046 | C49: 7.8265944 | D49: 6.8305055 | E49: 7.6098538 | F49: 7.5106477 | G49: 6.8486759 | H49: 7.3230238 | I49: NA | J49: NA | K49: 7.8332027 | L49: 7.6994381 | M49: 6.8494656 | N49: 7.9653918 | O49: 9.1462 | P49: NA | Q49: 7.4487701 | R49: 8.1110917 | S49: 6.8494656 | T49: 5.935448 | U49: 7.1774399 | V49: 7.2203934 | W49: 7.2063086 | X49: 7.1774399 | Y49: 7.2203934 | Z49: 6.4326645 | AA49: 7.0847325 | AB49: 6.0086666 | AC49: 7.2616995 | AD49: 7.5316405 | AE49: 6.5681618 | AF49: 5.4498694 | AG49: 6.0585428 | AH49: 5.7753801 | AI49: 5.8190797 | AJ49: 6.0585428 | AK49: 5.7753801
A50: Current Value of Investment of Rs. 10,000 (1 Year ago) | B50: 10990.415 | C50: 10885.527 | D50: 11171.177 | E50: 11045.387 | F50: 10885.527 | G50: 11171.177 | H50: 10987.115 | I50: 11161.285 | J50: 11171.177 | K50: 11067.365 | L50: 11161.285 | M50: 11171.177 | N50: 11094.239 | O50: 11090.466 | P50: 11171.177 | Q50: 11206.678 | R50: 11090.466 | S50: 11171.177 | T50: 10914.348 | U50: 10915.842 | V50: 11171.177 | W50: 11019.876 | X50: 10915.842 | Y50: 11171.177 | Z50: 10769.052 | AA50: 10799.755 | AB50: 10798.637 | AC50: 10844.082 | AD50: 10799.755 | AE50: 10798.637 | AF50: 10706.825 | AG50: 10764.045 | AH50: 10798.637 | AI50: 10783.715 | AJ50: 10764.045 | AK50: 10798.637
A51: Current Value of Investment of Rs. 10,000 (3 Year ago) | B51: 12383.451 | C51: 12383.686 | D51: 13105.734 | E51: 12577.439 | F51: 12383.686 | G51: 13105.734 | H51: 12384.126 | I51: 13217.692 | J51: 13105.734 | K51: 12655.908 | L51: 13217.692 | M51: 13105.734 | N51: 12787.954 | O51: 12839.725 | P51: 13105.734 | Q51: 13106.106 | R51: 12839.725 | S51: 13105.734 | T51: 12230.984 | U51: 12476.329 | V51: 13105.734 | W51: 12596.319 | X51: 12476.329 | Y51: 13105.734 | Z51: 12139.484 | AA51: 12372.447 | AB51: 12288.446 | AC51: 12374.941 | AD51: 12372.447 | AE51: 12288.446 | AF51: 12080.977 | AG51: 12351.226 | AH51: 12288.446 | AI51: 12254.304 | AJ51: 12351.226 | AK51: 12288.446
A52: Current Value of Investment of Rs. 10,000 (5 Year ago) | B52: 13290.946 | C52: 13365.073 | D52: 13075.773 | E52: 13647.964 | F52: 13365.073 | G52: 13075.773 | H52: 13018.201 | I52: 13764.045 | J52: 13075.773 | K52: 13499.552 | L52: 13764.045 | M52: 13075.773 | N52: 13174.47 | O52: 13752.047 | P52: 13075.773 | Q52: 13625.869 | R52: 13752.047 | S52: 13075.773 | T52: 13022.006 | U52: 13577.809 | V52: 13075.773 | W52: 13701.27 | X52: 13577.809 | Y52: 13075.773 | Z52: 13264.799 | AA52: 13441.245 | AB52: 13086.171 | AC52: 13669.284 | AD52: 13441.245 | AE52: 13086.171 | AF52: 13072.438 | AG52: 13363.572 | AH52: 13086.171 | AI52: 13306.899 | AJ52: 13363.572 | AK52: 13086.171
A53: Current Value of Investment of Rs. 10,000 (since inception) | B53: 34972.6 | C53: 38853.007 | D53: 32872.261 | E53: 24854.306 | F53: 24571.359 | G53: 22757.864 | H53: 60574.6 | I53: NA | J53: NA | K53: 25507.591 | L53: 25117.486 | M53: 22764.083 | N53: 73088.4 | O53: 96928 | P53: NA | Q53: 24401.182 | R53: 26335.884 | S53: 22764.083 | T53: 14403.917 | U53: 15506.625 | V53: 15545.997 | W53: 15533.077 | X53: 15506.625 | Y53: 15545.997 | Z53: 39386.905 | AA53: 45048.512 | AB53: 36077.171 | AC53: 23878.905 | AD53: 24635.885 | AE53: 22031.032 | AF53: 13395.972 | AG53: 13827.576 | AH53: 13625.395 | AI53: 13656.438 | AJ53: 13827.576 | AK53: 13625.395
A55: First Tier Benchmark Index | C55: NIFTY Banking & PSU Debt Index A-II | D55: CRISIL 10 Year Gilt Index | F55: NIFTY Banking & PSU Debt Index A-II | G55: CRISIL 10 Year Gilt Index | I55: NIFTY All Duration G-Sec Index | J55: Crisil 10 Year Gilt Index | L55: NIFTY All Duration G-Sec Index | M55: Crisil 10 Year Gilt Index | O55: CRISIL Medium to Long Duration Debt A-III Index | P55: Crisil 10 Year Gilt Index | R55: CRISIL Medium to Long Duration Debt A-III Index | S55: Crisil 10 Year Gilt Index | U55: CRISIL Short Duration Debt A-II Index | V55: Crisil 10 Year Gilt Index | X55: CRISIL Short Duration Debt A-II Index | Y55: Crisil 10 Year Gilt Index | AA55: CRISIL Low Duration Debt A-I Index | AB55: Crisil 1 Year T-Bill Index | AD55: CRISIL Low Duration Debt A-I Index | AE55: Crisil 1 Year T-Bill Index | AG55: CRISIL Ultra Short Duration Debt A-I Index | AH55: CRISIL 1 Year T-Bill Index | AJ55: CRISIL Ultra Short Duration Debt A-I Index | AK55: CRISIL 1 Year T-Bill Index
A56: NAV/ Index Value | B56: 34.9726 | C56: 5625.76 | D56: 5164.3965 | E56: 37.701 | F56: =C56 -> 5625.76 | G56: =D56 -> 5164.3965 | H56: 60.5746 | I56: 5446.35 | J56: =D56 -> 5164.3965 | K56: 66.6998 | L56: =I56 -> 5446.35 | M56: =D56 -> 5164.3965 | N56: 73.0884 | O56: 14938.008 | P56: =D56 -> 5164.3965 | Q56: 78.6943 | R56: =O56 -> 14938.008 | S56: =P56 -> 5164.3965 | T56: 14.6082 | U56: 5008.5106 | V56: =S56 -> 5164.3965 | W56: 15.5907 | X56: =U56 -> 5008.5106 | Y56: =V56 -> 5164.3965 | Z56: 39.1457 | AA56: 7986.4849 | AB56: 7756.7645 | AC56: 42.7079 | AD56: =AA56 -> 7986.4849 | AE56: =AB56 -> 7756.7645 | AF56: 1315.3503 | AG56: 8054.1473 | AH56: =AE56 -> 7756.7645 | AI56: 1343.2391 | AJ56: =AG56 -> 8054.1473 | AK56: =AH56 -> 7756.7645
A57: Scheme Riskometer | B57: The product is suitable for investors who are seeking*
B58: :) Income for medium term capital appreciation with current income. | H58: :) Long term Capital Appreciation and current income | N58: :) Income Over Medium to long term | T58: :) Generation of reasonable returns over short to medium term. | Z58: :) Income for short term | AF58: :) Income over short term.
B59: :) An income fund that invests predominantly in debt and money market instruments issued by Banks, Public Sector Undertakings, Public Financial Institutions and Municipal Bonds. | H59: :) Investment in sovereign securities issued by Central / State Government | N59: :) To generate income/capital appreciation through investments in Debt / Money Market Instruments | T59: :) Investment in Debt securities and money market instruments. | Z59: :) A fund that focuses on low duration securities. | AF59: :) Investment in Debt & Money Market Instruments such that the Macaulay Duration of the portfolio is between 3 months- 6 months.
B75: First Tier Benchmark - NIFTY Banking & PSU Debt Index A-II | H75: First Tier Benchmark - NIFTY All Duration G-Sec Index | N75: First Tier Benchmark - CRISIL Medium to Long Duration Debt A-III Index | T75: First Tier Benchmark - CRISIL Short Duration Debt A-II Index | Z75: First Tier Benchmark - CRISIL Low Duration Debt A-I Index | AF75: First Tier Benchmark - CRISIL Ultra Short Duration Debt A-I Index
A91: Potential Risk Class (PRC) Matrix | B91: Potential Risk Class | H91: Potential Risk Class | N91: Potential Risk Class | T91: Potential Risk Class | Z91: Potential Risk Class | AF91: Potential Risk Class
B92: Credit Risk | D92: Relatively Low (Class A) | E92: Moderate (Class B) | F92: Relatively High (Class C) | H92: Credit Risk | J92: Relatively Low (Class A) | K92: Moderate (Class B) | L92: Relatively High (Class C) | N92: Credit Risk | P92: Relatively Low (Class A) | Q92: Moderate (Class B) | R92: Relatively High (Class C) | T92: Credit Risk | V92: Relatively Low (Class A) | W92: Moderate (Class B) | X92: Relatively High (Class C) | Z92: Credit Risk | AB92: Relatively Low (Class A) | AC92: Moderate (Class B) | AD92: Relatively High (Class C) | AF92: Credit Risk | AH92: Relatively Low (Class A) | AI92: Moderate (Class B) | AJ92: Relatively High (Class C)
B93: Interest Rate Risk | H93: Interest Rate Risk | N93: Interest Rate Risk | T93: Interest Rate Risk | Z93: Interest Rate Risk | AF93: Interest Rate Risk
B94: Relatively Low (Class I) | H94: Relatively Low (Class I) | N94: Relatively Low (Class I) | T94: Relatively Low (Class I) | Z94: Relatively Low (Class I) | AC94: B-I | AF94: Relatively Low (Class I) | AI94: B-I
B95: Scheme (%) | H95: Moderate (Class II) | N95: Moderate (Class II) | T95: Moderate (Class II) | W95: B-II | Z95: Moderate (Class II) | AF95: Moderate (Class II)
B96: Relatively High (Class III) | D96: A-III | H96: Relatively High (Class III) | J96: A-III | N96: Relatively High (Class III) | Q96: B-III | T96: Relatively High (Class III) | Z96: Relatively High (Class III) | AF96: Relatively High (Class III)
A100: Disclaimer :
A101: Mutual Fund Investments are subject to market risks, read all scheme related documents carefully.
A102: *Investors should consult their financial advisers if in doubt about whether the product is suitable for them.
A104: Notes:
A105: 1) All scheme returns are for growth option
A106: =Equity!A145 -> 2) All above data is as on 31/5/2025.
A107: 3)The performance of the scheme is benchmarked to the Total Return variant of the Index
A108: 4) Pursuant to paragraph 17.5 of SEBI Master Circular for Mutual Funds dated May 19, 2023, regarding Potential Risk Class (PRC) Matrix for debt schemes the PRC Matrix for debt schemes of LIC Mutual Fund has been given above.
A109: 5) The scheme performance IDBI MF schemes merged with LIC MF schemes herewith is a blended performance on weighted average, as per applicable guidelines of SEBI.
A110: "@ Base TER excludes additional expenses provided in Regulation 52(6A)(b) and 52(6A)(c) of SEBI (Mutual Funds) Regulations, 1996 and Goods and Services Tax (GST) on investment and advisory fees as per applicable RATE.
A111: "# Additional Expenses not exceeding 0.30% in terms of Regulation 52(6A)(b) of SEBI (Mutual Funds) Regulations, 1996
A112: "$ Additional Expenses not exceeding 0.05% in terms of Regulation 52(6A)(c) of SEBI (Mutual Funds) Regulations, 1996.
A113: " ^ Present GST rate is 18 % on Management Fees.
A114: Percentages mentioned above for TER are annualized
A115: Base TER of direct plan shall have a lower expense ratio excluding distribution expenses, commission, etc., and no commission shall be paid from such plans
A116: Please note that IDBI Credit Risk Fund has been merged in to LIC MF Medium to Long Duration Fund with effect from July 29, 2023. In line with paragraph 13.4.2 of SEBI Master Circular for Mutual Funds dated May 19, 2023, the details of past performance of IDBI Credit Risk Fund prior to merger is available on request of the Investor.
A117: With reference to SEBI’s letter no. SEBI/HO/ IMD/ IMD-SEC-3/ P/ OW/ 2023/ 5823/ 1 dated February 24, 2023, and AMFI Circular No. CIR/ ARN-23/ 2022-23 March 07, 2023, the B-30 incentive structure for new inflows has been kept in abeyance with effect from March 01, 2023 till the incentive structure is appropriately re-instated by SEBI with necessary safeguards.
A118: NA: Not Available. As the scheme was launched before the launch of the benchmark/additional benchmark index, benchmark/additional benchmark index figures since inception or the required period are not available.

Sheet Debt-Over,Liq,MM
A1: =Equity!A1 -> Dashboard as on 31/5/2025
A2: Scheme Name | B2: **LIC MF Liquid Fund | H2: LIC MF Overnight Fund | N2: LIC MF Money Market Fund
A3: SEBI Code | B3: LICM/O/D/LIF/02/02/0009 | H3: LICM/O/D/ONF/19/06/0023 | N3: LICM/O/D/MMF/22/06/0026
A4: Date of Allotment - Regular | B4: 18.03.2002 | H4: 18.07.2019 | N4: 01.08.2022
A5: Date of Allotment - Direct | B5: 01.01.2013 | H5: 18.07.2019 | N5: 01.08.2022
A7: AUM (in Rs. crore) | B7: 11164.78 | H7: 833.88 | N7: 462.97
A9: Investment Objective | B9: An open ended scheme which seeks to generate reasonable returns with low risk and high liquidity through judicious mix of investment in money market instruments and quality debt instruments. There is no assurance that the investment objective of the Scheme will be achieved. | H9: The Scheme aims to provide reasonable returns commensurate with low risk and providing a high level of liquidity, through investments made primarily in overnight securities having maturity/residual maturity of 1 business day. There is no assurance that the investment objective of the Scheme will be achieved. | N9: The investment objective of the Scheme is to generate income through investment in a portfolio comprising of money market instruments. There is no assurance that the investment objective of the Scheme will be achieved.
A11: Fund Manager | B11: Mr. Rahul Singh (Debt - managing since 05/10/2015) | H11: Mr. Rahul Singh (Debt - managing since 18/07/19) | N11: Mr. Rahul Singh (Debt - managing since 01/08/22)
A13: Total Expense Ratio
B14: Regular | E14: Direct | H14: Regular | K14: Direct | N14: Regular | Q14: Direct
A15: Base TER (%)@ | B15: 0.29 | E15: 0.15 | H15: 0.15 | K15: 0.07 | N15: 0.48 | Q15: 0.18
A16: Additional expense as per Regulation 52(6A)(b) (%)# | B16: 0 | E16: 0 | H16: 0 | K16: 0 | N16: 0 | Q16: 0
A17: Additional expense as per Regulation 52(6A)(c) (%)$ | B17: 0 | E17: 0 | H17: 0 | K17: 0 | N17: 0 | Q17: 0
A18: GST (%)^ | B18: 0.01 | E18: 0.01 | H18: 0 | K18: 0 | N18: 0.01 | Q18: 0.01
A19: Total TER (%) | B19: =SUM(B15:D18) -> 0.3 | E19: =SUM(E15:G18) -> 0.16 | H19: =SUM(H15:J18) -> 0.15 | K19: =SUM(K15:M18) -> 0.07 | N19: =SUM(N15:P18) -> 0.49 | Q19: =SUM(Q15:S18) -> 0.19
A21: Portfolio (Top 10 Holdings) | B21: Name of the issuer | E21: % of Net Assets | H21: Name of the issuer | K21: % of Net Assets | N21: Name of the issuer | Q21: % of Net Assets
B22: Government Treasury Bill | E22: 15.4733 | H22: Aditya Birla Capital Ltd. | K22: 8.9926 | N22: Government Treasury Bill | Q22: 8.3111
B23: Small Industries Development Bk of India | E23: 9.5366 | H23: HDFC Bank Ltd. | K23: 5.995 | N23: Axis Bank Ltd. | Q23: 7.3479
B24: Reliance Retail Ventures Ltd. | E24: 7.9925 | H24: Government Treasury Bill | K24: 5.9889 | N24: Small Industries Development Bk of India | Q24: 7.2785
B25: Bank of Baroda | E25: 4.8646 | N25: Canara Bank | Q25: 7.2268
B26: National Bk for Agriculture & Rural Dev. | E26: 4.4828 | N26: Indian Bank | Q26: 7.2164
B27: Export Import Bank of India | E27: 4.1339 | N27: Punjab National Bank | Q27: 6.1662
B28: Birla Group Holdings Pvt Ltd. | E28: 3.5793 | N28: Angel One Ltd. | Q28: 5.3697
B29: Reliance Industries Ltd. | E29: 3.5677 | N29: NTPC Ltd. | Q29: 5.1447
B30: Indian Oil Corporation Ltd. | E30: 3.5302 | N30: AU Small Finance Bank Ltd. | Q30: 5.0847
B31: Canara Bank | E31: 3.0912 | N31: IDFC First Bank Ltd. | Q31: 5.0702
B34: Total | E34: =SUM(E22:G33) -> 60.2521 | H34: Total | K34: =SUM(K22:M33) -> 20.9765 | N34: Total | Q34: =SUM(Q22:S33) -> 64.2162
A36: Asset Allocation | B36: Asset Allocation | E36: % of Net Assets | H36: Asset Allocation | K36: % of Net Assets | N36: Asset Allocation | Q36: % of Net Assets
B37: Money Market Instruments | E37: 72.858512 | H37: Cash & Other Receivables | K37: 79.023271 | N37: Money Market Instruments | Q37: 85.09733
B38: GOVERNMENT BOND AND TREASURY BILL | E38: 15.473643 | H38: Money Market Instruments | K38: 14.98771 | N38: GOVERNMENT BOND AND TREASURY BILL | Q38: 8.3112236
B39: CORPORATE DEBT | E39: 8.684071 | H39: GOVERNMENT BOND AND TREASURY BILL | K39: 5.9890191 | N39: Cash & Other Receivables | Q39: 6.5442651
B40: Cash & Other Receivables | E40: 2.7286735 | N40: Mutual Fund Units | Q40: 0.047181077
B41: Mutual Fund Units | E41: 0.25510066
B42: Grand Total | E42: =SUM(E37:G41) -> 100 | H42: Grand Total | K42: =SUM(K37:M41) -> 100 | N42: Grand Total | Q42: =SUM(Q37:S41) -> 100
A44: Scheme Past Performance | B44: Regular (Growth) | E44: Direct (Growth) | H44: Regular (Growth) | K44: Direct (Growth) | N44: Regular (Growth) | Q44: Direct (Growth)
B45: Scheme | C45: Scheme Benchmark | D45: Additional Benchmark | E45: Scheme | F45: Scheme Benchmark | G45: Additional Benchmark | H45: Scheme | I45: Scheme Benchmark | J45: Additional Benchmark | K45: Scheme | L45: Scheme Benchmark | M45: Additional Benchmark | N45: Scheme | O45: Scheme Benchmark | P45: Additional Benchmark | Q45: Scheme | R45: Scheme Benchmark | S45: Additional Benchmark
A46: 7 Days (%) | B46: 6.3231739 | C46: 6.1619496 | D46: 8.1352531 | E46: 6.4640358 | F46: 6.1619496 | G46: 8.1352531 | H46: 5.6108314 | I46: 6.5851295 | J46: 8.1352531 | K46: 5.6910454 | L46: 6.5851295 | M46: 8.1352531 | N46: 8.5153291 | O46: 7.3858764 | P46: 8.1466898 | Q46: 8.8175141 | R46: 7.3858764 | S46: 8.1466898
A47: 15 Days (%) | B47: 6.6023744 | C47: 6.648215 | D47: 8.3425059 | E47: 6.7433667 | F47: 6.648215 | G47: 8.3425059 | H47: 5.6106047 | I47: 5.7319507 | J47: 8.3425059 | K47: 5.6907316 | L47: 5.7319507 | M47: 8.3425059 | N47: 8.7817613 | O47: 8.0001125 | P47: 9.4998453 | Q47: 9.0845988 | R47: 8.0001125 | S47: 9.4998453
A48: 30 Days (%) | B48: 6.4353391 | C48: 6.4154812 | D48: 8.8853566 | E48: 6.5767444 | F48: 6.4154812 | G48: 8.8853566 | H48: 5.640468 | I48: 5.7555076 | J48: 8.8853566 | K48: 5.7337966 | L48: 5.7555076 | M48: 8.8853566 | N48: 7.9433559 | O48: 7.5491557 | P48: 9.0029804 | Q48: 8.2469423 | R48: 7.5491557 | S48: 9.0029804
A49: 1 Year (%) | B49: 7.1864498 | C49: 7.1492602 | D49: 8.0021042 | E49: 7.2867786 | F49: 7.1492602 | G49: 8.0021042 | H49: 6.3856787 | I49: 6.5147848 | J49: 8.0021042 | K49: 6.5206907 | L49: 6.5147848 | M49: 8.0021042 | N49: 6.4381464 | O49: 7.7047923 | P49: 8.0091695 | Q49: 6.8721978 | R49: 7.7047923 | S49: 8.0091695
A50: 3 Years (%) | B50: 6.8619034 | C50: 6.9246245 | D50: 7.1090509 | E50: 6.9690786 | F50: 6.9246245 | G50: 7.1090509 | H50: 6.2778159 | I50: 6.4507603 | J50: 7.1090509 | K50: 6.4147932 | L50: 6.4507603 | M50: 7.1090509 | N50: NA | O50: NA | P50: NA | Q50: NA | R50: NA | S50: NA
A51: 5 Years (%) | B51: 5.4493017 | C51: 5.5612312 | D51: 5.5216996 | E51: 5.5589319 | F51: 5.5612312 | G51: 5.5216996 | H51: 4.998428 | I51: 5.1831252 | J51: 5.5216996 | K51: 5.1343271 | L51: 5.1831252 | M51: 5.5216996 | N51: NA | O51: NA | P51: NA | Q51: NA | R51: NA | S51: NA
A52: Since Inception (%) | B52: 6.9192506 | C52: NA | D52: 6.0312417 | E52: 6.8792325 | F52: 6.7684083 | G52: 6.5679162 | H52: 4.9258341 | I52: 5.0887391 | J52: 5.891671 | K52: 5.061779 | L52: 5.0887391 | M52: 5.891671 | N52: 6.1493271 | O52: 7.3169331 | P52: 7.1575929 | Q52: 6.6000147 | R52: 7.3169331 | S52: 7.1575929
A53: Current Value of Investment of Rs. 10,000 (7 Day Ago) | B53: 10012.127 | C53: 10011.817 | D53: 10015.602 | E53: 10012.397 | F53: 10011.817 | G53: 10015.602 | H53: 10010.76 | I53: 10012.629 | J53: 10015.602 | K53: 10010.914 | L53: 10012.629 | M53: 10015.602 | N53: 10016.331 | O53: 10014.165 | P53: 10015.624 | Q53: 10016.91 | R53: 10014.165 | S53: 10015.624
A54: Current Value of Investment of Rs. 10,000 (15 Day Ago) | B54: 10027.133 | C54: 10027.321 | D54: 10034.284 | E54: 10026.854 | F54: 10026.487 | G54: 10032.983 | H54: 10023.057 | I54: 10023.556 | J54: 10034.284 | K54: 10023.387 | L54: 10023.556 | M54: 10034.284 | N54: 10036.089 | O54: 10032.877 | P54: 10039.04 | Q54: 10037.334 | R54: 10032.877 | S54: 10039.04
A55: Current Value of Investment of Rs. 10,000 (30 Day Ago) | B55: 10054.656 | C55: 10054.488 | D55: 10075.465 | E55: 10054.244 | F55: 10052.951 | G55: 10072.56 | H55: 10047.905 | I55: 10048.882 | J55: 10075.465 | K55: 10048.698 | L55: 10048.882 | M55: 10075.465 | N55: 10065.288 | O55: 10062.048 | P55: 10073.997 | Q55: 10067.783 | R55: 10062.048 | S55: 10073.997
A56: Current Value of Investment of Rs. 10,000 (1 Year ago) | B56: 10718.645 | C56: 10714.926 | D56: 10800.21 | E56: 10728.678 | F56: 10714.926 | G56: 10800.21 | H56: 10638.568 | I56: 10651.478 | J56: 10800.21 | K56: 10652.069 | L56: 10651.478 | M56: 10800.21 | N56: 10641.995 | O56: 10768.289 | P56: 10798.637 | Q56: 10685.274 | R56: 10768.289 | S56: 10798.637
A57: Current Value of Investment of Rs. 10,000 (3 Year ago) | B57: 12205.278 | C57: 12226.802 | D57: 12290.236 | E57: 12242.072 | F57: 12226.802 | G57: 12290.236 | H57: 12006.054 | I57: 12064.815 | J57: 12290.236 | K57: 12052.579 | L57: 12064.815 | M57: 12290.236 | N57: NA | O57: NA | P57: NA | Q57: NA | R57: NA | S57: NA
A58: Current Value of Investment of Rs. 10,000 (5 Year ago) | B58: 13042.018 | C58: 13111.459 | D58: 13086.9 | E58: 13110.03 | F58: 13111.459 | G58: 13086.9 | H58: 12765.271 | I58: 12878.065 | J58: 13086.9 | K58: 12848.187 | L58: 12878.065 | M58: 13086.9 | N58: NA | O58: NA | P58: NA | Q58: NA | R58: NA | S58: NA
A59: Current Value of Investment of Rs. 10,000 (since inception) | B59: 47277.473 | C59: NA | D59: 38954.087 | E59: 22847.115 | F59: 22554.635 | G59: 22034.241 | H59: 13263.643 | I59: 13385.063 | J59: 13997.083 | K59: 13364.905 | L59: 13385.063 | M59: 13997.083 | N59: 11839.936 | O59: 12212.241 | P59: 12160.994 | Q59: 11982.76 | R59: 12212.241 | S59: 12160.994
A61: First Tier Benchmark Index | C61: CRISIL Liquid Debt A-I Index | D61: Crisil 1 Year T-Bill Index | F61: =+C61 -> CRISIL Liquid Debt A-I Index | G61: Crisil 1 Year T-Bill Index | I61: NIFTY 1D Rate Index | J61: CRISIL 1 Year T-Bill Index | L61: NIFTY 1D Rate Index | M61: CRISIL 1 Year T-Bill Index | O61: NIFTY Money Market Index A-I | P61: CRISIL 1 Year T-Bill Index | R61: NIFTY Money Market Index A-I | S61: CRISIL 1 Year T-Bill Index
A62: NAV/ Index Value | B62: 4696.8501 | C62: 4303.5581 | D62: 7757.8945 | E62: 4762.9386 | F62: =C62 -> 4303.5581 | G62: =D62 -> 7757.8945 | H62: 1336.4905 | I62: 2433.98 | J62: =+D62 -> 7757.8945 | K62: 1326.3643 | L62: =I62 -> 2433.98 | M62: =J62 -> 7757.8945 | N62: 1183.9936 | O62: 5111.47 | P62: =M62 -> 7757.8945 | Q62: 1198.276 | R62: =O62 -> 5111.47 | S62: =P62 -> 7757.8945
A63: Scheme Riskometer | B63: The product is suitable for investors who are seeking*
B64: :) Income for short term | H64: :) Income with high levels of safety and liquidity over short term. | N64: :) Income over short term.
B65: :) Investment in Debt/Money Market Instruments with maturity of upto 91 days. | H65: :) Investment in debt and money market instruments with overnight maturity. | N65: :) Investment in money market instruments with maturity upto one year.
A81: Benchmark Riskometer | B81: First Tier Benchmark - CRISIL Liquid Debt A-I Index | H81: First Tier Benchmark - NIFTY 1D Rate Index | N81: First Tier Benchmark - NIFTY Money Market Index A-I
A97: Potential Risk Class (PRC) Matrix | B97: Potential Risk Class | H97: Potential Risk Class | N97: Potential Risk Class
B98: Credit Risk | D98: Relatively Low (Class A) | E98: Moderate (Class B) | F98: Relatively High (Class C) | H98: Credit Risk | J98: Relatively Low (Class A) | K98: Moderate (Class B) | L98: Relatively High (Class C) | N98: Credit Risk | P98: Relatively Low (Class A) | Q98: Moderate (Class B) | R98: Relatively High (Class C)
B99: Interest Rate Risk | H99: Interest Rate Risk | N99: Interest Rate Risk
B100: Relatively Low (Class I) | E100: B-I | H100: Relatively Low (Class I) | J100: A-I | N100: Relatively Low (Class I) | Q100: B-I
B101: Moderate (Class II) | H101: Moderate (Class II) | N101: Moderate (Class II)
B102: Relatively High (Class III) | H102: Relatively High (Class III) | N102: Relatively High (Class III)
A105: Disclaimer :
A106: Mutual Fund Investments are subject to market risks, read all scheme related documents carefully.
A107: *Investors should consult their financial advisers if in doubt about whether the product is suitable for them.
A109: Notes:
A110: 1) All scheme returns are for growth option
A111: ='Debt-Excl.Over,Liq,MM'!A106 -> 2) All above data is as on 31/5/2025.
A112: 3)The performance of the scheme is benchmarked to the Total Return variant of the Index
A113: 4) Pursuant to paragraph 17.5 of SEBI Master Circular for Mutual Funds dated May 19, 2023, pertaining to Potential Risk Class (PRC) Matrix, the PRC Matrix for debt schemes of LIC Mutual Fund has been given above.
A114: 5)The scheme performance IDBI MF schemes merged with LIC MF schemes herewith is a blended performance on weighted average, as per applicable guidelines of SEBI.
A115: "@ Base TER excludes additional expenses provided in Regulation 52(6A)(b) and 52(6A)(c) of SEBI (Mutual Funds) Regulations, 1996 and Goods and Services Tax (GST) on investment and advisory fees as per applicable RATE.
A116: "# Additional Expenses not exceeding 0.30% in terms of Regulation 52(6A)(b) of SEBI (Mutual Funds) Regulations, 1996
A117: "$ Additional Expenses not exceeding 0.05% in terms of Regulation 52(6A)(c) of SEBI (Mutual Funds) Regulations, 1996.
A118: " ^ Present GST rate is 18 % on Management Fees.
A119: LIC MF LIQUID FUND: ** The AUM of the scheme include investments made by other Schemes of LIC Mutual Fund aggregating to Rs. 26.22 Crore.
A120: LIC MF MONEY MARKET FUND: ** The AUM of the scheme include investments made by other Schemes of LIC Mutual Fund aggregating to Rs. 6.35 Crore.
A121: Percentages mentioned above for TER are annualized
A122: Base TER of direct plan shall have a lower expense ratio excluding distribution expenses, commission, etc., and no commission shall be paid from such plans
A124: With reference to SEBI’s letter no. SEBI/HO/ IMD/ IMD-SEC-3/ P/ OW/ 2023/ 5823/ 1 dated February 24, 2023, and AMFI Circular No. CIR/ ARN-23/ 2022-23 March 07, 2023, the B-30 incentive structure for new inflows has been kept in abeyance with effect from March 01, 2023 till the incentive structure is appropriately re-instated by SEBI with necessary safeguards.
A126: NA: Not Available. As the scheme was launched before the launch of the benchmark/additional benchmark index, benchmark/additional benchmark index figures since inception or the required period are not available.

Sheet Hybrid
A1: Dashboard as on 31/5/2025
A2: Scheme Name | B2: LIC MF Aggressive Hybrid Fund | H2: LIC MF Arbitrage Fund | N2: LIC MF Multi Assest Allocation Fund** | T2: LIC MF Balanced Advantage Fund | Z2: LIC MF Conservative Hybrid Fund | AF2: LIC MF Equity Savings Fund
A3: SEBI Code | B3: LICM/O/H/AHF/91/01/0001 | H3: LICM/O/H/ARB/18/08/0022 | N3: LICM/O/H/MAA/24/12/0030 | T3: LICM/O/H/BAF/21/10/0025 | Z3: LICM/O/H/CHF/98/04/0005 | AF3: LICM/O/H/ESF/10/11/0005
A4: Date of Allotment - Regular | B4: 01.01.1991 | H4: 25.01.2019 | N4: 14.02.2025 | T4: 12.11.2021 | Z4: 01.06.1998 | AF4: 07.03.2011
A5: Date of Allotment - Direct | B5: 01.01.2013 | H5: 25.01.2019 | N5: 14.02.2025 | T5: 12.11.2021 | Z5: 01.01.2013 | AF5: 01.01.2013
A7: AUM (in Rs. crore) | B7: 530.29 | H7: 167.6 | N7: 577.29 | T7: 830.92 | Z7: 51.42 | AF7: 21.56
A10: Investment Objective | B10: An open ended balanced scheme which seeks to provide regular returns and capital appreciation according to the selection of plan by investing in equities and debt. There is no assurance that the investment objective of the Scheme will be achieved. | H10: The investment objective of the scheme is to generate income by taking advantage of arbitrage opportunities that potentially exists between cash and derivative market and within the derivative segment of the equity market along with investments in debt securities & money market instruments. There is no assurance that the investment objective of the Scheme will be achieved. | N10: The Investment objective of the Scheme is to generate long term capital appreciation by investing in diversified portfolio of equity & equity related instruments, debt & money market instruments and units of Gold Exchange Traded Funds (ETFs). There is no assurance that the investment objective of the Scheme will be achieved. | T10: The investment objective of the scheme is to provide capital appreciation/ income to the investors from a dynamic mix of equity, debt and money market instruments. The Scheme seeks to reduce the volatility by diversifying the assets across equity, debt and money market instruments. There is no assurance that the investment objective of the Scheme will be achieved. | Z10: The investment objective of the Scheme is to generate regular income by investing mainly in a portfolio of quality debt securities and money market instruments. It also seeks to generate capital appreciation by investing some percentage in a mix of equity instruments. There is no assurance that the investment objective of the Scheme will be achieved. | AF10: The investment objective of the Scheme is to generate regular income by investing in Debt and money market instruments and using arbitrage and other derivative strategies. The Scheme also intends to generate long capital appreciation through unhedged exposure to equity and equity related instruments. There is no assurance that the investment objective of the Scheme will be achieved.
A12: Fund Manager | B12: Mr. Karan Doshi (Equity - managing since 06/09/21) / Mr. Sumit Bhatnagar (Equity - managing since 01/07/24) & Mr. Pratik Harish Shroff (Debt - managing since 26/09/23) | H12: Mr. Sumit Bhatnagar (Equity & Arbitrage - managing since 03/10/2023) & Mr. Pratik Harish Shroff (Debt - managing since 26/09/23) | N12: Mr. Nikhil Rungta (Equity - managing since 14/02/2025), Mr. Sumit Bhatnagar (Equity & Commodity - managing since 14/02/2025) & Mr. Pratik Shroff (Debt - managing since 14/02/2025) | T12: Mr. Jaiprakash Toshniwal (Equity - managing since 06/06/22) / Mr. Yogesh Patil (Equity - managing since 12/11/21) & Mr. Rahul Singh (Debt - managing since 12/11/21) | Z12: Mr. Pratik Harish Shroff (Debt - managing since 26/09/23) & Mr. Nikhil Rungta (Equity - managing since 01/07/24) | AF12: Mr. Sumit Bhatnagar (Equity & Arbitrage - managing since 3/10/23) & Mr. Pratik Harish Shroff (Debt - managing since 26/09/23)
A14: Annual Portfolio Turnover Ratio (in times) | B14: 0.650529 | H14: 2.160798 | N14: NA | T14: 0.695118 | Z14: - | AF14: 0.925169
A16: Total Expense Ratio
B17: Regular | E17: Direct | H17: Regular | K17: Direct | N17: Regular | Q17: Direct | T17: Regular | W17: Direct | Z17: Regular | AC17: Direct | AF17: Regular | AI17: Direct
A18: Base TER (%)@ | B18: 2.24 | E18: 1.16 | H18: 0.99 | K18: 0.34 | N18: 2.15 | Q18: 0.4 | T18: 2.13 | W18: 0.62 | Z18: 2 | AC18: 1 | AF18: 2.14 | AI18: 1.13
A19: Additional expense as per Regulation 52(6A)(b) (%)# | B19: 0 | E19: 0 | H19: 0 | K19: 0 | N19: 0 | Q19: 0 | T19: 0 | W19: 0 | Z19: 0 | AC19: 0 | AF19: 0 | AI19: 0
A20: Additional expense as per Regulation 52(6A)(c) (%)$ | B20: 0.05 | E20: 0.05 | H20: 0 | K20: 0 | N20: 0.05 | Q20: 0.05 | T20: 0.05 | W20: 0.05 | Z20: 0.05 | AC20: 0.05 | AF20: 0.05 | AI20: 0.05
A21: GST (%)^ | B21: 0.19 | E21: 0.19 | H21: 0 | K21: 0 | N21: 0.05 | Q21: 0.05 | T21: 0.09 | W21: 0.09 | Z21: 0.2 | AC21: 0.15 | AF21: 0.16 | AI21: 0.15
A22: Total TER (%) | B22: =SUM(B18:D21) -> 2.48 | E22: =SUM(E18:G21) -> 1.4 | H22: =SUM(H18:J21) -> 0.99 | K22: =SUM(K18:M21) -> 0.34 | N22: =SUM(N18:P21) -> 2.25 | Q22: =SUM(Q18:S21) -> 0.5 | T22: =SUM(T18:V21) -> 2.27 | W22: =SUM(W18:Y21) -> 0.76 | Z22: =SUM(Z18:AB21) -> 2.25 | AC22: =SUM(AC18:AE21) -> 1.2 | AF22: =SUM(AF18:AH21) -> 2.35 | AI22: =SUM(AI18:AK21) -> 1.33
A24: Portfolio (Top 10 Holdings) | B24: Name of the issuer | E24: % of Net Assets | H24: Name of the issuer | K24: % of Net Assets | N24: Name of the issuer | Q24: % of Net Assets | T24: Name of the issuer | W24: % of Net Assets | Z24: Name of the issuer | AC24: % of Net Assets | AF24: Name of the issuer | AI24: % of Net Assets
B25: State Government Bond | E25: 9.1546 | H25: LIC Mutual Fund | K25: 17.9519 | N25: LIC Mutual Fund | Q25: 12.2024 | T25: Government Bond | W25: 13.7282 | Z25: Government Bond | AC25: 44.7579 | AF25: LIC Mutual Fund | AI25: 11.4873
B26: Government Bond | E26: 6.9714 | H26: ICICI Bank Ltd. | K26: 7.9104 | N26: Aditya Birla Sun Life Mutual Fund | Q26: 4.4724 | T26: HDFC Bank Ltd. | W26: 7.3054 | Z26: State Government Bond | AC26: 23.6409 | AF26: Tata Steel Ltd. | AI26: 3.6964
B27: HDFC Bank Ltd. | E27: 5.1971 | H27: State Bank of India | K27: 7.4153 | N27: Power Finance Corporation Ltd. | Q27: 4.4107 | T27: Jamnagar Utilities & Power Pvt. Ltd. | W27: 6.3723 | Z27: Nuclear Power Corporation | AC27: 8.247 | AF27: Bank of Baroda | AI27: 3.3852
B28: ICICI Bank Ltd. | E28: 4.437 | H28: Tata Power Company Ltd. | K28: 6.5493 | N28: Government Bond | Q28: 3.7008 | T28: Reliance Industries Ltd. | W28: 4.153 | Z28: HDFC Bank Ltd. | AC28: 3.6667 | AF28: Tata Consultancy Services Ltd. | AI28: 3.373
B29: Infosys Ltd. | E29: 2.7726 | H29: Canara Bank | K29: 6.0084 | N29: NTPC Ltd. | Q29: 2.7476 | T29: Tata Consultancy Services Ltd. | W29: 3.5307 | Z29: JTL Industries Ltd. | AC29: 3.4018 | AF29: Hindustan Unilever Ltd. | AI29: 2.6137
B30: Reliance Industries Ltd. | E30: 2.499 | H30: Angel One Ltd. | K30: 5.9332 | N30: Axis Bank Ltd. | Q30: 2.5877 | T30: ICICI Bank Ltd. | W30: 2.9235 | Z30: Reliance Industries Ltd. | AC30: 2.8987 | AF30: Infosys Ltd. | AI30: 2.609
B31: Larsen & Toubro Ltd. | E31: 2.4927 | H31: GMR Airports Ltd. | K31: 4.9383 | N31: Cholamandalam Investment & Fin Co Ltd. | Q31: 2.2124 | T31: State Bank of India | W31: 2.7035 | Z31: Infosys Ltd. | AC31: 2.8045 | AF31: Ultratech Cement Ltd. | AI31: 2.5994
B32: Tata Consultancy Services Ltd. | E32: 2.0159 | H32: Infosys Ltd. | K32: 3.3566 | N32: Kotak Mahindra Bank Ltd. | Q32: 2.2062 | T32: Kotak Mahindra Bank Ltd. | W32: 2.6669 | Z32: ICICI Bank Ltd. | AC32: 2.3223 | AF32: Ashok Leyland Ltd. | AI32: 2.1892
B33: NLC India Ltd. | E33: 1.9885 | H33: National Bk for Agriculture & Rural Dev. | K33: 3.2023 | N33: SBI Cards & Payment Services Ltd. | Q33: 1.9416 | T33: Infosys Ltd. | W33: 2.0512 | Z33: Axis Bank Ltd. | AC33: 1.5628 | AF33: Mahindra & Mahindra Ltd. | AI33: 1.9327
B34: Axis Bank Ltd. | E34: 1.9711 | H34: HDFC Bank Ltd. | K34: 2.2976 | N34: Bharat Electronics Ltd. | Q34: 1.8949 | T34: Axis Bank Ltd. | W34: 2.0453 | Z34: Bharat Forge Ltd. | AC34: 1.5586 | AF34: National Aluminium Company Ltd. | AI34: 1.8819
B37: Grand Total | E37: =SUM(E25:G36) -> 39.4999 | H37: Grand Total | K37: =SUM(K25:M36) -> 65.5633 | N37: Grand Total | Q37: =SUM(Q25:S36) -> 38.3767 | T37: Grand Total | W37: =SUM(W25:Y36) -> 47.48 | Z37: Grand Total | AC37: =SUM(AC25:AE36) -> 94.8612 | AF37: Grand Total | AI37: =SUM(AI25:AK36) -> 35.7678
A39: Asset Allocation | B39: Asset Allocation | E39: % of Net Assets | H39: Asset Allocation | K39: % of Net Assets | N39: Asset Allocation | Q39: % of Net Assets | T39: Asset Allocation | W39: % of Net Assets | Z39: Asset Allocation | AC39: % of Net Assets | AF39: Asset Allocation | AI39: % of Net Assets
B40: Equity Holdings | E40: 74.533958 | H40: Cash & Other Receivables | I40: 0.73662666 | J40: Cash & Other Receivables | K40: 73.204393 | N40: Equity Holdings | Q40: 65.928759 | T40: Equity Holdings | W40: 75.090934 | Z40: GOVERNMENT BOND AND TREASURY BILL | AC40: 68.399106 | AF40: Equity Holdings | AI40: 66.691818
B41: GOVERNMENT BOND AND TREASURY BILL | E41: 16.126665 | H41: Equity Holdings | I41: 0.67773942 | J41: Equity Holdings | K41: 65.973694 | N41: Mutual Fund Units | Q41: 16.674844 | T41: GOVERNMENT BOND AND TREASURY BILL | W41: 13.728432 | Z41: Equity Holdings | AC41: 20.248941 | AF41: Cash & Other Receivables | AI41: 54.20327
B42: CORPORATE DEBT | E42: 4.9362471 | H42: Mutual Fund Units | I42: 0.26648179 | J42: Mutual Fund Units | K42: 17.952003 | N42: Cash & Other Receivables | Q42: 7.2749969 | T42: Cash & Other Receivables | W42: 12.477197 | Z42: CORPORATE DEBT | AC42: 8.2470674 | AF42: Mutual Fund Units | AI42: 11.48731
B43: Cash & Other Receivables | E43: 4.4031301 | H43: Money Market Instruments | K43: 5.9332587 | N43: CORPORATE DEBT | Q43: 6.4205197 | T43: CORPORATE DEBT | W43: 6.3723222 | Z43: Cash & Other Receivables | AC43: 2.7628028 | AF43: FUTURES AND OPTIONS | AI43: -32.382398
H44: CORPORATE DEBT | K44: 3.202359 | N44: GOVERNMENT BOND AND TREASURY BILL | Q44: 3.7008811 | T44: FUTURES AND OPTIONS | W44: -7.6688855 | Z44: Mutual Fund Units | AC44: 0.34208346
H45: FUTURES AND OPTIONS | K45: -66.265707 | Z45: Grand Total | AC45: =SUM(AC40:AE44) -> 100
B46: Grand Total | E46: =SUM(E40:G44) -> 100 | H46: Grand Total | K46: =SUM(K40:M45) -> 100 | N46: Grand Total | Q46: =SUM(Q40:S45) -> 100 | T46: Grand Total | W46: =SUM(W40:Y45) -> 100 | AF46: Grand Total | AI46: =SUM(AI40:AK43) -> 100
A48: Sectoral Allocation | B48: Sector/Industry | E48: % of Net Assets | H48: Sector/Industry | K48: % of Net Assets | N48: Sector/Industry | Q48: % of Net Assets | T48: Sector/Industry | W48: % of Net Assets | Z48: Sector/Industry | AC48: % of Net Assets | AF48: Sector/Industry | AI48: % of Net Assets
B49: Government of India | E49: 16.126 | H49: Banks | K49: 26.7297 | N49: Mutual Fund | Q49: 12.2024 | T49: Banks | W49: 18.3101 | Z49: Government of India | AC49: 68.3988 | AF49: Mutual Fund Units | AI49: 11.4873
B50: Banks | E50: 14.462 | H50: Mutual Fund Units | K50: 17.9519 | N50: Finance | Q50: 11.954 | T50: Government of India | W50: 13.7282 | Z50: Power | AC50: 8.247 | AF50: Banks | AI50: 8.3989
B51: IT - Software | E51: 8.0473 | H51: Capital Markets | K51: 7.3118 | N51: Banks | Q51: 9.6926 | T51: Power | W51: 8.4468 | Z51: Banks | AC51: 7.5518 | AF51: IT - Software | AI51: 7.2968
B52: Finance | E52: 5.7314 | H52: Power | K52: 7.1745 | N52: Power | Q52: 5.5286 | T52: IT - Software | W52: 8.4358 | Z52: Industrial Products | AC52: 3.4018 | AF52: Finance | AI52: 5.174
B53: Industrial Products | E53: 5.4269 | H53: Transport Infrastructure | K53: 4.9383 | N53: Capital Markets | Q53: 5.2375 | T53: Finance | W53: 5.9025 | Z53: Petroleum Products | AC53: 2.8987 | AF53: Pharmaceuticals & Biotechnology | AI53: 4.86
B54: Power | E54: 3.9596 | H54: Automobiles | K54: 4.1701 | N54: Auto Components | Q54: 4.1375 | T54: Industrial Products | W54: 5.6304 | Z54: IT - Software | AC54: 2.8045 | AF54: Industrial Products | AI54: 4.2753
B55: Construction | E55: 3.6953 | H55: Finance | K55: 3.5858 | N55: Pharmaceuticals & Biotechnology | Q55: 3.9152 | T55: Pharmaceuticals & Biotechnology | W55: 5.45 | Z55: Auto Components | AC55: 1.5586 | AF55: Cement & Cement Products | AI55: 3.7747
B56: Electrical Equipment | E56: 3.4067 | H56: Ferrous Metals | K56: 3.5064 | N56: Government of India | Q56: 3.7008 | T56: Construction | W56: 4.2404 | Z56: Diversified FMCG | AC56: 1.5128 | AF56: Ferrous Metals | AI56: 3.6964
B57: Pharmaceuticals & Biotechnology | E57: 3.1201 | H57: IT - Software | K57: 3.3566 | N57: Consumer Durables | Q57: 3.5148 | T57: Petroleum Products | W57: 4.153 | Z57: Automobiles | AC57: 0.5204 | AF57: Automobiles | AI57: 3.6889
B58: Food Products | E58: 2.993 | H58: Aerospace & Defense | K58: 2.289 | N58: IT - Software | Q58: 3.1622 | T58: Electrical Equipment | W58: 2.0403 | Z58: Mutual Fund Units | AC58: 0.342 | AF58: Diversified FMCG | AI58: 3.3341
B59: Auto Components | E59: 2.9168 | H59: Non - Ferrous Metals | K59: 2.1132 | N59: Aerospace & Defense | Q59: 3.1191 | T59: Telecom - Services | W59: 1.899 | AF59: Construction | AI59: 2.8757
B60: Retailing | E60: 2.6615 | H60: Electrical Equipment | K60: 1.5455 | N60: Beverages | Q60: 3.0952 | T60: Chemicals & Petrochemicals | W60: 1.7139 | AF60: Electrical Equipment | AI60: 2.3068
B61: Petroleum Products | E61: 2.499 | H61: Realty | K61: 1.5316 | N61: Automobiles | Q61: 2.6151 | T61: Auto Components | W61: 1.6215 | AF61: Consumer Durables | AI61: 2.2952
B62: Cement & Cement Products | E62: 2.4308 | H62: Telecom - Services | K62: 1.4729 | N62: Other Utilities | Q62: 2.4614 | T62: Automobiles | W62: 1.6073 | AF62: Agricultural, Commercial & Construction Vehicles | AI62: 2.1892
B63: Automobiles | E63: 2.3562 | H63: Retailing | K63: 1.2897 | N63: Chemicals & Petrochemicals | Q63: 2.4363 | T63: Agricultural Food & other Products | W63: 1.0725 | AF63: Non - Ferrous Metals | AI63: 1.8819
B64: Chemicals & Petrochemicals | E64: 2.3562 | H64: Gas | K64: 1.2376 | N64: Cement & Cement Products | Q64: 1.9484 | T64: Cement & Cement Products | W64: 1.0395 | AF64: Telecom - Services | AI64: 1.2267
B65: Healthcare Services | E65: 2.0801 | H65: Auto Components | K65: 0.7946 | N65: Electrical Equipment | Q65: 1.9171 | T65: Consumer Durables | W65: 0.8528 | AF65: Power | AI65: 1.0986
B66: Aerospace & Defense | E66: 1.8056 | H66: Beverages | K66: 0.7618 | N66: Petroleum Products | Q66: 1.769 | T66: Food Products | W66: 0.834 | AF66: Retailing | AI66: 1.0469
B67: Industrial Manufacturing | E67: 1.7121 | H67: Cement & Cement Products | K67: 0.571 | N67: Construction | Q67: 1.7631 | T67: Insurance | W67: 0.7608 | AF67: Textiles & Apparels | AI67: 1.0062
B68: Diversified FMCG | E68: 1.6929 | H68: Personal Products | K68: 0.2161 | N68: Fertilizers & Agrochemicals | Q68: 1.4515 | T68: IT - Services | W68: 0.7431 | AF68: Petroleum Products | AI68: 1.0009
B69: Cigarettes & Tobacco Products | E69: 1.1848 | H69: Diversified FMCG | K69: 0.1596 | N69: Commercial Services & Supplies | Q69: 1.2902 | T69: Media | W69: 0.7023 | AF69: Aerospace & Defense | AI69: 0.9402
B70: Telecom - Services | E70: 1.1412 | H70: Consumer Durables | K70: 0.1516 | N70: Healthcare Services | Q70: 1.2788 | T70: Diversified FMCG | W70: 0.6903 | AF70: Agricultural Food & other Products | AI70: 0.9065
... B72: Entertainment | E72: 1.0503 | H72: Pharmaceuticals & Biotechnology | K72: 0.0852 | N72: Industrial Products | Q72: 1.1203 | T72: Fertilizers & Agrochemicals | W72: 0.6116 | AF72: Food Products | AI72: 0.6896
B73: Beverages | E73: 1.0104 | N73: Textiles & Apparels | Q73: 1.046 | T73: Personal Products | W73: 0.5285 | AF73: Industrial Manufacturing | AI73: 0.6178
B74: Realty | E74: 0.6324 | N74: Ferrous Metals | Q74: 0.7868 | T74: Aerospace & Defense | W74: 0.5276 | AF74: Chemicals & Petrochemicals | AI74: 0.5736
N75: IT - Services | Q75: 0.3729 | T75: Consumable Fuels | W75: 0.497 | AF75: Auto Components | AI75: 0.4632
T76: Minerals & Mining | W76: 0.4782 | AF76: Paper, Forest & Jute Products | AI76: 0.3784
T77: Paper, Forest & Jute Products | W77: 0.455
T78: Oil | W78: 0.3949
T79: Realty | W79: 0.3726
T80: Commercial Services & Supplies | W80: 0.3117
T81: Other Utilities | W81: 0.2924
T82: Healthcare Services | W82: 0.1797
T83: Leisure Services | W83: 0.0225
H89: Grand Total | K89: =SUM(K49:M88) -> 93.0591 | N89: Grand Total | Q89: =SUM(Q49:S88) -> 92.7219 | Z89: Grand Total | AC89: =SUM(AC49:AE88) -> 97.2364 | AF89: Grand Total | AI89: =SUM(AI49:AK88) -> 78.1764
B90: Grand Total | E90: =SUM(E49:G89) -> 95.5934 | T90: Grand Total | W90: =SUM(W49:Y89) -> 95.187
A92: Scheme Past Performance | B92: Regular (Growth) | E92: Direct (Growth) | H92: Regular (Growth) | K92: Direct (Growth) | N92: Regular (Growth) | Q92: Direct (Growth) | T92: Regular (Growth) | W92: Direct (Growth) | Z92: Regular (Growth) | AC92: Direct (Growth) | AF92: Regular (Growth) | AI92: Direct (Growth)
B93: Scheme | C93: Scheme Benchmark | D93: Additional Benchmark ** | E93: Scheme | F93: Scheme Benchmark | G93: Additional Benchmark ** | H93: Scheme | I93: Scheme Benchmark | J93: Additional Benchmark | K93: Scheme | L93: Scheme Benchmark | M93: Additional Benchmark | N93: Scheme | O93: Scheme Benchmark | P93: Additional Benchmark | Q93: Scheme | R93: Scheme Benchmark | S93: Additional Benchmark | T93: Scheme | U93: Scheme Benchmark | V93: Additional Benchmark | W93: Scheme | X93: Scheme Benchmark | Y93: Additional Benchmark | Z93: Scheme | AA93: Scheme Benchmark | AB93: Additional Benchmark | AC93: Scheme | AD93: Scheme Benchmark | AE93: Additional Benchmark | AF93: Scheme | AG93: Scheme Benchmark | AH93: Additional Benchmark | AI93: Scheme | AJ93: Scheme Benchmark | AK93: Additional Benchmark
A94: 1 Year (%) | B94: 9.8109687 | C94: 9.6906724 | D94: 11.107619 | E94: 11.004624 | F94: 9.6906724 | G94: 11.107619 | H94: 6.7881215 | I94: 7.5563687 | J94: 8.0091695 | K94: 7.4875769 | L94: 7.5563687 | M94: 8.0091695 | N94: NA | O94: NA | P94: NA | Q94: NA | R94: NA | S94: NA | T94: 12.536921 | U94: 10.962964 | V94: 11.107619 | W94: 14.306158 | X94: 10.962964 | Y94: 11.107619 | Z94: 8.8803398 | AA94: 10.357243 | AB94: 11.745761 | AC94: 10.018644 | AD94: 10.357243 | AE94: 11.745761 | AF94: 10.590017 | AG94: 9.6033976 | AH94: 11.745761 | AI94: 11.712347 | AJ94: 9.6033976 | AK94: 11.745761
A95: 3 Years (%) | B95: 14.59088 | C95: 14.600063 | D95: 15.560341 | E95: 15.776762 | F95: 14.600063 | G95: 15.560341 | H95: 6.368019 | I95: 7.0819175 | J95: 7.1105679 | K95: 7.1120905 | L95: 7.0819175 | M95: 7.1105679 | N95: NA | O95: NA | P95: NA | Q95: NA | R95: NA | S95: NA | T95: 11.927851 | U95: 12.249561 | V95: 15.560341 | W95: 13.787624 | X95: 12.249561 | Y95: 15.560341 | Z95: 7.3752494 | AA95: 10.092119 | AB95: 9.4343801 | AC95: 8.4138289 | AD95: 10.092119 | AE95: 9.4343801 | AF95: 10.243835 | AG95: 10.427334 | AH95: 9.4343801 | AI95: 11.341603 | AJ95: 10.427334 | AK95: 9.4343801
A96: 5 Years (%) | B96: 16.146995 | C96: 17.993459 | D96: 22.290028 | E96: 17.175347 | F96: 17.993459 | G96: 22.290028 | H96: 4.8999241 | I96: 5.5451557 | J96: 5.520525 | K96: 5.6367274 | L96: 5.5451557 | M96: 5.520525 | N96: NA | O96: NA | P96: NA | Q96: NA | R96: NA | S96: NA | T96: NA | U96: NA | V96: NA | W96: NA | X96: NA | Y96: NA | Z96: 7.1689523 | AA96: 9.157901 | AB96: 5.5037694 | AC96: 8.1682817 | AD96: 9.157901 | AE96: 5.5037694 | AF96: 11.110799 | AG96: 11.749964 | AH96: 5.5037694 | AI96: 12.211958 | AJ96: 11.749964 | AK96: 5.5037694
A97: Since Inception (%) | B97: 9.0509789 | C97: NA | D97: NA | E97: 11.335002 | F97: 12.611776 | G97: 13.527747 | H97: 5.1442457 | I97: 5.6121764 | J97: 6.0453895 | K97: 5.8715156 | L97: 5.6121764 | M97: 6.0453895 | N97: 9.52 | O97: 9.23309 | P97: 8.194103 | Q97: 10.08 | R97: 9.23309 | S97: 8.194103 | T97: 9.4527123 | U97: 8.8712074 | V97: 10.470816 | W97: 11.321232 | X97: 8.8712074 | Y97: 10.470816 | Z97: 8.0921108 | AA97: NA | AB97: NA | AC97: 7.8690107 | AD97: 9.1919375 | AE97: 6.8494656 | AF97: 7.3648618 | AG97: 9.3461875 | AH97: 6.7921543 | AI97: 8.262462 | AJ97: 9.5555836 | AK97: 6.8494656
A98: Current Value of Investment of Rs. 10,000 (1 Year ago) | B98: 10978.282 | C98: 10966.288 | D98: 11107.556 | E98: 11097.288 | F98: 10966.288 | G98: 11107.556 | H98: 10676.891 | I98: 10753.491 | J98: 10798.637 | K98: 10746.632 | L98: 10753.491 | M98: 10798.637 | N98: NA | O98: NA | P98: NA | Q98: NA | R98: NA | S98: NA | T98: 11250.051 | U98: 11093.134 | V98: 11107.556 | W98: 11426.429 | X98: 11093.134 | Y98: 11107.556 | Z98: 10885.496 | AA98: 11032.745 | AB98: 11171.177 | AC98: 10998.987 | AD98: 11032.745 | AE98: 11171.177 | AF98: 11055.952 | AG98: 10957.587 | AH98: 11171.177 | AI98: 11167.845 | AJ98: 10957.587 | AK98: 11171.177
A99: Current Value of Investment of Rs. 10,000 (3 Year ago) | B99: 15047.008 | C99: 15050.626 | D99: 15432.15 | E99: 15519.017 | F99: 15050.626 | G99: 15432.15 | H99: 12034.643 | I99: 12278.588 | J99: 12288.446 | K99: 12288.97 | L99: 12278.588 | M99: 12288.446 | N99: NA | O99: NA | P99: NA | Q99: NA | R99: NA | S99: NA | T99: 14022.146 | U99: 14143.404 | V99: 15432.15 | W99: 14732.793 | X99: 14143.404 | Y99: 15432.15 | Z99: 12379.769 | AA99: 13343.467 | AB99: 13105.734 | AC99: 12742.483 | AD99: 13343.467 | AE99: 13105.734 | AF99: 13398.708 | AG99: 13465.726 | AH99: 13105.734 | AI99: 13802.966 | AJ99: 13465.726 | AK99: 13105.734
A100: Current Value of Investment of Rs. 10,000 (5 Year ago) | B100: 21154.175 | C100: 22891.983 | D100: 27380.04 | E100: 22108.457 | F100: 22891.983 | G100: 27380.04 | H100: 12705.44 | I100: 13101.468 | J100: 13086.171 | K100: 13158.464 | L100: 13101.468 | M100: 13086.171 | N100: NA | O100: NA | P100: NA | Q100: NA | R100: NA | S100: NA | T100: NA | U100: NA | V100: NA | W100: NA | X100: NA | Y100: NA | Z100: 14141.963 | AA100: 15505.451 | AB100: 13075.773 | AC100: 14814.483 | AD100: 15505.451 | AE100: 13075.773 | AF100: 16944.629 | AG100: 17438.187 | AH100: 13075.773 | AI100: 17802.044 | AJ100: 17438.187 | AK100: 13075.773
A101: Current Value of Investment of Rs. 10,000 (since inception) | B101: 197557.85 | C101: NA | D101: NA | E101: 37931.49 | F101: 43700.576 | G101: 48324.885 | H101: 13749.7 | I101: 14142.791 | J101: 14515.115 | K101: 14364.7 | L101: 14142.791 | M101: 14515.115 | N101: 10952 | O101: 10923.309 | P101: 10819.41 | Q101: 11008 | R101: 10923.309 | S101: 10819.41 | T101: 13777.6 | U101: 13519.65 | V101: 14237.705 | W101: 14630.4 | X101: 13519.65 | Y101: 14237.705 | Z101: 81827.8 | AA101: NA | AB101: NA | AC101: 25612.961 | AD101: 29798.259 | AE101: 22764.083 | AF101: 27511.3 | AG101: 35694.922 | AH101: 25493.625 | AI101: 26797.403 | AJ101: 31054.142 | AK101: 22764.083
A103: First Tier Benchmark Index | C103: CRISIL Hybrid 35+65 - Aggressive Index | D103: Nifty 50 TRI | F103: CRISIL Hybrid 35+65 - Aggressive Index | G103: Nifty 50 TRI | I103: Nifty 50 Arbitrage Index | J103: CRISIL 1 Year T-Bill Index | L103: Nifty 50 Arbitrage Index | M103: CRISIL 1 Year T-Bill Index | O103: 65% Nifty 500 TRI + 25% Nifty Composite Debt Index + 10% Price of Domestic Gold | P103: Nifty 50 TRI | R103: 65% Nifty 500 TRI + 25% Nifty Composite Debt Index + 10% Price of Domestic Gold | S103: Nifty 50 TRI | U103: NIFTY 50 Hybrid Composite Debt 50:50 Index | V103: Nifty 50 TRI | X103: NIFTY 50 Hybrid Composite Debt 50:50 Index | Y103: Nifty 50 TRI | AA103: Crisil Hybrid 85+15 - Conservative Index | AB103: Crisil 10 Year Gilt Index | AD103: Crisil Hybrid 85+15 - Conservative Index | AE103: Crisil 10 Year Gilt Index | AG103: NIFTY Equity Savings Index TRI | AH103: CRISIL 10 Year Gilt Index | AJ103: NIFTY Equity Savings Index TRI | AK103: CRISIL 10 Year Gilt Index
A104: NAV/ Index Value | B104: 195.0149 | C104: 20559.92 | D104: =Equity!D106 -> 36972.5 | E104: 221.0714 | F104: =C104 -> 20559.92 | G104: =D104 -> 36972.5 | H104: 13.7497 | I104: 2504.66 | J104: =+'Debt-Over,Liq,MM'!D62 -> 7757.8945 | K104: 14.3647 | L104: =I104 -> 2504.66 | M104: =J104 -> 7757.8945 | N104: 10.952 | O104: 1092.3309 | P104: =G104 -> 36972.5 | Q104: 11.008 | R104: =O104 -> 1092.3309 | S104: =P104 -> 36972.5 | T104: 13.7776 | U104: 16136.04 | V104: =Equity!D106 -> 36972.5 | W104: 14.6304 | X104: =U104 -> 16136.04 | Y104: =V104 -> 36972.5 | Z104: 81.8278 | AA104: 7233.5377 | AB104: ='Debt-Excl.Over,Liq,MM'!D56 -> 5164.3965 | AC104: 90.6476 | AD104: =AA104 -> 7233.5377 | AE104: =AB104 -> 5164.3965 | AF104: 27.5113 | AG104: 6222.66 | AH104: ='Debt-Excl.Over,Liq,MM'!D56 -> 5164.3965 | AI104: 30.9987 | AJ104: =AG104 -> 6222.66 | AK104: =AH104 -> 5164.3965
B105: The Product is suitable for investors who are seeking*
A106: Scheme Riskometer | B106: :) Long term capital appreciation with current income | H106: :) Income over a short term investment horizon | N106: :) Capital appreciation over a long period of time. | T106: :) Capital appreciation over a long period of time. | Z106: :) Medium term capital appreciation with current income | AF106: :) Regular Income & Capital appreciation over Medium to Long term.
B107: :) A fund that invests both in stocks and fixed income instruments. | H107: :) Income through arbitrage opportunities between cash and derivative market and arbitrage opportunities within the derivative segment of the equity market. | N107: :) Investments in a diversified portfolio of equity & equity related instruments, Debt & Money Market Instruments and Units of Gold ETFs as per asset allocation pattern | T107: :) Investments in a dynamically managed portfolio of equity and equity related instruments, debt and money market instruments | Z107: :) A fund that invests predominantly in debt instruments with marginal equity exposure. | AF107: :) Investment in equity and equity related instruments including equity derivatives, arbitrage and debt and money market instruments.
A121: Benchmark Riskometer | B121: First Tier Benchmark - CRISIL Hybrid 35+65 - Aggressive Index | H121: First Tier Benchmark - Nifty 50 Arbitrage Index | N121: First Tier Benchmark - 65% Nifty 500 TRI + 25% Nifty Composite Debt Index + 10% Price of Domestic Gold | T121: First Tier Benchmark - NIFTY 50 Hybrid Composite Debt 50:50 Index | Z121: First Tier Benchmark - Crisil Hybrid 85+15 - Conservative Index | AF121: First Tier Benchmark - Nifty Equity Savings Index
A137: Disclaimer :
A138: Mutual Fund Investments are subject to market risks, read all scheme related documents carefully.
A139: *Investors should consult their financial advisers if in doubt about whether the product is suitable for them.
A141: Notes:
A142: 1) All scheme returns are for growth option except for LIC MF ULIS where the scheme has only Reinvestment of Income Distribution cum capital withdrawal
A143: 2) All above data is as on 31/5/2025.
A144: 3)The performance of the scheme is benchmarked to the Total Return variant of the Index
A145: 4) The scheme performance IDBI MF schemes merged with LIC MF schemes herewith is a blended performance on weighted average, as per applicable guidelines of SEBI.
A146: "@ Base TER excludes additional expenses provided in Regulation 52(6A)(b) and 52(6A)(c) of SEBI (Mutual Funds) Regulations, 1996 and Goods and Services Tax (GST) on investment and advisory fees as per applicable RATE.
A147: "# Additional Expenses not exceeding 0.30% in terms of Regulation 52(6A)(b) of SEBI (Mutual Funds) Regulations, 1996
A148: "$ Additional Expenses not exceeding 0.05% in terms of Regulation 52(6A)(c) of SEBI (Mutual Funds) Regulations, 1996.
...

Sheet Solution Oriented
A1: Dashboard as on 31/5/2025
A2: Scheme Name | B2: LIC MF Children’s Fund
A3: SEBI Code | B3: LICM/O/S/CHI/01/09/0008
A4: Date of Allotment - Regular | B4: 12.11.2001
A5: Date of Allotment - Direct | B5: 01.01.2013
A7: AUM (in Rs. crore) | B7: 15.4
A10: Investment Objective | B10: The primary investment objective of the scheme is to seek to generate capital appreciation & provide long-term growth opportunities by investing in a portfolio constituted of equity securities & equity related securities and the secondary objective is to generate consistent returns by investing in debt and money market securities. There is no assurance that the investment objective of the Scheme will be achieved.
A12: Fund Manager | B12: Mr. Nikhil Rungta (Equity - managing since 01/07/24) & Mr. Pratik Harish Shroff (Debt - managing since 26/09/23)
A14: Annual Portfolio Turnover Ratio (in times) | B14: 1.182484
A16: Total Expense Ratio
B17: Regular | E17: Direct
A18: Base TER (%)@ | B18: 2.25 | E18: 1.5
A19: Additional expense as per Regulation 52(6A)(b) (%)# | B19: 0 | E19: 0
A20: Additional expense as per Regulation 52(6A)(c) (%)$ | B20: 0 | E20: 0
A21: GST (%)^ | B21: 0.2 | E21: 0.18
A22: Total TER (%) | B22: =SUM(B18:D21) -> 2.45 | E22: =SUM(E18:G21) -> 1.68
A24: Portfolio (Top 10 Holdings) | B24: Name of the issuer | E24: % of Net Assets
B25: Government Bond | E25: 10.3707
B26: Enviro Infra Engineers Ltd | E26: 3.835
B27: JTL Industries Ltd. | E27: 3.4016
B28: Tata Power Company Ltd. | E28: 3.3922
B29: Axis Bank Ltd. | E29: 3.3823
B30: State Bank of India | E30: 3.2886
B31: International Gemmological Inst Ind Ltd. | E31: 2.9755
B32: ICICI Bank Ltd. | E32: 2.707
B33: Tech Mahindra Ltd. | E33: 2.6515
B34: Maruti Suzuki India Ltd. | E34: 2.5352
B37: Grand Total | E37: =SUM(E25:G36) -> 38.5396
A39: Asset Allocation | B39: Asset Allocation | E39: % of Net Assets
B40: Equity Holdings | E40: 88.822804
B41: GOVERNMENT BOND AND TREASURY BILL | E41: 10.370772
B42: Cash & Other Receivables | E42: 0.80642399
B46: Grand Total | E46: =SUM(E40:G44) -> 100
A48: Sectoral Allocation | B48: Sector/Industry | E48: % of Net Assets
B49: Banks | E49: 11.8589
B50: Other Utilities | E50: 8.6613
B51: Industrial Products | E51: 7.1948
B52: Pharmaceuticals & Biotechnology | E52: 5.8812
B53: It - Software | E53: 5.0297
B54: Auto Components | E54: 4.8342
B55: Consumer Durables | E55: 3.9428
B56: Chemicals & Petrochemicals | E56: 3.7839
B57: Commercial Services & Supplies | E57: 3.7398
B58: Electrical Equipment | E58: 3.4691
B59: Power | E59: 3.3922
B60: Industrial Manufacturing | E60: 3.1853
... B72: Finance | E72: 0.9943
B90: Grand Total | E90: =SUM(E49:G89) -> 88.8205
A92: Scheme Past Performance | B92: Regular (Growth) | E92: Direct (Growth)
B93: Scheme | C93: Scheme Benchmark | D93: Additional Benchmark | E93: Scheme | F93: Scheme Benchmark | G93: Additional Benchmark
A94: 1 Year (%) | B94: 4.8220538 | C94: 9.6906724 | D94: 11.107619 | E94: 5.6989703 | F94: 9.6906724 | G94: 11.107619
A95: 3 Years (%) | B95: 12.257136 | C95: 14.600063 | D95: 15.560341 | E95: 13.002333 | F95: 14.600063 | G95: 15.560341
A96: 5 Years (%) | B96: 15.244805 | C96: 17.993459 | D96: 22.290028 | E96: 16.1624 | F96: 17.993459 | G96: 22.290028
A97: Since Inception (%) | B97: 5.0433673 | C97: NA | D97: 16.09699 | E97: 10.349478 | F97: 12.611776 | G97: 13.527747
A98: Current Value of Investment of Rs. 10,000 (1 Year ago) | B98: 10480.853 | C98: 10966.288 | D98: 11107.556 | E98: 10568.292 | F98: 10966.288 | G98: 11107.556
A99: Current Value of Investment of Rs. 10,000 (3 Year ago) | B99: 14146.268 | C99: 15050.626 | D99: 15432.15 | E99: 14429.864 | F99: 15050.626 | G99: 15432.15
A100: Current Value of Investment of Rs. 10,000 (5 Year ago) | B100: 20344.379 | C100: 22891.983 | D100: 27380.04 | E100: 21168.223 | F100: 22891.983 | G100: 27380.04
A101: Current Value of Investment of Rs. 10,000 (since inception) | B101: 31877.2 | C101: NA | D101: 336735.07 | E101: 33966.794 | F101: 43700.576 | G101: 48324.885
A103: First Tier Benchmark Index | C103: CRISIL Hybrid 35+65 - Aggressive Index | D103: Nifty 50 TRI | F103: CRISIL Hybrid 35+65 - Aggressive Index | G103: Nifty 50 TRI
A104: NAV/ Index Value | B104: 31.8772 | C104: =Hybrid!C104 -> 20559.92 | D104: =Hybrid!D104 -> 36972.5 | E104: 35.4953 | F104: =C104 -> 20559.92 | G104: =D104 -> 36972.5
A105: Scheme Riskometer | B105: The product is suitable for investors who are seeking*
B106: :) Long term capital appreciation and current income
B107: :) A fund that invests both in stocks and fixed income instruments.
A121: Benchmark Riskometer | B121: First Tier Benchmark - CRISIL Hybrid 35+65 - Aggressive Index
A137: Disclaimer :
A138: Mutual Fund Investments are subject to market risks, read all scheme related documents carefully.
A139: *Investors should consult their financial advisers if in doubt about whether the product is suitable for them.
A141: Notes:
A142: 1) All scheme returns are for growth option
A143: 2) All above data is as on 31/5/2025.
A144: 3)The performance of the scheme is benchmarked to the Total Return variant of the Index
A145: "@ Base TER excludes additional expenses provided in Regulation 52(6A)(b) and 52(6A)(c) of SEBI (Mutual Funds) Regulations, 1996 and Goods and Services Tax (GST) on investment and advisory fees as per applicable RATE.
A146: "# Additional Expenses not exceeding 0.30% in terms of Regulation 52(6A)(b) of SEBI (Mutual Funds) Regulations, 1996
A147: "$ Additional Expenses not exceeding 0.05% in terms of Regulation 52(6A)(c) of SEBI (Mutual Funds) Regulations, 1996.
A148: " ^ Present GST rate is 18 % on Management Fees.
A149: Percentages mentioned above for TER are annualized
... A156: LIC MF CHILDREN'S FUND: Mr. Nikhil Rungta (Equity) & Mr. Pratik Harish Shroff (Debt) will be managing this scheme from 1st July, 2024.

Sheet Others
A1: Dashboard as on 31/5/2025
A2: Scheme Name | B2: LIC MF Nifty 50 ETF~ | H2: LIC MF BSE Sensex ETF~ | N2: LIC MF Nifty 100 ETF~ | T2: LIC MF Nifty 50 Index Fund~ | Z2: LIC MF BSE Sensex Index Fund~ | AF2: LIC MF Nifty Next 50 Index Fund~ | AL2: LIC MF Nifty 8-13 yr G-Sec Exchange Traded Fund~ | AR2: LIC MF Nifty Midcap 100 ETF~
A3: SEBI Code | B3: LICM/O/O/EET/15/10/0018 | H3: LICM/O/O/EET/15/10/0019 | N3: LICM/O/O/EET/15/12/0020 | T3: LICM/O/O/EIN/02/10/0010 | Z3: LICM/O/O/EIN/02/10/0011 | AF3: LICM/O/E/EIN/10/07/0003 | AL3: LICM/O/O/DET/14/11/0015 | AR3: LICM/O/O/EET/24/01/0028
A4: NSE Symbol | B4: LICNETFN50 | H4: LICNETFSEN | N4: LICNFNHGP | T4: Not Applicable | Z4: Not Applicable | AF4: Not Applicable | AL4: LICNETFGSC | AR4: LICNMID100
A5: BSE Scrip Code | B5: 539480 | H5: 539487 | N5: 539784 | T5: Not Applicable | Z5: Not Applicable | AF5: Not Applicable | AL5: Not Applicable | AR5: 544123
A6: Listing Details | B6: Listed on NSE and BSE | H6: Listed on NSE and BSE | N6: Listed on NSE and BSE | T6: - | Z6: - | AF6: - | AL6: Listed on NSE | AR6: Listed on NSE and BSE
A7: Date of Allotment - Regular | B7: 20.11.2015 | H7: 30.11.2015 | N7: 17.03.2016 | T7: 05.12.2002 | Z7: 05.12.2002 | AF7: 20.09.2010 | AL7: 24.12.2014 | AR7: 14.02.2024
A8: Date of Allotment - Direct | B8: NA | H8: NA | N8: NA | T8: 01.01.2013 | Z8: 01.01.2013 | AF8: 01.01.2013 | AL8: NA | AR8: NA
A10: AUM (in Rs. crore) | B10: 866.85 | H10: 813.36 | N10: 737.56 | T10: 331 | Z10: 89.24 | AF10: 96.57 | AL10: 2552.85 | AR10: 712.43
A12: Investment Objective | B12: The investment objective of the scheme is to provide returns that closely correspond to the total returns of securities as represented by NIFTY 50 Index, subject to tracking errors. There is no assurance that the objective of the scheme will be achieved. | H12: The investment objective of the scheme is to provide returns that, closely correspond to the total returns of the securities as represented by the BSE SENSEX by holding BSE SENSEX stocks in same proportion, subject to tracking errors. There is no assurance that the objective of the scheme will be achieved. | N12: The investment objective of the scheme is to provide returns that closely correspond to the total returns of securities as represented by NIFTY 100 INDEX, subject to tracking errors. There is no assurance that the objective of the scheme will be achieved. | T12: The main investment objective of the fund is to generate returns commensurate with the performance of the index Nifty based on the plans by investing in the respective index stocks subject to tracking errors. There is no assurance that the investment objective of the Scheme will be achieved. | Z12: The main investment objective of the fund is to generate returns commensurate with the performance of the index BSE Sensex based on the plans by investing in the respective index stocks subject to tracking errors. There is no assurance that the investment objective of the Scheme will be achieved. | AF12: The investment objective of the Scheme is to invest only in and all the stocks comprising the NIFTY Next 50 Index in the same weights of these stocks as in the Index with the objective to replicate the performance of the Total Returns Index of NIFTY Next 50 Index. The Scheme may also invest in derivatives instruments such as Futures and Options linked to stocks comprising the Index or linked to the NIFTY Next 50 Index. The Scheme will adopt a passive investment strategy and will seek to achieve the investment objective by minimizing the tracking error between the NIFTY Next 50 Index (Total Returns Index) and the Scheme. There is no assurance that the investment objective of the Scheme will be achieved. | AL12: The investment objective of the scheme is to provide returns that closely correspond to the total returns of securities as represented by Nifty 8-13 yr G-Sec Index, subject to tracking errors. There is no assurance that the investment objective of the Scheme will be achieved. | AR12: The investment objective of the scheme is to provide returns that closely correspond to the total returns of securities as represented by NIFTY MIDCAP 100 INDEX, subject to tracking errors. There is no assurance that the objective of the scheme will be achieved.
A14: Fund Manager | B14: Mr. Sumit Bhatnagar (Equity - managing since 03/10/23) | H14: Mr. Sumit Bhatnagar (Equity - managing since 03/10/23) | N14: Mr. Sumit Bhatnagar (Equity - managing since 03/10/23) | T14: Mr. Sumit Bhatnagar (Equity - managing since 03/10/23) | Z14: Mr. Sumit Bhatnagar (Equity - managing since 03/10/23) | AF14: Mr. Sumit Bhatnagar (Equity - managing since 03/10/23) | AL14: Mr. Marzban Irani (Debt - managing since 10/08/16) & Mr. Pratik Harish Shroff (Debt - managing since 26/09/23) | AR14: Mr. Sumit Bhatnagar (Equity - managing since 14/02/24)
A16: Annual Portfolio Turnover Ratio (in times) | B16: 0.11606 | H16: 0.099902 | N16: 0.046042 | T16: 0.095443 | Z16: 0.100858 | AF16: 0.689859 | AL16: - | AR16: 0.319218
A18: Total Expense Ratio
B19: Regular | E19: Direct | H19: Regular | K19: Direct | N19: Regular | Q19: Direct | T19: Regular | W19: Direct | Z19: Regular | AC19: Direct | AF19: Regular | AI19: Direct | AL19: Regular | AO19: Direct | AR19: Regular | AU19: Direct
A20: Base TER (%)@ | B20: 0.06 | E20: 0 | H20: 0.1 | K20: - | N20: 0.25 | Q20: - | T20: 1 | W20: 0.17 | Z20: 1 | AC20: 0.3 | AF20: 0.88 | AI20: 0.3 | AL20: 0.15 | AO20: - | AR20: 0.15 | AU20: -
A21: Additional expense as per Regulation 52(6A)(b) (%)# | B21: 0 | E21: 0 | H21: 0 | K21: - | N21: 0 | Q21: - | T21: 0 | W21: 0 | Z21: 0 | AC21: 0 | AF21: 0 | AI21: 0 | AL21: 0 | AO21: - | AR21: 0 | AU21: -
A22: Additional expense as per Regulation 52(6A)(c) (%)$ | B22: 0 | E22: 0 | H22: 0 | K22: - | N22: 0 | Q22: - | T22: 0 | W22: 0 | Z22: 0.05 | AC22: 0.05 | AF22: 0 | AI22: 0 | AL22: 0 | AO22: - | AR22: 0 | AU22: -
A23: GST (%)^ | B23: 0 | E23: 0 | H23: 0 | K23: - | N23: 0.03 | Q23: - | T23: 0.01 | W23: 0.01 | Z23: 0.03 | AC23: 0.03 | AF23: 0.02 | AI23: 0.02 | AL23: 0.01 | AO23: - | AR23: 0.01 | AU23: -
A24: Total TER (%) | B24: =SUM(B20:D23) -> 0.06 | E24: =SUM(E20:G23) -> 0 | H24: =SUM(H20:J23) -> 0.1 | K24: - | N24: =SUM(N20:P23) -> 0.28 | Q24: - | T24: =SUM(T20:V23) -> 1.01 | W24: =SUM(W20:Y23) -> 0.18 | Z24: =SUM(Z20:AB23) -> 1.08 | AC24: =SUM(AC20:AE23) -> 0.38 | AF24: =SUM(AF20:AH23) -> 0.9 | AI24: =SUM(AI20:AK23) -> 0.32 | AL24: =SUM(AL20:AN23) -> 0.16 | AO24: - | AR24: =SUM(AR20:AT23) -> 0.16 | AU24: -
A26: Portfolio (Top 10 Holdings) | B26: Name of the issuer | E26: % of Net Assets | H26: Name of the issuer | K26: % of Net Assets | N26: Name of the issuer | Q26: % of Net Assets | T26: Name of the issuer | W26: % of Net Assets | Z26: Name of the issuer | AC26: % of Net Assets | AF26: Name of the issuer | AI26: % of Net Assets | AL26: Name of the issuer | AO26: % of Net Assets | AR26: Name of the issuer | AU26: % of Net Assets
B27: HDFC Bank Ltd. | E27: 13.1902 | H27: HDFC Bank Ltd. | K27: 15.5676 | N27: HDFC Bank Ltd. | Q27: 10.9151 | T27: HDFC Bank Ltd. | W27: 13.1589 | Z27: HDFC Bank Ltd. | AC27: 15.5607 | AF27: InterGlobe Aviation Ltd. | AI27: 4.5099 | AL27: Government Bond | AO27: 99.7457 | AR27: BSE Ltd. | AU27: 3.9439
B28: ICICI Bank Ltd. | E28: 9.0835 | H28: ICICI Bank Ltd. | K28: 10.8748 | N28: ICICI Bank Ltd. | Q28: 7.5218 | T28: ICICI Bank Ltd. | W28: 9.0838 | Z28: ICICI Bank Ltd. | AC28: 10.879 | AF28: Hindustan Aeronautics Ltd. | AI28: 4.0491 | AR28: Suzlon Energy Ltd. | AU28: 3.0729
B29: Reliance Industries Ltd. | E29: 8.5749 | H29: Reliance Industries Ltd. | K29: 10.1602 | N29: Reliance Industries Ltd. | Q29: 7.0892 | T29: Reliance Industries Ltd. | W29: 8.574 | Z29: Reliance Industries Ltd. | AC29: 10.154 | AF29: Divi's Laboratories Ltd. | AI29: 3.6159 | AR29: Max Healthcare Institute Ltd. | AU29: 3.0323
B30: Infosys Ltd. | E30: 5.0054 | H30: Infosys Ltd. | K30: 5.8972 | N30: Infosys Ltd. | Q30: 4.1327 | T30: Infosys Ltd. | W30: 5.0391 | Z30: Infosys Ltd. | AC30: 5.886 | AF30: Vedanta Ltd. | AI30: 3.204 | AR30: Persistent Systems Ltd. | AU30: 2.1852
B31: Bharti Airtel Ltd. | E31: 4.4364 | H31: Bharti Airtel Ltd. | K31: 5.256 | N31: Bharti Airtel Ltd. | Q31: 3.6832 | T31: Bharti Airtel Ltd. | W31: 4.4498 | Z31: Bharti Airtel Ltd. | AC31: 5.2659 | AF31: The Indian Hotels Company Ltd. | AI31: 2.8997 | AR31: PB Fintech Ltd. | AU31: 2.117
B32: Larsen & Toubro Ltd. | E32: 3.8478 | H32: Larsen & Toubro Ltd. | K32: 4.5428 | N32: Larsen & Toubro Ltd. | Q32: 3.1712 | T32: Larsen & Toubro Ltd. | W32: 3.846 | Z32: Larsen & Toubro Ltd. | AC32: 4.5232 | AF32: Cholamandalam Investment & Fin Co Ltd. | AI32: 2.8764 | AR32: Coforge Ltd. | AU32: 2.0681
B33: ITC Ltd. | E33: 3.4634 | H33: ITC Ltd. | K33: 4.0918 | N33: ITC Ltd. | Q33: 2.8615 | T33: ITC Ltd. | W33: 3.4719 | Z33: ITC Ltd. | AC33: 4.0889 | AF33: TVS Motor Company Ltd. | AI33: 2.8292 | AR33: Dixon Technologies (India) Ltd. | AU33: 2.0597
B34: Tata Consultancy Services Ltd. | E34: 3.1498 | H34: Tata Consultancy Services Ltd. | K34: 3.7038 | N34: Tata Consultancy Services Ltd. | Q34: 2.614 | T34: Tata Consultancy Services Ltd. | W34: 3.1521 | Z34: Tata Consultancy Services Ltd. | AC34: 3.7011 | AF34: Tata Power Company Ltd. | AI34: 2.8105 | AR34: Indus Towers Ltd. | AU34: 1.8349
B35: Axis Bank Ltd. | E35: 3.0332 | H35: Axis Bank Ltd. | K35: 3.5923 | N35: Axis Bank Ltd. | Q35: 2.5164 | T35: Axis Bank Ltd. | W35: 3.0384 | Z35: Axis Bank Ltd. | AC35: 3.5642 | AF35: Britannia Industries Ltd. | AI35: 2.7909 | AR35: The Federal Bank Ltd. | AU35: 1.7928
B36: State Bank of India | E36: 2.7736 | H36: State Bank of India | K36: 3.2869 | N36: State Bank of India | Q36: 2.309 | T36: State Bank of India | W36: 2.789 | Z36: State Bank of India | AC36: 3.2767 | AF36: VARUN BEVERAGES LIMITED | AI36: 2.7419 | AR36: HDFC Asset Management Company Ltd. | AU36: 1.7613
B39: Grand Total | E39: =SUM(E27:G38) -> 56.5582 | H39: Grand Total | K39: =SUM(K27:M38) -> 66.9734 | N39: Grand Total | Q39: =SUM(Q27:S38) -> 46.8141 | T39: Grand Total | W39: =SUM(W27:Y38) -> 56.603 | Z39: Grand Total | AC39: =SUM(AC27:AE38) -> 66.8997 | AF39: Grand Total | AI39: =SUM(AI27:AK38) -> 32.3275 | AL39: Grand Total | AO39: =SUM(AO27:AQ38) -> 99.7457 | AR39: Grand Total | AU39: =SUM(AU27:AW38) -> 23.8681
A41: Asset Allocation | B41: Asset Allocation | E41: % of Net Assets | H41: Asset Allocation | K41: % of Net Assets | N41: Asset Allocation | Q41: % of Net Assets | T41: Asset Allocation | W41: % of Net Assets | Z41: Asset Allocation | AC41: % of Net Assets | AF41: Asset Allocation | AI41: % of Net Assets | AL41: Asset Allocation | AO41: % of Net Assets | AR41: Asset Allocation | AU41: % of Net Assets
B42: Equity Holdings | C42: 0.99271561 | D42: Equity Holdings | E42: 99.75862 | H42: Equity Holdings | I42: 0.99442429 | J42: Equity Holdings | K42: 99.746013 | N42: Equity Holdings | O42: 0.99289916 | P42: Equity Holdings | Q42: 99.786687 | T42: Equity Holdings | U42: 0.99271561 | V42: Equity Holdings | W42: 99.804919 | Z42: Equity Holdings | AA42: 1.0451347 | AB42: Equity Holdings | AC42: 99.518418 | AF42: Equity Holdings | AI42: 100.0284 | AL42: GOVERNMENT BOND AND TREASURY BILL | AO42: 99.748517 | AR42: Equity Holdings | AU42: 99.878423
B43: Cash & Other Receivables | C43: 0.0072843895 | D43: Cash & Other Receivables | E43: 0.24138019 | H43: Cash & Other Receivables | I43: 0.0055757063 | J43: Cash & Other Receivables | K43: 0.2539874 | N43: Cash & Other Receivables | O43: 0.0071008401 | P43: Cash & Other Receivables | Q43: 0.21331345 | T43: Cash & Other Receivables | U43: 0.0072843895 | V43: Cash & Other Receivables | W43: 0.19508061 | Z43: Cash & Other Receivables | AA43: -0.045134662 | AB43: Cash & Other Receivables | AC43: 0.48158168 | AF43: Cash & Other Receivables | AI43: -0.028404947 | AL43: Cash & Other Receivables | AO43: 0.25148283 | AR43: Cash & Other Receivables | AU43: 0.12157709
B48: Grand Total | E48: =SUM(E42:G46) -> 100 | H48: Grand Total | K48: =SUM(K42:M46) -> 100 | N48: Grand Total | Q48: =SUM(Q42:S46) -> 100 | T48: Grand Total | W48: =SUM(W42:Y46) -> 100 | Z48: Grand Total | AC48: =SUM(AC42:AE46) -> 100 | AF48: Grand Total | AI48: =SUM(AI42:AK46) -> 100 | AL48: Grand Total | AO48: =SUM(AO42:AQ46) -> 100 | AR48: Grand Total | AU48: =SUM(AU42:AW46) -> 100
A50: Sectoral Allocation | B50: Sector/Industry | E50: % of Net Assets | H50: Sector/Industry | K50: % of Net Assets | N50: Sector/Industry | Q50: % of Net Assets | T50: Sector/Industry | W50: % of Net Assets | Z50: Sector/Industry | AC50: % of Net Assets | AF50: Sector/Industry | AI50: % of Net Assets | AL50: Sector/Industry | AO50: % of Net Assets | AR50: Sector/Industry | AU50: % of Net Assets
B51: Banks | E51: 31.2711 | H51: Banks | K51: 37.1213 | N51: Banks | Q51: 26.792 | T51: Banks | W51: 31.2721 | Z51: Banks | AC51: 37.0536 | AF51: Finance | AI51: 11.5651 | AL51: Government of India | AM51: Government of India | AN51: Government of India | AO51: 99.7457 | AR51: Banks | AU51: 9.3815
B52: IT - Software | E52: 11.2302 | H52: IT - Software | K52: 12.4935 | N52: IT - Software | Q52: 9.6302 | T52: IT - Software | W52: 11.2667 | Z52: IT - Software | AC52: 12.4657 | AF52: Power | AI52: 8.4089 | AR52: IT - Software | AU52: 7.6297
B53: Petroleum Products | E53: 8.5749 | H53: Petroleum Products | K53: 10.1602 | N53: Petroleum Products | Q53: 7.9376 | T53: Petroleum Products | W53: 8.574 | Z53: Petroleum Products | AC53: 10.154 | AF53: Pharmaceuticals & Biotechnology | AI53: 6.0543 | AR53: Pharmaceuticals & Biotechnology | AU53: 6.2166
B54: Automobiles | E54: 7.1463 | H54: Diversified FMCG | K54: 6.3076 | N54: Automobiles | Q54: 6.5707 | T54: Automobiles | W54: 7.1332 | Z54: Diversified FMCG | AC54: 6.2975 | AF54: Electrical Equipment | AI54: 5.309 | AR54: Capital Markets | AU54: 6.1422
B55: Diversified FMCG | E55: 5.3205 | H55: Automobiles | K55: 6.0731 | N55: Finance | Q55: 5.9452 | T55: Diversified FMCG | W55: 5.3224 | Z55: Automobiles | AC55: 6.0641 | AF55: Retailing | AI55: 5.2913 | AR55: Industrial Products | AU55: 5.5412
B56: Finance | E56: 4.7365 | H56: Telecom - Services | K56: 5.256 | N56: Diversified FMCG | Q56: 4.3887 | T56: Finance | W56: 4.7652 | Z56: Telecom - Services | AC56: 5.2659 | AF56: Banks | AI56: 5.1641 | AR56: Auto Components | AU56: 5.4917
B57: Telecom - Services | E57: 4.4364 | H57: Construction | K57: 4.5428 | N57: Telecom - Services | Q57: 3.6832 | T57: Telecom - Services | W57: 4.4498 | Z57: Construction | AC57: 4.5232 | AF57: Petroleum Products | AI57: 4.9364 | AR57: Finance | AU57: 5.0664
B58: Construction | E58: 3.8478 | H58: Finance | K58: 3.6699 | N58: Power | Q58: 3.5891 | T58: Construction | W58: 3.846 | Z58: Finance | AC58: 3.6642 | AF58: Beverages | AI58: 4.6613 | AR58: Electrical Equipment | AU58: 4.8295
B59: Pharmaceuticals & Biotechnology | E59: 3.0321 | H59: Power | K59: 3.0775 | N59: Pharmaceuticals & Biotechnology | Q59: 3.5376 | T59: Pharmaceuticals & Biotechnology | W59: 3.0146 | Z59: Power | AC59: 3.0495 | AF59: Transport Services | AI59: 4.5099 | AR59: Realty | AU59: 3.9014
B60: Retailing | E60: 2.5992 | H60: Consumer Durables | K60: 2.6048 | N60: Construction | Q60: 3.1712 | T60: Retailing | W60: 2.6071 | Z60: Consumer Durables | AC60: 2.5934 | AF60: Aerospace & Defense | AI60: 4.0491 | AR60: Consumer Durables | AU60: 3.8822
B61: Power | E61: 2.5773 | H61: Pharmaceuticals & Biotechnology | K61: 1.9084 | N61: Retailing | Q61: 3.0601 | T61: Power | W61: 2.5784 | Z61: Pharmaceuticals & Biotechnology | AC61: 1.9027 | AF61: Insurance | AI61: 3.9503 | AR61: Telecom - Services | AU61: 3.7336
B62: Consumer Durables | E62: 2.2187 | H62: Retailing | K62: 1.7531 | N62: Cement & Cement Products | Q62: 2.2345 | T62: Consumer Durables | W62: 2.2166 | Z62: Retailing | AC62: 1.7329 | AF62: Realty | AI62: 3.875 | AR62: Financial Technology (Fintech) | AU62: 3.2168
B63: Cement & Cement Products | E63: 2.0289 | H63: Ferrous Metals | K63: 1.4047 | N63: Consumer Durables | Q63: 2.1192 | T63: Cement & Cement Products | W63: 2.0346 | Z63: Ferrous Metals | AC63: 1.3976 | AF63: Automobiles | AI63: 3.7963 | AR63: Healthcare Services | AU63: 3.0323
... B66: Aerospace & Defense | E66: 1.2368 | H66: Food Products | K66: 0.9106 | N66: Aerospace & Defense | Q66: 1.7256 | T66: Aerospace & Defense | W66: 1.23 | Z66: Food Products | AC66: 0.8969 | AF66: Diversified Metals | AI66: 3.204 | AR66: Fertilizers & Agrochemicals | AU66: 2.2657
B67: Transport Infrastructure | E67: 0.9445 | N67: Food Products | Q67: 1.1128 | T67: Transport Infrastructure | W67: 0.9419 | AF67: Auto Components | AI67: 3.0934 | AR67: Gas | AU67: 2.0531
B68: Oil | E68: 0.8321 | N68: Electrical Equipment | Q68: 0.926 | T68: Oil | W68: 0.8273 | AF68: Leisure Services | AI68: 2.8997 | AR68: Agricultural Food & other Products | AU68: 2.0448
B69: Non - Ferrous Metals | E69: 0.8172 | N69: Beverages | Q69: 0.7942 | T69: Non - Ferrous Metals | W69: 0.8219 | AF69: Food Products | AI69: 2.7909 | AR69: Retailing | AU69: 1.7807
B70: Consumable Fuels | E70: 0.8055 | N70: Transport Infrastructure | Q70: 0.7804 | T70: Consumable Fuels | W70: 0.804 | AF70: Gas | AI70: 2.1783 | AR70: Leisure Services | AU70: 1.7392
B71: Food Products | E71: 0.7638 | N71: Transport Services | Q71: 0.7761 | T71: Food Products | W71: 0.7624 | AF71: Chemicals & Petrochemicals | AI71: 2.0563 | AR71: Agricultural, Commercial & Construction Vehicles | AU71: 1.6287
B72: Agricultural Food & other Products | E72: 0.6444 | N72: Oil | Q72: 0.6877 | T72: Agricultural Food & other Products | W72: 0.6429 | AF72: IT - Software | AI72: 2.0135 | AR72: Petroleum Products | AU72: 1.4315
B73: Healthcare Services | E73: 0.6176 | N73: Non - Ferrous Metals | Q73: 0.683 | T73: Healthcare Services | W73: 0.6204 | AF73: Consumer Durables | AI73: 1.6478 | AR73: Insurance | AU73: 1.4071
B74: Metals & Minerals Trading | E74: 0.5863 | N74: Realty | Q74: 0.6759 | T74: Metals & Minerals Trading | W74: 0.5806 | AF74: Ferrous Metals | AI74: 1.5494 | AR74: Industrial Manufacturing | AU74: 1.3716
N75: Consumable Fuels | Q75: 0.6736 | AR75: Construction | AU75: 1.2071
N76: Personal Products | Q76: 0.6421 | AR76: Non - Ferrous Metals | AU76: 1.1972
N77: Diversified Metals | Q77: 0.5477 | AR77: Personal Products | AU77: 1.1741
N78: Auto Components | Q78: 0.5285 | AR78: Transport Infrastructure | AU78: 1.0957
N79: Agricultural Food & other Products | Q79: 0.5278 | AR79: Textiles & Apparels | AU79: 1.0598
N80: Healthcare Services | Q80: 0.5103 | AR80: Minerals & Mining | AU80: 0.8905
N81: Leisure Services | Q81: 0.4988 | AR81: Oil | AU81: 0.8419
N82: Metals & Minerals Trading | Q82: 0.4627 | AR82: Transport Services | AU82: 0.7839
N83: Gas | Q83: 0.3865 | AR83: Aerospace & Defense | AU83: 0.6759
N84: Chemicals & Petrochemicals | Q84: 0.3478 | AR84: Ferrous Metals | AU84: 0.6759
AR85: Cement & Cement Products | AU85: 0.4608
AR86: IT - Services | AU86: 0.4328
AR87: Automobiles | AU87: 0.1662
B92: Grand Total | E92: =SUM(E51:G91) -> 99.7562 | H92: Grand Total | K92: =SUM(K51:M91) -> 99.7447 | N92: Grand Total | Q92: =SUM(Q51:S91) -> 99.7819 | T92: Grand Total | W92: =SUM(W51:Y91) -> 99.8025 | Z92: Grand Total | AC92: =SUM(AC51:AE91) -> 99.5168 | AF92: Grand Total | AI92: =SUM(AI51:AK91) -> 100.0258 | AL92: Grand Total | AO92: =SUM(AO51:AQ91) -> 99.7457 | AR92: Grand Total | AU92: =SUM(AU51:AW91) -> 99.8734
A94: Scheme Past Performance | B94: Regular (Growth) | E94: Direct (Growth) | H94: Regular (Growth) | K94: Direct (Growth) | N94: Regular (Growth) | Q94: Direct (Growth) | T94: Regular (Growth) | W94: Direct (Growth) | Z94: Regular (Growth) | AC94: Direct (Growth) | AF94: Regular (Growth) | AI94: Direct (Growth) | AL94: Regular (Growth) | AO94: Direct (Growth) | AR94: Regular (Growth) | AU94: Direct (Growth)
B95: Scheme | C95: Scheme Benchmark | D95: Additional Benchmark | E95: Scheme | F95: Scheme Benchmark | G95: Additional Benchmark | H95: Scheme | I95: Scheme Benchmark | J95: Additional Benchmark | K95: Scheme | L95: Scheme Benchmark | M95: Additional Benchmark | N95: Scheme | O95: Scheme Benchmark | P95: Additional Benchmark | Q95: Scheme | R95: Scheme Benchmark | S95: Additional Benchmark | T95: Scheme | U95: Scheme Benchmark | V95: Additional Benchmark | W95: Scheme | X95: Scheme Benchmark | Y95: Additional Benchmark | Z95: Scheme | AA95: Scheme Benchmark | AB95: Additional Benchmark | AC95: Scheme | AD95: Scheme Benchmark | AE95: Additional Benchmark | AF95: Scheme | AG95: Scheme Benchmark | AH95: Additional Benchmark | AI95: Scheme | AJ95: Scheme Benchmark | AK95: Additional Benchmark | AL95: Scheme | AM95: Scheme Benchmark | AN95: Additional Benchmark | AO95: Scheme | AP95: Scheme Benchmark | AQ95: Additional Benchmark | AR95: Scheme | AS95: Scheme Benchmark | AT95: Additional Benchmark | AU95: Scheme | AV95: Scheme Benchmark | AW95: Additional Benchmark
A96: 6 Months (%) | AU96: - | AV96: - | AW96: -
A97: 1 Year (%) | B97: 10.989349 | C97: 11.107619 | D97: 11.360006 | E97: - | F97: - | G97: - | H97: 11.182028 | I97: 11.360006 | J97: 11.107619 | K97: - | L97: - | M97: - | N97: 8.5546688 | O97: 8.8983256 | P97: 11.107619 | Q97: - | R97: - | S97: - | T97: 9.8684123 | U97: 11.107619 | V97: 11.360006 | W97: 10.777248 | X97: 11.107619 | Y97: 11.360006 | Z97: 10.061223 | AA97: 11.360006 | AB97: 11.107619 | AC97: 10.836326 | AD97: 11.360006 | AE97: 11.107619 | AF97: -1.5140619 | AG97: -0.41304137 | AH97: 11.107619 | AI97: -0.9412682 | AJ97: -0.41304137 | AK97: 11.107619 | AL97: 11.954148 | AM97: 12.152955 | AN97: 11.745761 | AO97: - | AP97: - | AQ97: - | AR97: 11.338221 | AS97: 11.69794 | AT97: 11.107619 | AU97: - | AV97: - | AW97: -
A98: 3 Years (%) | B98: 15.421138 | C98: 15.560341 | D98: 14.950621 | H98: 14.828988 | I98: 14.950621 | J98: 15.560341 | N98: 15.602568 | O98: 15.960471 | P98: 15.560341 | T98: 14.347319 | U98: 15.560341 | V98: 14.950621 | W98: 15.193011 | X98: 15.560341 | Y98: 14.950621 | Z98: 13.727279 | AA98: 14.950621 | AB98: 15.560341 | AC98: 14.523076 | AD98: 14.950621 | AE98: 15.560341 | AF98: 19.253297 | AG98: 20.494151 | AH98: 15.560341 | AI98: 19.946313 | AJ98: 20.494151 | AK98: 15.560341 | AL98: 9.5037117 | AM98: 9.771445 | AN98: 9.4343801 | AO98: - | AP98: - | AQ98: - | AR98: NA | AS98: NA | AT98: NA | AU98: - | AV98: - | AW98: -
A99: 5 Years (%) | B99: 22.141643 | C99: 22.290028 | D99: 21.664114 | E99: - | F99: - | G99: - | H99: 21.503591 | I99: 21.664114 | J99: 22.290028 | K99: - | L99: - | M99: - | N99: 21.95587 | O99: 22.334839 | P99: 22.290028 | Q99: - | R99: - | S99: - | T99: 20.880702 | U99: 22.290028 | V99: 21.664114 | W99: 21.748423 | X99: 22.290028 | Y99: 21.664114 | Z99: 20.25961 | AA99: 21.664114 | AB99: 22.290028 | AC99: 21.068888 | AD99: 21.664114 | AE99: 22.290028 | AF99: 22.063328 | AG99: 23.574094 | AH99: 22.290028 | AI99: 22.798842 | AJ99: 23.574094 | AK99: 22.290028 | AL99: 5.8855147 | AM99: 6.1961463 | AN99: 5.5037694 | AO99: - | AP99: - | AQ99: - | AR99: NA | AS99: NA | AT99: NA | AU99: - | AV99: - | AW99: -
A100: Since Inception (%) | B100: 13.985156 | C100: 14.168659 | D100: 14.165517 | H100: 13.982068 | I100: 14.081119 | J100: 14.092573 | N100: 14.960214 | O100: 15.345213 | P100: 15.231525 | T100: 12.653269 | U100: 16.641138 | V100: 17.084014 | W100: 12.808386 | X100: 13.527747 | Y100: 13.625649 | Z100: 12.857726 | AA100: 17.084014 | AB100: 16.641138 | AC100: 12.71955 | AD100: 13.625649 | AE100: 13.527747 | AF100: 11.471182 | AG100: 13.162715 | AH100: 11.468921 | AI100: 14.786484 | AJ100: 15.702107 | AK100: 13.527747 | AL100: 7.4624554 | AM100: 7.7941 | AN100: 7.0272991 | AO100: - | AP100: - | AQ100: - | AR100: 14.42 | AS100: 14.895843 | AT100: 11.48468 | AU100: - | AV100: - | AW100: -
A101: Current Value of Investment of Rs. 10,000 (6 Months ago) | AU101: - | AV101: - | AW101: -
A102: Current Value of Investment of Rs. 10,000 (1 Year ago) | B102: 11095.765 | C102: 11107.556 | D102: 11132.718 | E102: - | F102: - | G102: - | H102: 11114.974 | I102: 11132.718 | J102: 11107.556 | K102: - | L102: - | M102: - | N102: 10853.026 | O102: 10887.29 | P102: 11107.556 | Q102: - | R102: - | S102: - | T102: 10984.009 | U102: 11107.556 | V102: 11132.718 | W102: 11074.619 | X102: 11107.556 | Y102: 11132.718 | Z102: 11003.232 | AA102: 11132.718 | AB102: 11107.556 | AC102: 11080.509 | AD102: 11132.718 | AE102: 11107.556 | AF102: 9849.0055 | AG102: 9958.8088 | AH102: 11107.556 | AI102: 9906.1298 | AJ102: 9958.8088 | AK102: 11107.556 | AL102: 11191.952 | AM102: 11211.772 | AN102: 11171.177 | AO102: - | AP102: - | AQ102: - | AR102: 11130.546 | AS102: 11166.409 | AT102: 11107.556 | AU102: - | AV102: - | AW102: -
A103: Current Value of Investment of Rs. 10,000 (3 Year ago) | B103: 15376.449 | C103: 15432.15 | D103: 15189.167 | H103: 15141.002 | I103: 15189.167 | J103: 15432.15 | N103: 15449.074 | O103: 15593.008 | P103: 15432.15 | T103: 14951.266 | U103: 15432.15 | V103: 15189.167 | W103: 15285.456 | X103: 15432.15 | Y103: 15189.167 | Z103: 14709.366 | AA103: 15189.167 | AB103: 15432.15 | AC103: 15020.314 | AD103: 15189.167 | AE103: 15432.15 | AF103: 16959.427 | AG103: 17494.353 | AH103: 15432.15 | AI103: 17256.818 | AJ103: 17494.353 | AK103: 15432.15 | AL103: 13130.659 | AM103: 13227.207 | AN103: 13105.734 | AO103: - | AP103: - | AQ103: - | AR103: NA | AS103: NA | AT103: NA | AU103: - | AV103: - | AW103: -
A104: Current Value of Investment of Rs. 10,000 (5 Year ago) | B104: 27214.149 | C104: 27380.04 | D104: 26685.733 | E104: - | F104: - | G104: - | H104: 26509.96 | I104: 26685.733 | J104: 27380.04 | K104: - | L104: - | M104: - | N104: 27007.593 | O104: 27430.297 | P104: 27380.04 | Q104: - | R104: - | S104: - | T104: 25836.646 | U104: 27380.04 | V104: 26685.733 | W104: 26778.424 | X104: 27380.04 | Y104: 26685.733 | Z104: 25178.97 | AA104: 26685.733 | AB104: 27380.04 | AC104: 26038.606 | AD104: 26685.733 | AE104: 27380.04 | AF104: 27126.919 | AG104: 28849.673 | AH104: 27380.04 | AI104: 27955.039 | AJ104: 28849.673 | AK104: 27380.04 | AL104: 13314.316 | AM104: 13510.98 | AN104: 13075.773 | AO104: - | AP104: - | AQ104: - | AR104: NA | AS104: NA | AT104: NA | AU104: - | AV104: - | AW104: -
A105: Current Value of Investment of Rs. 10,000 (since inception) | B105: 34821.697 | C105: 35359.708 | D105: 35350.434 | H105: 34688.111 | I105: 34975.662 | J105: 35009.052 | N105: 36102.332 | O105: 37231.085 | P105: 36894.542 | T105: 145936.73 | U105: 319207.26 | V105: 347617.98 | W105: 44657.417 | X105: 48324.885 | Y105: 48844.875 | Z105: 152013.5 | AA105: 347617.98 | AB105: 319207.26 | AC105: 44222.719 | AD105: 48844.875 | AE105: 48324.885 | AF105: 49357.7 | AG105: 61590.385 | AH105: 49342.983 | AI105: 55415.318 | AJ105: 61160.767 | AK105: 48324.885 | AL105: 21196.746 | AM105: 21809 | AN105: 20317.711 | AO105: - | AP105: - | AQ105: - | AR105: 11898 | AS105: 11962.373 | AT105: 11506.07 | AU105: - | AV105: - | AW105: -
A107: First Tier Benchmark Index | C107: Nifty 50 TRI | D107: BSE Sensex TRI | I107: BSE Sensex TRI | J107: Nifty 50 TRI | O107: Nifty 100 TRI | P107: Nifty 50 TRI | U107: Nifty 50 TRI | V107: BSE Sensex TRI | X107: Nifty 50 TRI | Y107: BSE Sensex TRI | AA107: BSE Sensex TRI | AB107: Nifty 50 TRI | AD107: BSE Sensex TRI | AE107: Nifty 50 TRI | AG107: NIFTY Next 50 TRI | AH107: Nifty 50 TRI | AJ107: NIFTY Next 50 TRI | AK107: Nifty 50 TRI | AM107: Nifty 8-13 yr G-Sec | AN107: Crisil 10 Year Gilt Index | AS107: Nifty Midcap 100 TRI | AT107: Nifty 50 TRI | AV107: Nifty Midcap 100 TRI | AW107: Nifty 50 TRI
A108: NAV/ Index Value | B108: 273.5784 | C108: =+Equity!Y106 -> 36972.5 | D108: 126803.74 | H108: 906.9439 | I108: =D108 -> 126803.74 | J108: =Equity!AE106 -> 36972.5 | N108: 274.4409 | O108: =+Equity!L106 -> 34591.14 | P108: =J108 -> 36972.5 | T108: 136.4338 | U108: =J108 -> 36972.5 | V108: =I108 -> 126803.74 | W108: 146.9479 | X108: =U108 -> 36972.5 | Y108: =V108 -> 126803.74 | Z108: 152.0135 | AA108: =Y108 -> 126803.74 | AB108: =X108 -> 36972.5 | AC108: 162.9647 | AD108: =AA108 -> 126803.74 | AE108: =AB108 -> 36972.5 | AF108: 49.3577 | AG108: 95361.44 | AH108: =Equity!CA106 -> 36972.5 | AI108: 54.1053 | AJ108: =AG108 -> 95361.44 | AK108: =AH108 -> 36972.5 | AL108: 28.4242 | AM108: 2937.77 | AN108: ='Debt-Excl.Over,Liq,MM'!D56 -> 5164.3965 | AR108: 57.5053 | AS108: 77622.5 | AT108: =AK108 -> 36972.5 | AU108: - | AV108: =AS108 -> 77622.5 | AW108: =AT108 -> 36972.5
B109: The product is suitable for investors who are seeking*
A110: Scheme Riskometer | B110: :) Long term investment. | H110: :) Long term investment. | N110: :) Long term investment. | T110: :) Long Term Capital Growth | Z110: :) Long Term Capital Growth | AF110: :) Long Term growth in a passively managed scheme tracking NIFTY Next 50 Index(TRI) | AL110: :) Medium to long term regular Income. | AR110: :) Long term investment.
B111: :) Investment in securities covered by NIFTY 50 Index, subject to tracking errors. | H111: :) Investment in securities covered by BSE SENSEX, subject to tracking errors. | N111: :) Investment in equity and equity related securities and portfolios replicating the composition of Nifty 100 Index, subject to tracking errors. | T111: :) Investment in equity instrument of respective index stocks subject to tracking error. | Z111: :) Investment in equity instrument of BSE Sensex index stocks subject to tracking error. | AF111: :) Investments only in and all stocks comprising Nifty Next 50 Index in the same weight of these stocks as in Index with objective to replicate performance of NIFTY Next 50 Index(TRI) | AL111: :) Investment in securities in line with Nifty 8- 13 Yr G-Sec Index to generate comparable returns subject to tracking error. | AR111: :) Investment in equity and equity related securities and portfolios replicating the composition of Nifty Midcap 100 Total Return Index, subject to tracking errors.
A125: Benchmark Riskometer | B125: First Tier Benchmark - Nifty 50 TRI | H125: First Tier Benchmark - BSE Sensex TRI | N125: First Tier Benchmark - Nifty 100 TRI | T125: First Tier Benchmark - Nifty 50 TRI | Z125: First Tier Benchmark - BSE Sensex TRI | AF125: First Tier Benchmark - Nifty Next 50 TRI | AL125: First Tier Benchmark - Nifty 8-13 yr G-Sec | AR125: First Tier Benchmark - Nifty Midcap 100 TRI
A141: Disclaimer : | AL141: Potential Risk Class
A142: Mutual Fund Investments are subject to market risks, read all scheme related documents carefully. | AL142: Credit Risk | AN142: Relatively Low (Class A) | AO142: Moderate (Class B) | AP142: Relatively High (Class C)
A143: *Investors should consult their financial advisers if in doubt about whether the product is suitable for them. | AL143: Interest Rate Risk
K144: ` | AL144: Relatively Low (Class I)
A145: Notes: | AL145: Moderate (Class II)
A146: 1) All scheme returns are for growth option | AL146: Relatively High (Class III) | AN146: A-III
A147: 2) All above data is as on 31/5/2025.
A148: 3)The performance of the scheme is benchmarked to the Total Return variant of the Index
A149: 4) The scheme performance IDBI MF schemes merged with LIC MF schemes herewith is a blended performance on weighted average, as per applicable guidelines of SEBI.
A150: "@ Base TER excludes additional expenses provided in Regulation 52(6A)(b) and 52(6A)(c) of SEBI (Mutual Funds) Regulations, 1996 and Goods and Services Tax (GST) on investment and advisory fees as per applicable RATE.
...

Sheet Gold
A1: =Equity!A1 -> Dashboard as on 31/5/2025
A2: Scheme Name | B2: LIC MF Gold Exchange Traded Fund | H2: LIC MF Gold ETF Fund of Fund
A3: SEBI Code | B3: LICM/O/O/GET/11/09/0007 | H3: LICM/O/O/FOD/12/02/0010
A4: NSE Symbol | B4: LICMFGOLD | H4: Not Applicable
A5: BSE Scrip Code | B5: 533719 | H5: Not Applicable
A6: Listing Details | B6: Listed on NSE and BSE | H6: -
A7: Date of Allotment - Regular | B7: 09.11.2011 | H7: 14.08.2012
A8: Date of Allotment - Direct | B8: Not applicable | H8: 01.01.2013
A10: AUM (in Rs. crore) | B10: 370.61 | H10: 148.89
A13: Investment Objective | B13: To invest in physical Gold and Gold related Instruments with the objective to replicate the performance of Gold in domestic prices. The ETF will adopt a passive investment strategy and will seek to achieve the investment objective by minimizing the tracking error between the Fund and the underlying asset. There is no assurance that the objective of the scheme will be achieved. | H13: The investment objective of the Scheme will be to generate returns that correspond closely to the returns generated by LIC MF Gold Exchange Traded Fund (LIC MF Gold ETF). There is no assurance that the investment objective of the Scheme will be achieved.
A15: Fund Manager | B15: Mr. Sumit Bhatnagar (Equity - managing since 01/06/24) | H15: Mr. Sumit Bhatnagar (Equity - managing since 01/06/24)
A17: Total Expense Ratio
B18: Regular | E18: Direct | H18: Regular | K18: Direct
A19: Base TER (%)@ | B19: 0.4 | E19: - | H19: 0.6 | K19: 0.14
A20: Additional expense as per Regulation 52(6A)(b) (%)# | B20: 0 | E20: - | H20: 0 | K20: 0
A21: Additional expense as per Regulation 52(6A)(c) (%)$ | B21: 0 | E21: - | H21: 0.05 | K21: 0.05
A22: GST (%)^ | B22: 0.01 | E22: - | H22: 0.01 | K22: 0.01
A23: Total TER (%) | B23: =SUM(B19:D22) -> 0.41 | E23: - | H23: =SUM(H19:J22) -> 0.66 | K23: =SUM(K19:M22) -> 0.2
A25: Portfolio (Top 10 Holdings) | B25: Name of the issuer | E25: % of Net Assets | H25: Name of the issuer | K25: % of Net Assets
B26: GOLD | E26: 99.2911 | H26: LIC Mutual Fund | K26: 99.4228
B38: Grand Total | E38: =SUM(E26:G37) -> 99.2911 | H38: Grand Total | K38: =SUM(K26:M37) -> 99.4228
A40: Asset Allocation | B40: Asset Allocation | E40: % of Net Assets | H40: Asset Allocation | K40: % of Net Assets
B41: Physical Gold & Gold Related Instruments | E41: 99.291187 | H41: Mutual Fund Units | K41: 99.422883
B42: Cash & Other Receivables | E42: 0.70881337 | H42: Cash & Other Receivables | K42: 0.57711696
B47: Grand Total | E47: =SUM(E41:G45) -> 100 | H47: Grand Total | K47: =SUM(K41:M45) -> 100
A49: Scheme Past Performance | B49: Regular (Growth) | E49: Direct (Growth) | H49: Regular (Growth) | K49: Direct (Growth)
B50: Scheme | C50: Scheme Benchmark | D50: Additional Benchmark | E50: Scheme | F50: Scheme Benchmark | G50: Additional Benchmark | H50: Scheme | I50: Scheme Benchmark | J50: Additional Benchmark | K50: Scheme | L50: Scheme Benchmark | M50: Additional Benchmark
A51: 1 Year | B51: 30.770639 | C51: 31.694813 | D51: NA | E51: - | F51: - | G51: - | H51: 29.46515 | I51: 31.694813 | J51: NA | K51: 30.029668 | L51: 31.694813 | M51: NA
A52: 3 Years | B52: 22.247113 | C52: 22.83679 | D52: NA | H52: 22.080269 | I52: 22.83679 | J52: NA | K52: 22.591823 | L52: 22.83679 | M52: NA
A53: 5 Years | B53: 14.362301 | C53: 14.911639 | D53: NA | E53: - | F53: - | G53: - | H53: 11.552184 | I53: 14.911639 | J53: NA | K53: 12.010937 | L53: 14.911639 | M53: NA
A54: Since Inception | B54: 8.3574922 | C54: 9.1238852 | D54: NA | H54: 7.4058498 | I54: 9.3123664 | J54: NA | K54: 8.0996302 | L54: 9.4772563 | M54: NA
A55: Current Value of Investment of Rs. 10,000 (1 Year ago) | B55: 13067.456 | C55: 13159.551 | D55: NA | E55: - | F55: - | G55: - | H55: 12937.358 | I55: 13159.551 | J55: NA | K55: 12993.615 | L55: 13159.551 | M55: NA
A56: Current Value of Investment of Rs. 10,000 (3 Year ago) | B56: 18269.045 | C56: 18534.692 | D56: NA | H56: 18194.345 | I56: 18534.692 | J56: NA | K56: 18424.025 | L56: 18534.692 | M56: NA
A57: Current Value of Investment of Rs. 10,000 (5 Year ago) | B57: 19576.443 | C57: 20051.684 | D57: NA | E57: - | F57: - | G57: - | H57: 17284.25 | I57: 20051.684 | J57: NA | K57: 17642.986 | L57: 20051.684 | M57: NA
A58: Current Value of Investment of Rs. 10,000 (since inception) | B58: 29705.721 | C58: 32685.79 | D58: NA | H58: 24955 | I58: 31258.418 | J58: NA | K58: 26301.238 | L58: 30779.591 | M58: NA
A60: First Tier Benchmark Index | C60: Domestic Price of Gold | I60: Domestic Price of Gold | L60: Domestic Price of Gold
A61: NAV/ Index Value | B61: 8619.3004 | C61: 9483.978 | H61: 24.955 | I61: =C61 -> 9483.978 | K61: 26.2944 | L61: =I61 -> 9483.978
A62: Scheme Riskometer | B62: The product is suitable for investors who are seeking*
B63: :) To replicate the performance of gold in domestic prices with at least medium term horizon. | H63: :) To replicate returns of LICMF Gold Exchange Traded Fund with at least medium term horizon
B64: :) Investments in physical gold and gold related instruments / debt & money market instruments | H64: :) Investments in units of LICMF Gold Exchange Traded Fund/ Money Market Instruments/ LICMF Liquid Fund Scheme.
A78: Benchmark Riskometer | B78: First Tier Benchmark - Domestic Price of Gold | H78: First Tier Benchmark - Domestic Price of Gold
A94: Disclaimer :
A95: Mutual Fund Investments are subject to market risks, read all scheme related documents carefully.
A96: *Investors should consult their financial advisers if in doubt about whether the product is suitable for them.
A98: Notes:
A99: 1) All scheme returns are for growth option
A100: =Equity!A145 -> 2) All above data is as on 31/5/2025.
A101: 3)The performance of the scheme is benchmarked to the Total Return variant of the Index
A102: 4) For computation of since inception returns the allotment NAV for LIC MF Gold Exchange Traded Fund is taken as Rs.2901.5624
A103: 5)The scheme performance IDBI MF schemes merged with LIC MF schemes herewith is a blended performance on weighted average, as per applicable guidelines of SEBI.
A104: "@ Base TER excludes additional expenses provided in Regulation 52(6A)(b) and 52(6A)(c) of SEBI (Mutual Funds) Regulations, 1996 and Goods and Services Tax (GST) on investment and advisory fees as per applicable RATE.
A105: "# Additional Expenses not exceeding 0.30% in terms of Regulation 52(6A)(b) of SEBI (Mutual Funds) Regulations, 1996
A106: "$ Additional Expenses not exceeding 0.05% in terms of Regulation 52(6A)(c) of SEBI (Mutual Funds) Regulations, 1996.
A107: " ^ Present GST rate is 18 % on Management Fees.
A108: Percentages mentioned above for TER are annualized
A109: Base TER of direct plan shall have a lower expense ratio excluding distribution expenses, commission, etc., and no commission shall be paid from such plans
A111: With reference to SEBI’s letter no. SEBI/HO/ IMD/ IMD-SEC-3/ P/ OW/ 2023/ 5823/ 1 dated February 24, 2023, and AMFI Circular No. CIR/ ARN-23/ 2022-23 March 07, 2023, the B-30 incentive structure for new inflows has been kept in abeyance with effect from March 01, 2023 till the incentive structure is appropriately re-instated by SEBI with necessary safeguards.
A112: NSE Disclaimer: "It is to be distinctly understood that the permission given by NSE Limited should not in any way be deemed or construed that the Scheme Information Document has been cleared or approved by NSE nor does it certify the correctness or completeness of any of the contents of the Draft Scheme Information Document. The investors are advised to refer to the Scheme Information Document for the full text of the 'Disclaimer Clause of NSE '." BSE Disclaimer: "It is to be distinctly understood that the permission given by BSE Limited should not in any way be deemed or construed that the SID has been cleared or approved by BSE Limited nor does it certify the correctness or completeness of any of the contents of the SID. The investors are advised to refer to the SID for the full text of the 'Disclaimer Clause of the BSE Limited'."
